Workbook

Sheet INSTRUCTIVO
A1: INSTRUCTIVO PARA EL DILIGENCIAMIENTO DE LA MATRIZ DE SEGUIMIENTO AL PLAN DE DESARROLLO DEPARTAMENTAL 2024-2027 "BOLÍVAR ME ENAMORA" MATRIZ DE SEGUIMIENTO AL PLAN DE DESARROLLO DEPARTAMENTAL "El Plan de Desarrollo 2024-2027 Bolivar me enamora, se constituye en la mejor herramienta de seguimiento y control de la acción gubernamental, para el ciudadano interesado en ejercer su derecho constitucional y legal, de participación en los asuntos del Estado. Este plan, que ponemos a disposición del pueblo bolivarense; compila los objetivos, estrategias, programas y proyectos con los que haremos efectivos los principios constitucionales en los que se compromete a garantizar igualdad, bienestar y progreso. Fuente: Página web Gobernación de Bolívar" "Proposito del instrutivo: Implementar una estrategia de acompañamiento a los líderes de procesos y equipos de trabajo de la Gobernación de Bolívar, con el fin de brindar herramientas que faciliten el adecuado diligenciamiento de la matriz de seguimiento del Plan de Desarrollo 2024 - 2027." Alcance: Todas las dependencias de la Gobernación de Bolívar.
A2: Parámetros | B2: Lineamientos para el diligenciamiento | C2: Formato de la celda
A3: LINEA ESTRATEGICA | B3: Incluir la información contenida en el Plan de Desarrollo 2024 - 2027. | C3: TEXTO
A4: COMPONENTE | B4: Incluir la información contenida en el Plan de Desarrollo 2024 - 2027. | C4: TEXTO
A5: PROGRAMA | B5: Incluir la información contenida en el Plan de Desarrollo 2024 - 2027. | C5: TEXTO
A6: CODIGO DE PROGRAMA | B6: Incluir la información contenida en el Plan de Desarrollo 2024 - 2027. | C6: NÚMERO
A7: PROG MANUAL GASTO PROGRAMA | B7: Incluir la información contenida en el Plan de Desarrollo 2024 - 2027. | C7: TEXTO
A8: NOMBRE SECTOR FUT | B8: Incluir la información contenida en el Plan de Desarrollo 2024 - 2027. | C8: TEXTO
A9: NUMERO INDICADOR | B9: Incluir la información contenida en el Plan de Desarrollo 2024 - 2027. | C9: NÚMERO
A10: INDICADOR PERZONALIZADO | B10: Incluir la información contenida en el Plan de Desarrollo 2024 - 2027. | C10: TEXTO
A11: CODIGO DE PRODUCTO | B11: Incluir la información contenida en el Plan de Desarrollo 2024 - 2027. | C11: NÚMERO
A12: PRODUCTO | B12: Incluir la información contenida en el Plan de Desarrollo 2024 - 2027. | C12: TEXTO
A13: INDICADOR DE PRODUCTO | B13: Incluir la información contenida en el Plan de Desarrollo 2024 - 2027. | C13: TEXTO
... A34: PORCENTAJE EJECUTADO 2026 (PRESUPUESTO EJECUTADO / PRESUPUESTO PROYECTADO) | B34: Realizar el calculo, tal como lo describe la columna, deberá realizar la división del presupuesto ejecutado con el presupuesto proyectado. El resultadode esta división debe registrarse en porcentaje. | C34: PORCENTAJE

Sheet MATRIZ PDD 2026
A1: ID | B1: DEPENDENCIA | C1: LINEA ESTRATEGICA | D1: COMPONENTE | E1: PROGRAMA | F1: CODIGO DE PROGRAMA | G1: PROG MANUAL GASTO PROGRAMA | H1: NOMBRE SECTOR FUT | I1: NUMERO INDICADOR | J1: INDICADOR PERZONALIZADO | K1: CODIGO DE PRODUCTO | L1: PRODUCTO | M1: INDICADOR DE PRODUCTO | N1: UNIDAD DE MEDIDA | O1: LINEA BASE (Número) | P1: AÑO | Q1: FUENTE | R1: META PRODUCTO ESPERADO 2026 | S1: META PRODUCTO ESPERADO CUATRENIO (2024 - 2027) | T1: AVANCE META FINAL PRODUCTO 2024 | U1: 2024 VS CUATRENIO | V1: AVANCE META FINAL PRODUCTO 2025 | W1: 2025 VS CUATRENIO | X1: AVANCE META PRODUCTO MAR 2026 | Y1: AVANCE META PRODUCTO JUNIO 2026 | Z1: AVANCE META PRODUCTO SEPTIEMBRE 2026 | AA1: AVANCE META PRODUCTO DICIEMBRE 2026 | AB1: TOTAL AVANCE 2026 | AC1: 2026 VS CUATRENIO | AD1: TOTAL AVANCE ACUMULADO | AE1: AVANCE % 2026 | AF1: AVANCE ACUMULADO | AG1: PRESUPUESTO PROYECTADO 2026 ($) | AH1: FUENTE DE FINANCIACION | AI1: PRESUPUESTO EJECUTADO 2026 ($) | AJ1: PORCENTAJE EJECUTADO 2026
A2: 1 | B2: SECRETARÍA DE PLANEACIÓN | C2: BOLIVAR ME ENAMORA CON JUSTICIA SOCIAL; CIERRE DE BRECHAS Y CALIDAD DE VIDA PARA TODOS | D2: BOLÍVAR ME ENAMORA EN HÁBITAT, VIVIENDA Y SERVICIOS PÚBLICOS | E2: FORMALIZACIÓN DE LA TIERRA | F2: 4001 | G2: ACCESO A SOLUCIONES DE VIVIENDA | H2: PROYECTOS DE TITULACIÓN Y LEGALIZACIÓN DE PREDIOS | I2: 4 | J2: TITULACIÓN DE 1000 PREDIOS EN EL DEPARTAMENTO DE BOLÍVAR | K2: 4001007 | L2: SERVICIO DE SANEAMIENTO Y TITULACIÓN DE BIENES FISCALES | M2: BIENES FISCALES SANEADOS Y TITULADOS | N2: NÚMERO | O2: 0 | P2: N/A | Q2: N/A | R2: 250 | S2: 1000 | U2: =+T2/S2 -> 0 | W2: =+V2/S2 -> 0 | X2: {=IFERROR(INDEX(ejecuciones[Column1.ejecutado],MATCH(1,(ejecuciones[Column1.codigoIndicador]=A2)*(ejecuciones[periodo avance]="Marzo"),0)),0)} -> 130 | Y2: {=IFERROR(INDEX(ejecuciones[Column1.ejecutado],MATCH(1,(ejecuciones[Column1.codigoIndicador]=A2)*(ejecuciones[periodo avance]="Junio"),0)),0)} -> 0 | Z2: {=IFERROR(INDEX(ejecuciones[Column1.ejecutado],MATCH(1,(ejecuciones[Column1.codigoIndicador]=A2)*(ejecuciones[periodo avance]="Septiembre"),0)),0)} -> 0 | AA2: {=IFERROR(INDEX(ejecuciones[Column1.ejecutado],MATCH(1,(ejecuciones[Column1.codigoIndicador]=A2)*(ejecuciones[periodo avance]="Diciembre"),0)),0)} -> 0 | AB2: =+X2+Y2+Z2+AA2 -> 130 | AC2: =+AB2/S2 -> 0.13 | AD2: =T2+V2+AB2 -> 130 | AE2: =+AB2/R2 -> 0.52 | AF2: =AD2/S2 -> 0.13 | AG2: {=IFERROR(INDEX(ejecuciones[Column1.presupuestoProyectado],MATCH(1,(ejecuciones[Column1.codigoIndicador]=A2)*(ejecuciones[Column1.fechaDiligenciamiento]=_xlfn.MAXIFS(ejecuciones[Column1.fechaDiligenciamiento],ejecuciones[Column1.codigoIndicador],A2)),0)),0)} -> 168900000 | AI2: {=IFERROR(INDEX(ejecuciones[Column1.presupuestoEjecutado],MATCH(1,(ejecuciones[Column1.codigoIndicador]=A2)*(ejecuciones[Column1.fechaDiligenciamiento]=_xlfn.MAXIFS(ejecuciones[Column1.fechaDiligenciamiento],ejecuciones[Column1.codigoIndicador],A2)),0)),0)} -> 42225000 | AJ2: =IFERROR(AI2/AG2,0) -> 0.25
A3: 2 | B3: SECRETARÍA DE PLANEACIÓN | C3: BOLIVAR ME ENAMORA CON INSTITUCIONALIDAD FUERTE; TRANSPARENCIA COMO BASE DE UNA BUENA GESTION | D3: BOLÍVAR ME ENAMORA CON INSTRUMENTOS DE PLANIFICACIÓN TERRITORIAL | E3: INSTRUMENTOS DE PLANEACIÓN TERRTORIAL A LOS MUNICIPIOS | F3: 4599 | G3: FORTALECIMIENTO A LA GESTIÓN Y DIRECCIÓN DE LA ADMINISTRACIÓN PÚBLICA TERRITORIAL | H3: PROGRAMAS DE CAPACITACIÓN Y ASISTENCIA TÉCNICA ORIENTADOS AL DESARROLLO EFICIENTE DE LAS COMPETENCIAS DE LEY | I3: 5 | J3: PROGRAMA SOPORTE PARA ECOSISTEMAS DE PLANEACIÓN Y ANÁLISIS DE DATOS | K3: 4599031 | L3: SERVICIO DE ASISTENCIA TÉCNICA | M3: ENTIDADES TERRITORIALES ASISTIDAS TÉCNICAMENTE | N3: NÚMERO | O3: 0 | P3: N/A | Q3: N/A | R3: 5 | S3: 20 | U3: =+T3/S3 -> 0 | W3: =+V3/S3 -> 0 | X3: {=IFERROR(INDEX(ejecuciones[Column1.ejecutado],MATCH(1,(ejecuciones[Column1.codigoIndicador]=A3)*(ejecuciones[periodo avance]="Marzo"),0)),0)} -> 45 | Y3: {=IFERROR(INDEX(ejecuciones[Column1.ejecutado],MATCH(1,(ejecuciones[Column1.codigoIndicador]=A3)*(ejecuciones[periodo avance]="Junio"),0)),0)} -> 45 | Z3: {=IFERROR(INDEX(ejecuciones[Column1.ejecutado],MATCH(1,(ejecuciones[Column1.codigoIndicador]=A3)*(ejecuciones[periodo avance]="Septiembre"),0)),0)} -> 0 | AA3: {=IFERROR(INDEX(ejecuciones[Column1.ejecutado],MATCH(1,(ejecuciones[Column1.codigoIndicador]=A3)*(ejecuciones[periodo avance]="Diciembre"),0)),0)} -> 0 | AB3: =+X3+Y3+Z3+AA3 -> 90 | AC3: =+AB3/S3 -> 4.5 | AD3: =V3+AB3 -> 90 | AE3: =+AB3/R3 -> 18 | AF3: =AD3/S3 -> 4.5 | AG3: {=IFERROR(INDEX(ejecuciones[Column1.presupuestoProyectado],MATCH(1,(ejecuciones[Column1.codigoIndicador]=A3)*(ejecuciones[Column1.fechaDiligenciamiento]=_xlfn.MAXIFS(ejecuciones[Column1.fechaDiligenciamiento],ejecuciones[Column1.codigoIndicador],A3)),0)),0)} -> 0 | AI3: {=IFERROR(INDEX(ejecuciones[Column1.presupuestoEjecutado],MATCH(1,(ejecuciones[Column1.codigoIndicador]=A3)*(ejecuciones[Column1.fechaDiligenciamiento]=_xlfn.MAXIFS(ejecuciones[Column1.fechaDiligenciamiento],ejecuciones[Column1.codigoIndicador],A3)),0)),0)} -> 0 | AJ3: =IFERROR(AI3/AG3,0) -> 0
A4: 3 | B4: SECRETARÍA DE PLANEACIÓN | C4: BOLIVAR ME ENAMORA CON INSTITUCIONALIDAD FUERTE; TRANSPARENCIA COMO BASE DE UNA BUENA GESTION | D4: BOLÍVAR ME ENAMORA CON INSTRUMENTOS DE PLANIFICACIÓN TERRITORIAL | E4: CONSEJO TERRITORIAL DE PLANEACIÓN DE BOLIVAR | F4: 4502 | G4: FORTALECIMIENTO DEL BUEN GOBIERNO PARA EL RESPETO Y GARANTÍA DE LOS DERECHOS HUMANOS | H4: INSTANCIAS O ESPACIOS DE PARTICIPACIÓN | I4: 6 | J4: APOYO LOGISTICO Y ADMINISTRATIVO DEL CTP | K4: 4502001 | L4: SERVICIO DE PROMOCIÓN A LA PARTICIPACIÓN CIUDADANA | M4: INSTANCIAS FORMALES Y NO FORMALES DE PARTICIPACIÓN FORTALECIDAS | N4: NÚMERO | O4: 0 | P4: N/A | Q4: N/A | R4: 1 | S4: 4 | U4: =+T4/S4 -> 0 | W4: =+V4/S4 -> 0 | X4: {=IFERROR(INDEX(ejecuciones[Column1.ejecutado],MATCH(1,(ejecuciones[Column1.codigoIndicador]=A4)*(ejecuciones[periodo avance]="Marzo"),0)),0)} -> 1 | Y4: {=IFERROR(INDEX(ejecuciones[Column1.ejecutado],MATCH(1,(ejecuciones[Column1.codigoIndicador]=A4)*(ejecuciones[periodo avance]="Junio"),0)),0)} -> 0 | Z4: {=IFERROR(INDEX(ejecuciones[Column1.ejecutado],MATCH(1,(ejecuciones[Column1.codigoIndicador]=A4)*(ejecuciones[periodo avance]="Septiembre"),0)),0)} -> 0 | AA4: {=IFERROR(INDEX(ejecuciones[Column1.ejecutado],MATCH(1,(ejecuciones[Column1.codigoIndicador]=A4)*(ejecuciones[periodo avance]="Diciembre"),0)),0)} -> 0 | AB4: =+X4+Y4+Z4+AA4 -> 1 | AC4: =+AB4/S4 -> 0.25 | AD4: =V4+AB4 -> 1 | AE4: =+AB4/R4 -> 1 | AF4: =AD4/S4 -> 0.25 | AG4: {=IFERROR(INDEX(ejecuciones[Column1.presupuestoProyectado],MATCH(1,(ejecuciones[Column1.codigoIndicador]=A4)*(ejecuciones[Column1.fechaDiligenciamiento]=_xlfn.MAXIFS(ejecuciones[Column1.fechaDiligenciamiento],ejecuciones[Column1.codigoIndicador],A4)),0)),0)} -> 150300000 | AI4: {=IFERROR(INDEX(ejecuciones[Column1.presupuestoEjecutado],MATCH(1,(ejecuciones[Column1.codigoIndicador]=A4)*(ejecuciones[Column1.fechaDiligenciamiento]=_xlfn.MAXIFS(ejecuciones[Column1.fechaDiligenciamiento],ejecuciones[Column1.codigoIndicador],A4)),0)),0)} -> 150300000 | AJ4: =IFERROR(AI4/AG4,0) -> 1
A5: 4 | B5: SECRETARÍA DE PLANEACIÓN | C5: BOLIVAR ME ENAMORA CON INSTITUCIONALIDAD FUERTE; TRANSPARENCIA COMO BASE DE UNA BUENA GESTION | D5: BOLÍVAR ME ENAMORA CON INSTRUMENTOS DE PLANIFICACIÓN TERRITORIAL | E5: MODERNIZACIÓN SISTEMAS DE INFORMACIÓN EN PLANEACIÓN | F5: 4599 | G5: FORTALECIMIENTO A LA GESTIÓN Y DIRECCIÓN DE LA ADMINISTRACIÓN PÚBLICA TERRITORIAL | H5: PROMOCIÓN DEL DESARROLLO | I5: 7 | J5: 1. SISTEMA DE INFORMACIÓN GEOGRAFRICA. 2. SISTEMA DE SEGUIMIENTO A POLITICAS PÚBLICAS 3. SISTEMA INTEGRAL DE PLANEACIÓN | K5: 4599025 | L5: SERVICIOS DE INFORMACIÓN IMPLEMENTADOS | M5: SISTEMAS DE INFORMACIÓN IMPLEMENTADOS | N5: NÚMERO | O5: 0 | P5: N/A | Q5: N/A | R5: 1 | S5: 3 | U5: =+T5/S5 -> 0 | W5: =+V5/S5 -> 0 | X5: {=IFERROR(INDEX(ejecuciones[Column1.ejecutado],MATCH(1,(ejecuciones[Column1.codigoIndicador]=A5)*(ejecuciones[periodo avance]="Marzo"),0)),0)} -> 1 | Y5: {=IFERROR(INDEX(ejecuciones[Column1.ejecutado],MATCH(1,(ejecuciones[Column1.codigoIndicador]=A5)*(ejecuciones[periodo avance]="Junio"),0)),0)} -> 0 | Z5: {=IFERROR(INDEX(ejecuciones[Column1.ejecutado],MATCH(1,(ejecuciones[Column1.codigoIndicador]=A5)*(ejecuciones[periodo avance]="Septiembre"),0)),0)} -> 0 | AA5: {=IFERROR(INDEX(ejecuciones[Column1.ejecutado],MATCH(1,(ejecuciones[Column1.codigoIndicador]=A5)*(ejecuciones[periodo avance]="Diciembre"),0)),0)} -> 0 | AB5: =+X5+Y5+Z5+AA5 -> 1 | AC5: =+AB5/S5 -> 0.33333333 | AD5: =V5+AB5 -> 1 | AE5: =+AB5/R5 -> 1 | AF5: =AD5/S5 -> 0.33333333 | AG5: {=IFERROR(INDEX(ejecuciones[Column1.presupuestoProyectado],MATCH(1,(ejecuciones[Column1.codigoIndicador]=A5)*(ejecuciones[Column1.fechaDiligenciamiento]=_xlfn.MAXIFS(ejecuciones[Column1.fechaDiligenciamiento],ejecuciones[Column1.codigoIndicador],A5)),0)),0)} -> 0 | AI5: {=IFERROR(INDEX(ejecuciones[Column1.presupuestoEjecutado],MATCH(1,(ejecuciones[Column1.codigoIndicador]=A5)*(ejecuciones[Column1.fechaDiligenciamiento]=_xlfn.MAXIFS(ejecuciones[Column1.fechaDiligenciamiento],ejecuciones[Column1.codigoIndicador],A5)),0)),0)} -> 0 | AJ5: =IFERROR(AI5/AG5,0) -> 0
A6: 5 | B6: SECRETARÍA DE PLANEACIÓN | C6: BOLIVAR ME ENAMORA CON INSTITUCIONALIDAD FUERTE; TRANSPARENCIA COMO BASE DE UNA BUENA GESTION | D6: BOLÍVAR ME ENAMORA CON INSTRUMENTOS DE PLANIFICACIÓN TERRITORIAL | E6: FORTALECIMIENTO DE CAPACIDADES INSTITUCIONALES | F6: 4599 | G6: FORTALECIMIENTO A LA GESTIÓN Y DIRECCIÓN DE LA ADMINISTRACIÓN PÚBLICA TERRITORIAL | H6: PROMOCIÓN DEL DESARROLLO | I6: 8 | J6: FORTALECIMIENTO INSTITUCIONAL: OFERTA INSTITUCIONAL A LOS MUNICIPIOS. BANCO DE PROYECTOS, SISBEN, INFORMACIÓN GEOGRAFICA, ESTRATIFICACIÓN, | K6: 4599031 | L6: SERVICIO DE ASISTENCIA TÉCNICA | M6: ENTIDADES, ORGANISMOS Y DEPENDENCIAS ASISTIDOS TÉCNICAMENTE | N6: NÚMERO | O6: 45 | P6: 2023 | Q6: N/A | R6: 45 | S6: 45 | U6: =+T6/S6 -> 0 | W6: =+V6/S6 -> 0 | X6: {=IFERROR(INDEX(ejecuciones[Column1.ejecutado],MATCH(1,(ejecuciones[Column1.codigoIndicador]=A6)*(ejecuciones[periodo avance]="Marzo"),0)),0)} -> 20 | Y6: {=IFERROR(INDEX(ejecuciones[Column1.ejecutado],MATCH(1,(ejecuciones[Column1.codigoIndicador]=A6)*(ejecuciones[periodo avance]="Junio"),0)),0)} -> 10 | Z6: {=IFERROR(INDEX(ejecuciones[Column1.ejecutado],MATCH(1,(ejecuciones[Column1.codigoIndicador]=A6)*(ejecuciones[periodo avance]="Septiembre"),0)),0)} -> 0 | AA6: {=IFERROR(INDEX(ejecuciones[Column1.ejecutado],MATCH(1,(ejecuciones[Column1.codigoIndicador]=A6)*(ejecuciones[periodo avance]="Diciembre"),0)),0)} -> 0 | AB6: =+X6+Y6+Z6+AA6 -> 30 | AC6: =+AB6/S6 -> 0.66666667 | AD6: =V6+AB6 -> 30 | AE6: =+AB6/R6 -> 0.66666667 | AF6: =AD6/S6 -> 0.66666667 | AG6: {=IFERROR(INDEX(ejecuciones[Column1.presupuestoProyectado],MATCH(1,(ejecuciones[Column1.codigoIndicador]=A6)*(ejecuciones[Column1.fechaDiligenciamiento]=_xlfn.MAXIFS(ejecuciones[Column1.fechaDiligenciamiento],ejecuciones[Column1.codigoIndicador],A6)),0)),0)} -> 0 | AI6: {=IFERROR(INDEX(ejecuciones[Column1.presupuestoEjecutado],MATCH(1,(ejecuciones[Column1.codigoIndicador]=A6)*(ejecuciones[Column1.fechaDiligenciamiento]=_xlfn.MAXIFS(ejecuciones[Column1.fechaDiligenciamiento],ejecuciones[Column1.codigoIndicador],A6)),0)),0)} -> 0 | AJ6: =IFERROR(AI6/AG6,0) -> 0
A7: 6 | B7: SECRETARÍA DE PLANEACIÓN | C7: BOLIVAR ME ENAMORA CON INSTITUCIONALIDAD FUERTE; TRANSPARENCIA COMO BASE DE UNA BUENA GESTION | D7: BOLÍVAR ME ENAMORA CON INSTRUMENTOS DE PLANIFICACIÓN TERRITORIAL | E7: FORTALECIMIENTO DE CAPACIDADES INSTITUCIONALES | F7: 4002 | G7: ORDENAMIENTO TERRITORIAL Y DESARROLLO URBANO | H7: PROMOCIÓN DEL DESARROLLO | I7: 9 | J7: FORMULACIÓN DE POLITICA PÚBLICA SOBRE VOCACIÓN DEL SUELO | K7: 4599032 | L7: DOCUMENTOS DE POLÍTICA | M7: DOCUMENTOS DE POLÍTICA ELABORADOS | N7: NÚMERO | O7: 0 | P7: N/A | Q7: N/A | R7: 1 | S7: 1 | U7: =+T7/S7 -> 0 | W7: =+V7/S7 -> 0 | X7: {=IFERROR(INDEX(ejecuciones[Column1.ejecutado],MATCH(1,(ejecuciones[Column1.codigoIndicador]=A7)*(ejecuciones[periodo avance]="Marzo"),0)),0)} -> 0 | Y7: {=IFERROR(INDEX(ejecuciones[Column1.ejecutado],MATCH(1,(ejecuciones[Column1.codigoIndicador]=A7)*(ejecuciones[periodo avance]="Junio"),0)),0)} -> 0 | Z7: {=IFERROR(INDEX(ejecuciones[Column1.ejecutado],MATCH(1,(ejecuciones[Column1.codigoIndicador]=A7)*(ejecuciones[periodo avance]="Septiembre"),0)),0)} -> 0 | AA7: {=IFERROR(INDEX(ejecuciones[Column1.ejecutado],MATCH(1,(ejecuciones[Column1.codigoIndicador]=A7)*(ejecuciones[periodo avance]="Diciembre"),0)),0)} -> 0 | AB7: =+X7+Y7+Z7+AA7 -> 0 | AC7: =+AB7/S7 -> 0 | AD7: =V7+AB7 -> 0 | AE7: =+AB7/R7 -> 0 | AF7: =AD7/S7 -> 0 | AG7: {=IFERROR(INDEX(ejecuciones[Column1.presupuestoProyectado],MATCH(1,(ejecuciones[Column1.codigoIndicador]=A7)*(ejecuciones[Column1.fechaDiligenciamiento]=_xlfn.MAXIFS(ejecuciones[Column1.fechaDiligenciamiento],ejecuciones[Column1.codigoIndicador],A7)),0)),0)} -> 0 | AI7: {=IFERROR(INDEX(ejecuciones[Column1.presupuestoEjecutado],MATCH(1,(ejecuciones[Column1.codigoIndicador]=A7)*(ejecuciones[Column1.fechaDiligenciamiento]=_xlfn.MAXIFS(ejecuciones[Column1.fechaDiligenciamiento],ejecuciones[Column1.codigoIndicador],A7)),0)),0)} -> 0 | AJ7: =IFERROR(AI7/AG7,0) -> 0
A8: 7 | B8: SECRETARÍA DE PLANEACIÓN | C8: BOLIVAR ME ENAMORA CON INSTITUCIONALIDAD FUERTE; TRANSPARENCIA COMO BASE DE UNA BUENA GESTION | D8: BOLÍVAR ME ENAMORA EN PROPIEDAD LEGAL | E8: ESQUEMA ASOCIATIVO PARA LA GESTIÓN CATASTRAL | F8: 4599 | G8: FORTALECIMIENTO A LA GESTIÓN Y DIRECCIÓN DE LA ADMINISTRACIÓN PÚBLICA TERRITORIAL | H8: VIVIENDA | I8: 10 | J8: ESTUDIOS DE PREINVERSIÓN PARA IMPULSAR CATASTRO MULTIPROPOSITO | K8: 4599006 | L8: ESTUDIOS DE PREINVERSIÓN | M8: ESTUDIOS DE PREINVERSIÓN ELABORADOS | N8: NÚMERO | O8: 0 | P8: N/A | Q8: N/A | R8: 1 | S8: 1 | U8: =+T8/S8 -> 0 | W8: =+V8/S8 -> 0 | X8: {=IFERROR(INDEX(ejecuciones[Column1.ejecutado],MATCH(1,(ejecuciones[Column1.codigoIndicador]=A8)*(ejecuciones[periodo avance]="Marzo"),0)),0)} -> 1 | Y8: {=IFERROR(INDEX(ejecuciones[Column1.ejecutado],MATCH(1,(ejecuciones[Column1.codigoIndicador]=A8)*(ejecuciones[periodo avance]="Junio"),0)),0)} -> 1 | Z8: {=IFERROR(INDEX(ejecuciones[Column1.ejecutado],MATCH(1,(ejecuciones[Column1.codigoIndicador]=A8)*(ejecuciones[periodo avance]="Septiembre"),0)),0)} -> 0 | AA8: {=IFERROR(INDEX(ejecuciones[Column1.ejecutado],MATCH(1,(ejecuciones[Column1.codigoIndicador]=A8)*(ejecuciones[periodo avance]="Diciembre"),0)),0)} -> 0 | AB8: =+X8+Y8+Z8+AA8 -> 2 | AC8: =+AB8/S8 -> 2 | AD8: =V8+AB8 -> 2 | AE8: =+AB8/R8 -> 2 | AF8: =AD8/S8 -> 2 | AG8: {=IFERROR(INDEX(ejecuciones[Column1.presupuestoProyectado],MATCH(1,(ejecuciones[Column1.codigoIndicador]=A8)*(ejecuciones[Column1.fechaDiligenciamiento]=_xlfn.MAXIFS(ejecuciones[Column1.fechaDiligenciamiento],ejecuciones[Column1.codigoIndicador],A8)),0)),0)} -> 0 | AI8: {=IFERROR(INDEX(ejecuciones[Column1.presupuestoEjecutado],MATCH(1,(ejecuciones[Column1.codigoIndicador]=A8)*(ejecuciones[Column1.fechaDiligenciamiento]=_xlfn.MAXIFS(ejecuciones[Column1.fechaDiligenciamiento],ejecuciones[Column1.codigoIndicador],A8)),0)),0)} -> 0 | AJ8: =IFERROR(AI8/AG8,0) -> 0
A9: 8 | B9: SECRETARÍA DE AGRICULTURA Y DESARROLLO RURAL | C9: BOLIVAR ME ENAMORA CON CRECIMIENTO ECONOMICO Y OPORTUNIDAD DE EMPLEO PARA TODOS | D9: BOLÍVAR ME ENAMORA EN DESARROLLO AGROPECUARIO | E9: AGRICULTURA TECNIFICADA Y SOLIDARIA | F9: 1709 | G9: INFRAESTRUCTURA PRODUCTIVA Y COMERCIALIZACIÓN | H9: AGROPECUARIO | I9: 12 | J9: REHABILITAR, COMPLEMENTAR Y/O MODERNIZAR 1000 HECTÁREAS DE DISTRITOS CON ADECUACIÓN DE TIERRAS | K9: 1709100 | L9: DISTRITOS DE ADECUACIÓN DE TIERRAS REHABILITADOS, COMPLEMENTADOS Y MODERNIZADOS | M9: HECTÁREAS CON DISTRITOS DE ADECUACIÓN DE TIERRAS REHABILITADOS, COMPLEMENTADOS Y MODERNIZADOS | N9: HECTÁREA | O9: 6900 | P9: 2023 | Q9: SADR | R9: 500 | S9: 7900 | U9: =+T9/S9 -> 0 | W9: =+V9/S9 -> 0 | X9: {=IFERROR(INDEX(ejecuciones[Column1.ejecutado],MATCH(1,(ejecuciones[Column1.codigoIndicador]=A9)*(ejecuciones[periodo avance]="Marzo"),0)),0)} -> 0 | Y9: {=IFERROR(INDEX(ejecuciones[Column1.ejecutado],MATCH(1,(ejecuciones[Column1.codigoIndicador]=A9)*(ejecuciones[periodo avance]="Junio"),0)),0)} -> 0 | Z9: {=IFERROR(INDEX(ejecuciones[Column1.ejecutado],MATCH(1,(ejecuciones[Column1.codigoIndicador]=A9)*(ejecuciones[periodo avance]="Septiembre"),0)),0)} -> 0 | AA9: {=IFERROR(INDEX(ejecuciones[Column1.ejecutado],MATCH(1,(ejecuciones[Column1.codigoIndicador]=A9)*(ejecuciones[periodo avance]="Diciembre"),0)),0)} -> 0 | AB9: =+X9+Y9+Z9+AA9 -> 0 | AC9: =+AB9/S9 -> 0 | AD9: =V9+AB9 -> 0 | AE9: =+AB9/R9 -> 0 | AF9: =AD9/S9 -> 0 | AG9: {=IFERROR(INDEX(ejecuciones[Column1.presupuestoProyectado],MATCH(1,(ejecuciones[Column1.codigoIndicador]=A9)*(ejecuciones[Column1.fechaDiligenciamiento]=_xlfn.MAXIFS(ejecuciones[Column1.fechaDiligenciamiento],ejecuciones[Column1.codigoIndicador],A9)),0)),0)} -> 0 | AI9: {=IFERROR(INDEX(ejecuciones[Column1.presupuestoEjecutado],MATCH(1,(ejecuciones[Column1.codigoIndicador]=A9)*(ejecuciones[Column1.fechaDiligenciamiento]=_xlfn.MAXIFS(ejecuciones[Column1.fechaDiligenciamiento],ejecuciones[Column1.codigoIndicador],A9)),0)),0)} -> 0 | AJ9: =IFERROR(AI9/AG9,0) -> 0
A10: 9 | B10: SECRETARÍA DE AGRICULTURA Y DESARROLLO RURAL | C10: BOLIVAR ME ENAMORA CON CRECIMIENTO ECONOMICO Y OPORTUNIDAD DE EMPLEO PARA TODOS | D10: BOLÍVAR ME ENAMORA EN DESARROLLO AGROPECUARIO | E10: AGRICULTURA TECNIFICADA Y SOLIDARIA | F10: 1702 | G10: INCLUSIÓN PRODUCTIVA DE PEQUEÑOS PRODUCTORES RURALES | H10: AGROPECUARIO | I10: 13 | J10: ENTREGAR 5 MAQUINARIA Y/O EQUIPOS | K10: 1702014 | L10: SERVICIO DE APOYO PARA EL ACCESO A MAQUINARIA Y EQUIPOS | M10: MAQUINARIA Y EQUIPOS ENTREGADOS | N10: NÚMERO | O10: N/D | P10: N/D | Q10: N/D | R10: 2 | S10: 5 | U10: =+T10/S10 -> 0 | W10: =+V10/S10 -> 0 | X10: {=IFERROR(INDEX(ejecuciones[Column1.ejecutado],MATCH(1,(ejecuciones[Column1.codigoIndicador]=A10)*(ejecuciones[periodo avance]="Marzo"),0)),0)} -> 26 | Y10: {=IFERROR(INDEX(ejecuciones[Column1.ejecutado],MATCH(1,(ejecuciones[Column1.codigoIndicador]=A10)*(ejecuciones[periodo avance]="Junio"),0)),0)} -> 0 | Z10: {=IFERROR(INDEX(ejecuciones[Column1.ejecutado],MATCH(1,(ejecuciones[Column1.codigoIndicador]=A10)*(ejecuciones[periodo avance]="Septiembre"),0)),0)} -> 0 | AA10: {=IFERROR(INDEX(ejecuciones[Column1.ejecutado],MATCH(1,(ejecuciones[Column1.codigoIndicador]=A10)*(ejecuciones[periodo avance]="Diciembre"),0)),0)} -> 0 | AB10: =+X10+Y10+Z10+AA10 -> 26 | AC10: =+AB10/S10 -> 5.2 | AD10: =V10+AB10 -> 26 | AE10: =+AB10/R10 -> 13 | AF10: =AD10/S10 -> 5.2 | AG10: {=IFERROR(INDEX(ejecuciones[Column1.presupuestoProyectado],MATCH(1,(ejecuciones[Column1.codigoIndicador]=A10)*(ejecuciones[Column1.fechaDiligenciamiento]=_xlfn.MAXIFS(ejecuciones[Column1.fechaDiligenciamiento],ejecuciones[Column1.codigoIndicador],A10)),0)),0)} -> 300000000 | AI10: {=IFERROR(INDEX(ejecuciones[Column1.presupuestoEjecutado],MATCH(1,(ejecuciones[Column1.codigoIndicador]=A10)*(ejecuciones[Column1.fechaDiligenciamiento]=_xlfn.MAXIFS(ejecuciones[Column1.fechaDiligenciamiento],ejecuciones[Column1.codigoIndicador],A10)),0)),0)} -> 0 | AJ10: =IFERROR(AI10/AG10,0) -> 0
A11: 10 | B11: SECRETARÍA DE AGRICULTURA Y DESARROLLO RURAL | C11: BOLIVAR ME ENAMORA CON CRECIMIENTO ECONOMICO Y OPORTUNIDAD DE EMPLEO PARA TODOS | D11: BOLÍVAR ME ENAMORA EN DESARROLLO AGROPECUARIO | E11: AGRICULTURA TECNIFICADA Y SOLIDARIA | F11: 1702 | G11: INCLUSIÓN PRODUCTIVA DE PEQUEÑOS PRODUCTORES RURALES | H11: AGROPECUARIO | I11: 14 | J11: APOYAR 20 ASOCIACIONES DE PEQUEÑOS PRODUCTORES PARA EL FOMENTO DE LA ASOCIATIVIDAD | K11: 1702016 | L11: SERVICIO DE APOYO PARA EL FOMENTO DE LA ASOCIATIVIDAD | M11: ASOCIACIONES APOYADAS | N11: NÚMERO | O11: 1 | P11: 2023 | Q11: SADR | R11: 7 | S11: 21 | U11: =+T11/S11 -> 0 | W11: =+V11/S11 -> 0 | X11: {=IFERROR(INDEX(ejecuciones[Column1.ejecutado],MATCH(1,(ejecuciones[Column1.codigoIndicador]=A11)*(ejecuciones[periodo avance]="Marzo"),0)),0)} -> 0 | Y11: {=IFERROR(INDEX(ejecuciones[Column1.ejecutado],MATCH(1,(ejecuciones[Column1.codigoIndicador]=A11)*(ejecuciones[periodo avance]="Junio"),0)),0)} -> 0 | Z11: {=IFERROR(INDEX(ejecuciones[Column1.ejecutado],MATCH(1,(ejecuciones[Column1.codigoIndicador]=A11)*(ejecuciones[periodo avance]="Septiembre"),0)),0)} -> 0 | AA11: {=IFERROR(INDEX(ejecuciones[Column1.ejecutado],MATCH(1,(ejecuciones[Column1.codigoIndicador]=A11)*(ejecuciones[periodo avance]="Diciembre"),0)),0)} -> 0 | AB11: =+X11+Y11+Z11+AA11 -> 0 | AC11: =+AB11/S11 -> 0 | AD11: =V11+AB11 -> 0 | AE11: =+AB11/R11 -> 0 | AF11: =AD11/S11 -> 0 | AG11: {=IFERROR(INDEX(ejecuciones[Column1.presupuestoProyectado],MATCH(1,(ejecuciones[Column1.codigoIndicador]=A11)*(ejecuciones[Column1.fechaDiligenciamiento]=_xlfn.MAXIFS(ejecuciones[Column1.fechaDiligenciamiento],ejecuciones[Column1.codigoIndicador],A11)),0)),0)} -> 0 | AI11: {=IFERROR(INDEX(ejecuciones[Column1.presupuestoEjecutado],MATCH(1,(ejecuciones[Column1.codigoIndicador]=A11)*(ejecuciones[Column1.fechaDiligenciamiento]=_xlfn.MAXIFS(ejecuciones[Column1.fechaDiligenciamiento],ejecuciones[Column1.codigoIndicador],A11)),0)),0)} -> 0 | AJ11: =IFERROR(AI11/AG11,0) -> 0
A12: 11 | B12: SECRETARÍA DE AGRICULTURA Y DESARROLLO RURAL | C12: BOLIVAR ME ENAMORA CON CRECIMIENTO ECONOMICO Y OPORTUNIDAD DE EMPLEO PARA TODOS | D12: BOLÍVAR ME ENAMORA EN DESARROLLO AGROPECUARIO | E12: EXTENSIÓN AGROPECUARIA | F12: 1708 | G12: CIENCIA, TECNOLOGÍA E INNOVACIÓN AGROPECUARIA | H12: AGROPECUARIO | I12: 16 | J12: FORTALECER LAS CAPACIDADES TÉCNICAS, PRODUCTIVAS Y TECNOLÓGICAS DE 4.000 PRODUCTORES MEDIANTE EXTENSIÓN AGROPECUARIA | K12: 1708041 | L12: SERVICIO DE EXTENSIÓN AGROPECUARIA | M12: PRODUCTORES ATENDIDOS CON SERVICIO DE EXTENSIÓN AGROPECUARIA | N12: NÚMERO | O12: 11565 | P12: 2023 | Q12: ADR, SADR | R12: 1000 | S12: 15565 | U12: =+T12/S12 -> 0 | W12: =+V12/S12 -> 0 | X12: {=IFERROR(INDEX(ejecuciones[Column1.ejecutado],MATCH(1,(ejecuciones[Column1.codigoIndicador]=A12)*(ejecuciones[periodo avance]="Marzo"),0)),0)} -> 0 | Y12: {=IFERROR(INDEX(ejecuciones[Column1.ejecutado],MATCH(1,(ejecuciones[Column1.codigoIndicador]=A12)*(ejecuciones[periodo avance]="Junio"),0)),0)} -> 0 | Z12: {=IFERROR(INDEX(ejecuciones[Column1.ejecutado],MATCH(1,(ejecuciones[Column1.codigoIndicador]=A12)*(ejecuciones[periodo avance]="Septiembre"),0)),0)} -> 0 | AA12: {=IFERROR(INDEX(ejecuciones[Column1.ejecutado],MATCH(1,(ejecuciones[Column1.codigoIndicador]=A12)*(ejecuciones[periodo avance]="Diciembre"),0)),0)} -> 0 | AB12: =+X12+Y12+Z12+AA12 -> 0 | AC12: =+AB12/S12 -> 0 | AD12: =V12+AB12 -> 0 | AE12: =+AB12/R12 -> 0 | AF12: =AD12/S12 -> 0 | AG12: {=IFERROR(INDEX(ejecuciones[Column1.presupuestoProyectado],MATCH(1,(ejecuciones[Column1.codigoIndicador]=A12)*(ejecuciones[Column1.fechaDiligenciamiento]=_xlfn.MAXIFS(ejecuciones[Column1.fechaDiligenciamiento],ejecuciones[Column1.codigoIndicador],A12)),0)),0)} -> 0 | AI12: {=IFERROR(INDEX(ejecuciones[Column1.presupuestoEjecutado],MATCH(1,(ejecuciones[Column1.codigoIndicador]=A12)*(ejecuciones[Column1.fechaDiligenciamiento]=_xlfn.MAXIFS(ejecuciones[Column1.fechaDiligenciamiento],ejecuciones[Column1.codigoIndicador],A12)),0)),0)} -> 0 | AJ12: =IFERROR(AI12/AG12,0) -> 0
A13: 12 | B13: SECRETARÍA DE AGRICULTURA Y DESARROLLO RURAL | C13: BOLIVAR ME ENAMORA CON CRECIMIENTO ECONOMICO Y OPORTUNIDAD DE EMPLEO PARA TODOS | D13: BOLÍVAR ME ENAMORA EN DESARROLLO AGROPECUARIO | E13: PRODUCTIVIDAD, COMPETITIVIDAD Y COMERCIALIZACIÓN | F13: 1702 | G13: INCLUSIÓN PRODUCTIVA DE PEQUEÑOS PRODUCTORES RURALES | H13: AGROPECUARIO | I13: 17 | J13: COFINANCIAR 20 PROYECTOS PRODUCTIVOS | K13: 1702007 | L13: SERVICIO DE APOYO FINANCIERO PARA PROYECTOS PRODUCTIVOS | M13: PROYECTOS PRODUCTIVOS COFINANCIADOS | N13: NÚMERO | O13: 30 | P13: 2023 | Q13: SADR | R13: 7 | S13: 50 | U13: =+T13/S13 -> 0 | W13: =+V13/S13 -> 0 | X13: {=IFERROR(INDEX(ejecuciones[Column1.ejecutado],MATCH(1,(ejecuciones[Column1.codigoIndicador]=A13)*(ejecuciones[periodo avance]="Marzo"),0)),0)} -> 0 | Y13: {=IFERROR(INDEX(ejecuciones[Column1.ejecutado],MATCH(1,(ejecuciones[Column1.codigoIndicador]=A13)*(ejecuciones[periodo avance]="Junio"),0)),0)} -> 0 | Z13: {=IFERROR(INDEX(ejecuciones[Column1.ejecutado],MATCH(1,(ejecuciones[Column1.codigoIndicador]=A13)*(ejecuciones[periodo avance]="Septiembre"),0)),0)} -> 0 | AA13: {=IFERROR(INDEX(ejecuciones[Column1.ejecutado],MATCH(1,(ejecuciones[Column1.codigoIndicador]=A13)*(ejecuciones[periodo avance]="Diciembre"),0)),0)} -> 0 | AB13: =+X13+Y13+Z13+AA13 -> 0 | AC13: =+AB13/S13 -> 0 | AD13: =V13+AB13 -> 0 | AE13: =+AB13/R13 -> 0 | AF13: =AD13/S13 -> 0 | AG13: {=IFERROR(INDEX(ejecuciones[Column1.presupuestoProyectado],MATCH(1,(ejecuciones[Column1.codigoIndicador]=A13)*(ejecuciones[Column1.fechaDiligenciamiento]=_xlfn.MAXIFS(ejecuciones[Column1.fechaDiligenciamiento],ejecuciones[Column1.codigoIndicador],A13)),0)),0)} -> 0 | AI13: {=IFERROR(INDEX(ejecuciones[Column1.presupuestoEjecutado],MATCH(1,(ejecuciones[Column1.codigoIndicador]=A13)*(ejecuciones[Column1.fechaDiligenciamiento]=_xlfn.MAXIFS(ejecuciones[Column1.fechaDiligenciamiento],ejecuciones[Column1.codigoIndicador],A13)),0)),0)} -> 0 | AJ13: =IFERROR(AI13/AG13,0) -> 0
A14: 13 | B14: SECRETARÍA DE AGRICULTURA Y DESARROLLO RURAL | C14: BOLIVAR ME ENAMORA CON CRECIMIENTO ECONOMICO Y OPORTUNIDAD DE EMPLEO PARA TODOS | D14: BOLÍVAR ME ENAMORA EN DESARROLLO AGROPECUARIO | E14: PRODUCTIVIDAD, COMPETITIVIDAD Y COMERCIALIZACIÓN | F14: 1702 | G14: INCLUSIÓN PRODUCTIVA DE PEQUEÑOS PRODUCTORES RURALES | H14: AGROPECUARIO | I14: 18 | J14: REALIZAR 15 MERCADOS CAMPESINOS EN EL DEPARTAMENTO DE BOLÍVAR | K14: 1702038 | L14: SERVICIO DE APOYO A LA COMERCIALIZACIÓN | M14: MERCADOS CAMPESINOS REALIZADOS | N14: NÚMERO | O14: 10 | P14: 2023 | Q14: SADR | R14: 5 | S14: 25 | U14: =+T14/S14 -> 0 | W14: =+V14/S14 -> 0 | X14: {=IFERROR(INDEX(ejecuciones[Column1.ejecutado],MATCH(1,(ejecuciones[Column1.codigoIndicador]=A14)*(ejecuciones[periodo avance]="Marzo"),0)),0)} -> 1 | Y14: {=IFERROR(INDEX(ejecuciones[Column1.ejecutado],MATCH(1,(ejecuciones[Column1.codigoIndicador]=A14)*(ejecuciones[periodo avance]="Junio"),0)),0)} -> 0 | Z14: {=IFERROR(INDEX(ejecuciones[Column1.ejecutado],MATCH(1,(ejecuciones[Column1.codigoIndicador]=A14)*(ejecuciones[periodo avance]="Septiembre"),0)),0)} -> 0 | AA14: {=IFERROR(INDEX(ejecuciones[Column1.ejecutado],MATCH(1,(ejecuciones[Column1.codigoIndicador]=A14)*(ejecuciones[periodo avance]="Diciembre"),0)),0)} -> 0 | AB14: =+X14+Y14+Z14+AA14 -> 1 | AC14: =+AB14/S14 -> 0.04 | AD14: =V14+AB14 -> 1 | AE14: =+AB14/R14 -> 0.2 | AF14: =AD14/S14 -> 0.04 | AG14: {=IFERROR(INDEX(ejecuciones[Column1.presupuestoProyectado],MATCH(1,(ejecuciones[Column1.codigoIndicador]=A14)*(ejecuciones[Column1.fechaDiligenciamiento]=_xlfn.MAXIFS(ejecuciones[Column1.fechaDiligenciamiento],ejecuciones[Column1.codigoIndicador],A14)),0)),0)} -> 0 | AI14: {=IFERROR(INDEX(ejecuciones[Column1.presupuestoEjecutado],MATCH(1,(ejecuciones[Column1.codigoIndicador]=A14)*(ejecuciones[Column1.fechaDiligenciamiento]=_xlfn.MAXIFS(ejecuciones[Column1.fechaDiligenciamiento],ejecuciones[Column1.codigoIndicador],A14)),0)),0)} -> 0 | AJ14: =IFERROR(AI14/AG14,0) -> 0
A15: 14 | B15: SECRETARÍA DE AGRICULTURA Y DESARROLLO RURAL | C15: BOLIVAR ME ENAMORA CON CRECIMIENTO ECONOMICO Y OPORTUNIDAD DE EMPLEO PARA TODOS | D15: BOLÍVAR ME ENAMORA EN DESARROLLO AGROPECUARIO | E15: PRODUCTIVIDAD, COMPETITIVIDAD Y COMERCIALIZACIÓN | F15: 1702 | G15: INCLUSIÓN PRODUCTIVA DE PEQUEÑOS PRODUCTORES RURALES | H15: AGROPECUARIO | I15: 19 | J15: REALIZAR RUEDAS DE NEGOCIOS | K15: 1702038 | L15: SERVICIO DE APOYO A LA COMERCIALIZACIÓN | M15: RUEDAS DE NEGOCIOS REALIZADAS | N15: NÚMERO | O15: 4 | P15: 2023 | Q15: SADR | R15: 2 | S15: 11 | U15: =+T15/S15 -> 0 | W15: =+V15/S15 -> 0 | X15: {=IFERROR(INDEX(ejecuciones[Column1.ejecutado],MATCH(1,(ejecuciones[Column1.codigoIndicador]=A15)*(ejecuciones[periodo avance]="Marzo"),0)),0)} -> 1 | Y15: {=IFERROR(INDEX(ejecuciones[Column1.ejecutado],MATCH(1,(ejecuciones[Column1.codigoIndicador]=A15)*(ejecuciones[periodo avance]="Junio"),0)),0)} -> 0 | Z15: {=IFERROR(INDEX(ejecuciones[Column1.ejecutado],MATCH(1,(ejecuciones[Column1.codigoIndicador]=A15)*(ejecuciones[periodo avance]="Septiembre"),0)),0)} -> 0 | AA15: {=IFERROR(INDEX(ejecuciones[Column1.ejecutado],MATCH(1,(ejecuciones[Column1.codigoIndicador]=A15)*(ejecuciones[periodo avance]="Diciembre"),0)),0)} -> 0 | AB15: =+X15+Y15+Z15+AA15 -> 1 | AC15: =+AB15/S15 -> 0.090909091 | AD15: =V15+AB15 -> 1 | AE15: =+AB15/R15 -> 0.5 | AF15: =AD15/S15 -> 0.090909091 | AG15: {=IFERROR(INDEX(ejecuciones[Column1.presupuestoProyectado],MATCH(1,(ejecuciones[Column1.codigoIndicador]=A15)*(ejecuciones[Column1.fechaDiligenciamiento]=_xlfn.MAXIFS(ejecuciones[Column1.fechaDiligenciamiento],ejecuciones[Column1.codigoIndicador],A15)),0)),0)} -> 0 | AI15: {=IFERROR(INDEX(ejecuciones[Column1.presupuestoEjecutado],MATCH(1,(ejecuciones[Column1.codigoIndicador]=A15)*(ejecuciones[Column1.fechaDiligenciamiento]=_xlfn.MAXIFS(ejecuciones[Column1.fechaDiligenciamiento],ejecuciones[Column1.codigoIndicador],A15)),0)),0)} -> 0 | AJ15: =IFERROR(AI15/AG15,0) -> 0
A16: 15 | B16: SECRETARÍA DE AGRICULTURA Y DESARROLLO RURAL | C16: BOLIVAR ME ENAMORA CON CRECIMIENTO ECONOMICO Y OPORTUNIDAD DE EMPLEO PARA TODOS | D16: BOLÍVAR ME ENAMORA EN DESARROLLO AGROPECUARIO | E16: PRODUCTIVIDAD, COMPETITIVIDAD Y COMERCIALIZACIÓN | F16: 1709 | G16: INFRAESTRUCTURA PRODUCTIVA Y COMERCIALIZACIÓN | H16: AGROPECUARIO | I16: 20 | J16: SEMBRAR 5.000.000 DE ALEVINOS EN CUERPOS DE AGUA DEL DEPARTAMENTO DE BOLÍVAR | K16: 1709001 | L16: ALEVINOS | M16: ALEVINOS UTILIZADOS EN ACTIVIDADES DE REPOBLAMIENTO | N16: NÚMERO | O16: 4000000 | P16: 2023 | Q16: ESTACIÓN BAJO MAGDALENA AUNAP, SADR | R16: 1500000 | S16: 9000000 | U16: =+T16/S16 -> 0 | W16: =+V16/S16 -> 0 | X16: {=IFERROR(INDEX(ejecuciones[Column1.ejecutado],MATCH(1,(ejecuciones[Column1.codigoIndicador]=A16)*(ejecuciones[periodo avance]="Marzo"),0)),0)} -> 4489500 | Y16: {=IFERROR(INDEX(ejecuciones[Column1.ejecutado],MATCH(1,(ejecuciones[Column1.codigoIndicador]=A16)*(ejecuciones[periodo avance]="Junio"),0)),0)} -> 0 | Z16: {=IFERROR(INDEX(ejecuciones[Column1.ejecutado],MATCH(1,(ejecuciones[Column1.codigoIndicador]=A16)*(ejecuciones[periodo avance]="Septiembre"),0)),0)} -> 0 | AA16: {=IFERROR(INDEX(ejecuciones[Column1.ejecutado],MATCH(1,(ejecuciones[Column1.codigoIndicador]=A16)*(ejecuciones[periodo avance]="Diciembre"),0)),0)} -> 0 | AB16: =+X16+Y16+Z16+AA16 -> 4489500 | AC16: =+AB16/S16 -> 0.49883333 | AD16: =V16+AB16 -> 4489500 | AE16: =+AB16/R16 -> 2.993 | AF16: =AD16/S16 -> 0.49883333 | AG16: {=IFERROR(INDEX(ejecuciones[Column1.presupuestoProyectado],MATCH(1,(ejecuciones[Column1.codigoIndicador]=A16)*(ejecuciones[Column1.fechaDiligenciamiento]=_xlfn.MAXIFS(ejecuciones[Column1.fechaDiligenciamiento],ejecuciones[Column1.codigoIndicador],A16)),0)),0)} -> 3500000 | AI16: {=IFERROR(INDEX(ejecuciones[Column1.presupuestoEjecutado],MATCH(1,(ejecuciones[Column1.codigoIndicador]=A16)*(ejecuciones[Column1.fechaDiligenciamiento]=_xlfn.MAXIFS(ejecuciones[Column1.fechaDiligenciamiento],ejecuciones[Column1.codigoIndicador],A16)),0)),0)} -> 0 | AJ16: =IFERROR(AI16/AG16,0) -> 0
A17: 16 | B17: SECRETARÍA GENERAL | C17: BOLIVAR ME ENAMORA CON INSTITUCIONALIDAD FUERTE; TRANSPARENCIA COMO BASE DE UNA BUENA GESTION | D17: BOLÍVAR ME ENAMORA EN TRANSPARENCIA, ÉTICA PÚBLICA, EFICIENCIA Y PLANEACIÓN INSTITUCIONAL. | E17: TRANSPARENCIA INSTITUCIONAL | F17: 4599 | G17: FORTALECIMIENTO A LA GESTIÓN Y DIRECCIÓN DE LA ADMINISTRACIÓN PÚBLICA TERRITORIAL | H17: FORTALECIMIENTO INSTITUCIONAL | I17: 22 | J17: REALIZAR 2 JORNADAS ANUALES PARA LA EXPEDICIÓN DE PASAPORTES | K17: 4599029 | L17: SERVICIO DE INTEGRACIÓN DE LA OFERTA PÚBLICA | M17: ESPACIOS DE INTEGRACIÓN DE OFERTA PÚBLICA GENERADOS | N17: NÚMERO | O17: 0 | P17: N/A | Q17: N/A | R17: 2 | S17: 8 | U17: =+T17/S17 -> 0 | W17: =+V17/S17 -> 0 | X17: {=IFERROR(INDEX(ejecuciones[Column1.ejecutado],MATCH(1,(ejecuciones[Column1.codigoIndicador]=A17)*(ejecuciones[periodo avance]="Marzo"),0)),0)} -> 0 | Y17: {=IFERROR(INDEX(ejecuciones[Column1.ejecutado],MATCH(1,(ejecuciones[Column1.codigoIndicador]=A17)*(ejecuciones[periodo avance]="Junio"),0)),0)} -> 4 | Z17: {=IFERROR(INDEX(ejecuciones[Column1.ejecutado],MATCH(1,(ejecuciones[Column1.codigoIndicador]=A17)*(ejecuciones[periodo avance]="Septiembre"),0)),0)} -> 0 | AA17: {=IFERROR(INDEX(ejecuciones[Column1.ejecutado],MATCH(1,(ejecuciones[Column1.codigoIndicador]=A17)*(ejecuciones[periodo avance]="Diciembre"),0)),0)} -> 0 | AB17: =+X17+Y17+Z17+AA17 -> 4 | AC17: =+AB17/S17 -> 0.5 | AD17: =V17+AB17 -> 4 | AE17: =+AB17/R17 -> 2 | AF17: =AD17/S17 -> 0.5 | AG17: {=IFERROR(INDEX(ejecuciones[Column1.presupuestoProyectado],MATCH(1,(ejecuciones[Column1.codigoIndicador]=A17)*(ejecuciones[Column1.fechaDiligenciamiento]=_xlfn.MAXIFS(ejecuciones[Column1.fechaDiligenciamiento],ejecuciones[Column1.codigoIndicador],A17)),0)),0)} -> 0 | AI17: {=IFERROR(INDEX(ejecuciones[Column1.presupuestoEjecutado],MATCH(1,(ejecuciones[Column1.codigoIndicador]=A17)*(ejecuciones[Column1.fechaDiligenciamiento]=_xlfn.MAXIFS(ejecuciones[Column1.fechaDiligenciamiento],ejecuciones[Column1.codigoIndicador],A17)),0)),0)} -> 0 | AJ17: =IFERROR(AI17/AG17,0) -> 0
A18: 17 | B18: SECRETARÍA GENERAL | C18: BOLIVAR ME ENAMORA CON INSTITUCIONALIDAD FUERTE; TRANSPARENCIA COMO BASE DE UNA BUENA GESTION | D18: BOLÍVAR ME ENAMORA EN TRANSPARENCIA, ÉTICA PÚBLICA, EFICIENCIA Y PLANEACIÓN INSTITUCIONAL. | E18: FORTALECIMIENTO DE CAPACIDADES INSTITUCIONALES | F18: 4599 | G18: FORTALECIMIENTO A LA GESTIÓN Y DIRECCIÓN DE LA ADMINISTRACIÓN PÚBLICA TERRITORIAL | H18: FORTALECIMIENTO INSTITUCIONAL | I18: 24 | J18: 5 PLANES DE MANTENIMIENTO INTEGRAL, 1 POR SEDE POR AÑO, SEDES: CAD, PROCLAMACIÓN, MODENA, MAGANGUE, EL CARMEN | K18: 4599016 | L18: SEDES MANTENIDAS | M18: SEDES MANTENIDAS | N18: SEDES | O18: 3 | P18: 2023 | Q18: Secretaria General - Dirección Administrativa Logistica - DAL | R18: 5 | S18: 5 | U18: =+T18/S18 -> 0 | W18: =+V18/S18 -> 0 | X18: {=IFERROR(INDEX(ejecuciones[Column1.ejecutado],MATCH(1,(ejecuciones[Column1.codigoIndicador]=A18)*(ejecuciones[periodo avance]="Marzo"),0)),0)} -> 0.25 | Y18: {=IFERROR(INDEX(ejecuciones[Column1.ejecutado],MATCH(1,(ejecuciones[Column1.codigoIndicador]=A18)*(ejecuciones[periodo avance]="Junio"),0)),0)} -> 0.25 | Z18: {=IFERROR(INDEX(ejecuciones[Column1.ejecutado],MATCH(1,(ejecuciones[Column1.codigoIndicador]=A18)*(ejecuciones[periodo avance]="Septiembre"),0)),0)} -> 0 | AA18: {=IFERROR(INDEX(ejecuciones[Column1.ejecutado],MATCH(1,(ejecuciones[Column1.codigoIndicador]=A18)*(ejecuciones[periodo avance]="Diciembre"),0)),0)} -> 0 | AB18: =+X18+Y18+Z18+AA18 -> 0.5 | AC18: =+AB18/S18 -> 0.1 | AD18: =V18+AB18 -> 0.5 | AE18: =+AB18/R18 -> 0.1 | AF18: =AD18/S18 -> 0.1 | AG18: {=IFERROR(INDEX(ejecuciones[Column1.presupuestoProyectado],MATCH(1,(ejecuciones[Column1.codigoIndicador]=A18)*(ejecuciones[Column1.fechaDiligenciamiento]=_xlfn.MAXIFS(ejecuciones[Column1.fechaDiligenciamiento],ejecuciones[Column1.codigoIndicador],A18)),0)),0)} -> 2237493000 | AI18: {=IFERROR(INDEX(ejecuciones[Column1.presupuestoEjecutado],MATCH(1,(ejecuciones[Column1.codigoIndicador]=A18)*(ejecuciones[Column1.fechaDiligenciamiento]=_xlfn.MAXIFS(ejecuciones[Column1.fechaDiligenciamiento],ejecuciones[Column1.codigoIndicador],A18)),0)),0)} -> 1842377560 | AJ18: =IFERROR(AI18/AG18,0) -> 0.82341154
A19: 18 | B19: SECRETARÍA GENERAL | C19: BOLIVAR ME ENAMORA CON INSTITUCIONALIDAD FUERTE; TRANSPARENCIA COMO BASE DE UNA BUENA GESTION | D19: BOLÍVAR ME ENAMORA EN TRANSPARENCIA, ÉTICA PÚBLICA, EFICIENCIA Y PLANEACIÓN INSTITUCIONAL. | E19: FORTALECIMIENTO DE CAPACIDADES INSTITUCIONALES | F19: 4599 | G19: GRUPO SOCIAL Y EMPRESARIAL DE LA DEFENSA (GSED) COMPETITIVO | H19: FORTALECIMIENTO INSTITUCIONAL | I19: 29 | J19: REALIZAR INTERVENCIÓN PARA RESTAURAR LOS BIENES DE INTERES CULTURAL - BIC EN PROPIEDAD DE LA GOBERNACIÓN, CASA DE LA ASAMBLEA, CASA DEL CONSULADO, COLEGIO COPPERATIVO, TEATRO MOMPOX. | K19: 4599013 | L19: SEDES RESTAURADAS | M19: SEDES RESTAURADAS | N19: SEDES | O19: 0 | P19: 2023 | Q19: Secretaria General - Dirección Administrativa Logistica - DAL | R19: 1 | S19: 4 | U19: =+T19/S19 -> 0 | W19: =+V19/S19 -> 0 | X19: {=IFERROR(INDEX(ejecuciones[Column1.ejecutado],MATCH(1,(ejecuciones[Column1.codigoIndicador]=A19)*(ejecuciones[periodo avance]="Marzo"),0)),0)} -> 0.25 | Y19: {=IFERROR(INDEX(ejecuciones[Column1.ejecutado],MATCH(1,(ejecuciones[Column1.codigoIndicador]=A19)*(ejecuciones[periodo avance]="Junio"),0)),0)} -> 0.25 | Z19: {=IFERROR(INDEX(ejecuciones[Column1.ejecutado],MATCH(1,(ejecuciones[Column1.codigoIndicador]=A19)*(ejecuciones[periodo avance]="Septiembre"),0)),0)} -> 0 | AA19: {=IFERROR(INDEX(ejecuciones[Column1.ejecutado],MATCH(1,(ejecuciones[Column1.codigoIndicador]=A19)*(ejecuciones[periodo avance]="Diciembre"),0)),0)} -> 0 | AB19: =+X19+Y19+Z19+AA19 -> 0.5 | AC19: =+AB19/S19 -> 0.125 | AD19: =V19+AB19 -> 0.5 | AE19: =+AB19/R19 -> 0.5 | AF19: =AD19/S19 -> 0.125 | AG19: {=IFERROR(INDEX(ejecuciones[Column1.presupuestoProyectado],MATCH(1,(ejecuciones[Column1.codigoIndicador]=A19)*(ejecuciones[Column1.fechaDiligenciamiento]=_xlfn.MAXIFS(ejecuciones[Column1.fechaDiligenciamiento],ejecuciones[Column1.codigoIndicador],A19)),0)),0)} -> 3500000000 | AI19: {=IFERROR(INDEX(ejecuciones[Column1.presupuestoEjecutado],MATCH(1,(ejecuciones[Column1.codigoIndicador]=A19)*(ejecuciones[Column1.fechaDiligenciamiento]=_xlfn.MAXIFS(ejecuciones[Column1.fechaDiligenciamiento],ejecuciones[Column1.codigoIndicador],A19)),0)),0)} -> 2900000000 | AJ19: =IFERROR(AI19/AG19,0) -> 0.82857143
A20: 19 | B20: SECRETARÍA GENERAL | C20: BOLIVAR ME ENAMORA CON INSTITUCIONALIDAD FUERTE; TRANSPARENCIA COMO BASE DE UNA BUENA GESTION | D20: BOLÍVAR ME ENAMORA EN TRANSPARENCIA, ÉTICA PÚBLICA, EFICIENCIA Y PLANEACIÓN INSTITUCIONAL. | E20: EFICIENCIA INSTITUCIONAL | F20: 4599 | G20: FORTALECIMIENTO A LA GESTIÓN Y DIRECCIÓN DE LA ADMINISTRACIÓN PÚBLICA TERRITORIAL | H20: FORTALECIMIENTO INSTITUCIONAL | I20: 30 | J20: REALIZAR CONVOCATORIA PARA ENTREGAR BECAS PARA MAESTRIAS Y DOCTORADOS A LOS EMPLEADOS DE CARRERA ADMINISTRATIVA DE LA GOBERNACIÓN DE BOLÍVAR | K20: 2202063 | L20: SERVICIO DE APOYO FINANCIERO PARA EL ACCESO A LA EDUCACIÓN SUPERIOR | M20: BENEFICIARIOS DE ESTRATEGIAS O PROGRAMAS DE APOYO FINANCIERO PARA EL ACCESO A LA EDUCACIÓN DE ALTO NIVEL | N20: NÚMERO | O20: 0 | P20: N/A | Q20: Gobernación de Bolívar | R20: 50 | S20: 120 | U20: =+T20/S20 -> 0 | W20: =+V20/S20 -> 0 | X20: {=IFERROR(INDEX(ejecuciones[Column1.ejecutado],MATCH(1,(ejecuciones[Column1.codigoIndicador]=A20)*(ejecuciones[periodo avance]="Marzo"),0)),0)} -> 0 | Y20: {=IFERROR(INDEX(ejecuciones[Column1.ejecutado],MATCH(1,(ejecuciones[Column1.codigoIndicador]=A20)*(ejecuciones[periodo avance]="Junio"),0)),0)} -> 0 | Z20: {=IFERROR(INDEX(ejecuciones[Column1.ejecutado],MATCH(1,(ejecuciones[Column1.codigoIndicador]=A20)*(ejecuciones[periodo avance]="Septiembre"),0)),0)} -> 0 | AA20: {=IFERROR(INDEX(ejecuciones[Column1.ejecutado],MATCH(1,(ejecuciones[Column1.codigoIndicador]=A20)*(ejecuciones[periodo avance]="Diciembre"),0)),0)} -> 0 | AB20: =+X20+Y20+Z20+AA20 -> 0 | AC20: =+AB20/S20 -> 0 | AD20: =V20+AB20 -> 0 | AE20: =+AB20/R20 -> 0 | AF20: =AD20/S20 -> 0 | AG20: {=IFERROR(INDEX(ejecuciones[Column1.presupuestoProyectado],MATCH(1,(ejecuciones[Column1.codigoIndicador]=A20)*(ejecuciones[Column1.fechaDiligenciamiento]=_xlfn.MAXIFS(ejecuciones[Column1.fechaDiligenciamiento],ejecuciones[Column1.codigoIndicador],A20)),0)),0)} -> 0 | AI20: {=IFERROR(INDEX(ejecuciones[Column1.presupuestoEjecutado],MATCH(1,(ejecuciones[Column1.codigoIndicador]=A20)*(ejecuciones[Column1.fechaDiligenciamiento]=_xlfn.MAXIFS(ejecuciones[Column1.fechaDiligenciamiento],ejecuciones[Column1.codigoIndicador],A20)),0)),0)} -> 0 | AJ20: =IFERROR(AI20/AG20,0) -> 0
A21: 20 | B21: SECRETARÍA DE SERVICIOS PÚBLICOS | C21: BOLIVAR ME ENAMORA CON JUSTICIA SOCIAL; CIERRE DE BRECHAS Y CALIDAD DE VIDA PARA TODOS | D21: BOLÍVAR ME ENAMORA CON SERVICIOS PÚBLICOS | E21: SANEAMIENTO BÁSICO | F21: 4003 | G21: ACCESO DE LA POBLACIÓN A LOS SERVICIOS DE AGUA POTABLE Y SANEAMIENTO BÁSICO | H21: AGUA POTABLE Y SANEAMIENTO BÁSICO (SIN INCLUIR PROYECTOS DE VIS) | I21: 31 | J21: REALIZAR 2 ESTUDIOS O DISEÑOS | K21: 4003042 | L21: ESTUDIOS DE PREINVERSIÓN E INVERSIÓN | M21: ESTUDIOS O DISEÑOS REALIZADOS | N21: NÚMERO | O21: 0 | P21: N/A | Q21: N/A | R21: 1 | S21: 2 | U21: =+T21/S21 -> 0 | W21: =+V21/S21 -> 0 | X21: {=IFERROR(INDEX(ejecuciones[Column1.ejecutado],MATCH(1,(ejecuciones[Column1.codigoIndicador]=A21)*(ejecuciones[periodo avance]="Marzo"),0)),0)} -> 0 | Y21: {=IFERROR(INDEX(ejecuciones[Column1.ejecutado],MATCH(1,(ejecuciones[Column1.codigoIndicador]=A21)*(ejecuciones[periodo avance]="Junio"),0)),0)} -> 0 | Z21: {=IFERROR(INDEX(ejecuciones[Column1.ejecutado],MATCH(1,(ejecuciones[Column1.codigoIndicador]=A21)*(ejecuciones[periodo avance]="Septiembre"),0)),0)} -> 0 | AA21: {=IFERROR(INDEX(ejecuciones[Column1.ejecutado],MATCH(1,(ejecuciones[Column1.codigoIndicador]=A21)*(ejecuciones[periodo avance]="Diciembre"),0)),0)} -> 0 | AB21: =+X21+Y21+Z21+AA21 -> 0 | AC21: =+AB21/S21 -> 0 | AD21: =V21+AB21 -> 0 | AE21: =+AB21/R21 -> 0 | AF21: =AD21/S21 -> 0 | AG21: {=IFERROR(INDEX(ejecuciones[Column1.presupuestoProyectado],MATCH(1,(ejecuciones[Column1.codigoIndicador]=A21)*(ejecuciones[Column1.fechaDiligenciamiento]=_xlfn.MAXIFS(ejecuciones[Column1.fechaDiligenciamiento],ejecuciones[Column1.codigoIndicador],A21)),0)),0)} -> 0 | AI21: {=IFERROR(INDEX(ejecuciones[Column1.presupuestoEjecutado],MATCH(1,(ejecuciones[Column1.codigoIndicador]=A21)*(ejecuciones[Column1.fechaDiligenciamiento]=_xlfn.MAXIFS(ejecuciones[Column1.fechaDiligenciamiento],ejecuciones[Column1.codigoIndicador],A21)),0)),0)} -> 0 | AJ21: =IFERROR(AI21/AG21,0) -> 0
A22: 21 | B22: SECRETARÍA DE SERVICIOS PÚBLICOS | C22: BOLIVAR ME ENAMORA CON JUSTICIA SOCIAL; CIERRE DE BRECHAS Y CALIDAD DE VIDA PARA TODOS | D22: BOLÍVAR ME ENAMORA CON SERVICIOS PÚBLICOS | E22: SANEAMIENTO BÁSICO | F22: 4003 | G22: ACCESO DE LA POBLACIÓN A LOS SERVICIOS DE AGUA POTABLE Y SANEAMIENTO BÁSICO | H22: AGUA POTABLE Y SANEAMIENTO BÁSICO (SIN INCLUIR PROYECTOS DE VIS) | I22: 32 | J22: AUMENTAR LA COBERTURA DE ALCANTARILLADO | K22: 4003018, 4003019 y 4003020 | L22: ALCANTARILLADOS CONSTRUIDOS, AMPLIADOS Y OPTIMIZADOS | M22: ALCANTARILLADOS CONSTRUIDOS, AMPLIADOS Y OPTIMIZADOS | N22: NÚMERO | O22: 0 | P22: N/A | Q22: N/A | R22: 1 | S22: 4 | U22: =+T22/S22 -> 0 | W22: =+V22/S22 -> 0 | X22: {=IFERROR(INDEX(ejecuciones[Column1.ejecutado],MATCH(1,(ejecuciones[Column1.codigoIndicador]=A22)*(ejecuciones[periodo avance]="Marzo"),0)),0)} -> 0 | Y22: {=IFERROR(INDEX(ejecuciones[Column1.ejecutado],MATCH(1,(ejecuciones[Column1.codigoIndicador]=A22)*(ejecuciones[periodo avance]="Junio"),0)),0)} -> 0 | Z22: {=IFERROR(INDEX(ejecuciones[Column1.ejecutado],MATCH(1,(ejecuciones[Column1.codigoIndicador]=A22)*(ejecuciones[periodo avance]="Septiembre"),0)),0)} -> 0 | AA22: {=IFERROR(INDEX(ejecuciones[Column1.ejecutado],MATCH(1,(ejecuciones[Column1.codigoIndicador]=A22)*(ejecuciones[periodo avance]="Diciembre"),0)),0)} -> 0 | AB22: =+X22+Y22+Z22+AA22 -> 0 | AC22: =+AB22/S22 -> 0 | AD22: =V22+AB22 -> 0 | AE22: =+AB22/R22 -> 0 | AF22: =AD22/S22 -> 0 | AG22: {=IFERROR(INDEX(ejecuciones[Column1.presupuestoProyectado],MATCH(1,(ejecuciones[Column1.codigoIndicador]=A22)*(ejecuciones[Column1.fechaDiligenciamiento]=_xlfn.MAXIFS(ejecuciones[Column1.fechaDiligenciamiento],ejecuciones[Column1.codigoIndicador],A22)),0)),0)} -> 7202963575 | AI22: {=IFERROR(INDEX(ejecuciones[Column1.presupuestoEjecutado],MATCH(1,(ejecuciones[Column1.codigoIndicador]=A22)*(ejecuciones[Column1.fechaDiligenciamiento]=_xlfn.MAXIFS(ejecuciones[Column1.fechaDiligenciamiento],ejecuciones[Column1.codigoIndicador],A22)),0)),0)} -> 0 | AJ22: =IFERROR(AI22/AG22,0) -> 0
A23: 22 | B23: AGUAS DE BOLÍVAR S.A. E.S.P | C23: BOLIVAR ME ENAMORA CON JUSTICIA SOCIAL; CIERRE DE BRECHAS Y CALIDAD DE VIDA PARA TODOS | D23: BOLÍVAR ME ENAMORA EN HÁBITAT, VIVIENDA Y SERVICIOS PÚBLICOS | E23: SANEAMIENTO BÁSICO | F23: 4003 | G23: ACCESO DE LA POBLACIÓN A LOS SERVICIOS DE AGUA POTABLE Y SANEAMIENTO BÁSICO | H23: AGUA POTABLE Y SANEAMIENTO BÁSICO (SIN INCLUIR PROYECTOS DE VIS) | I23: 33 | J23: AUMENTAR LA COBERTURA DE ALCANTARILLADO | K23: 4003018, 4003019 y 4003020 | L23: ALCANTARILLADOS CONSTRUIDOS, AMPLIADOS Y OPTIMIZADOS | M23: ALCANTARILLADOS CONSTRUIDOS, AMPLIADOS Y OPTIMIZADOS | N23: NÚMERO | O23: 0 | P23: N/A | Q23: N/A | R23: 2 | S23: 6 | U23: =+T23/S23 -> 0 | W23: =+V23/S23 -> 0 | X23: {=IFERROR(INDEX(ejecuciones[Column1.ejecutado],MATCH(1,(ejecuciones[Column1.codigoIndicador]=A23)*(ejecuciones[periodo avance]="Marzo"),0)),0)} -> 0 | Y23: {=IFERROR(INDEX(ejecuciones[Column1.ejecutado],MATCH(1,(ejecuciones[Column1.codigoIndicador]=A23)*(ejecuciones[periodo avance]="Junio"),0)),0)} -> 0 | Z23: {=IFERROR(INDEX(ejecuciones[Column1.ejecutado],MATCH(1,(ejecuciones[Column1.codigoIndicador]=A23)*(ejecuciones[periodo avance]="Septiembre"),0)),0)} -> 0 | AA23: {=IFERROR(INDEX(ejecuciones[Column1.ejecutado],MATCH(1,(ejecuciones[Column1.codigoIndicador]=A23)*(ejecuciones[periodo avance]="Diciembre"),0)),0)} -> 0 | AB23: =+X23+Y23+Z23+AA23 -> 0 | AC23: =+AB23/S23 -> 0 | AD23: =V23+AB23 -> 0 | AE23: =+AB23/R23 -> 0 | AF23: =AD23/S23 -> 0 | AG23: {=IFERROR(INDEX(ejecuciones[Column1.presupuestoProyectado],MATCH(1,(ejecuciones[Column1.codigoIndicador]=A23)*(ejecuciones[Column1.fechaDiligenciamiento]=_xlfn.MAXIFS(ejecuciones[Column1.fechaDiligenciamiento],ejecuciones[Column1.codigoIndicador],A23)),0)),0)} -> 53030857253 | AI23: {=IFERROR(INDEX(ejecuciones[Column1.presupuestoEjecutado],MATCH(1,(ejecuciones[Column1.codigoIndicador]=A23)*(ejecuciones[Column1.fechaDiligenciamiento]=_xlfn.MAXIFS(ejecuciones[Column1.fechaDiligenciamiento],ejecuciones[Column1.codigoIndicador],A23)),0)),0)} -> 0 | AJ23: =IFERROR(AI23/AG23,0) -> 0
A24: 23 | B24: SECRETARÍA DE SERVICIOS PÚBLICOS | C24: BOLIVAR ME ENAMORA CON JUSTICIA SOCIAL; CIERRE DE BRECHAS Y CALIDAD DE VIDA PARA TODOS | D24: BOLÍVAR ME ENAMORA CON SERVICIOS PÚBLICOS | E24: SERVICIOS PÚBLICOS | F24: 4003 | G24: ACCESO DE LA POBLACIÓN A LOS SERVICIOS DE AGUA POTABLE Y SANEAMIENTO BÁSICO | H24: AGUA POTABLE Y SANEAMIENTO BÁSICO (SIN INCLUIR PROYECTOS DE VIS) | I24: 35 | J24: AUMENTAR LA COBERTURA DE ACUEDUCTO | K24: 4003042 | L24: ESTUDIOS DE PREINVERSIÓN E INVERSIÓN | M24: ESTUDIOS O DISEÑOS REALIZADOS | N24: NÚMERO | O24: 0 | P24: N/A | Q24: N/A | R24: 1 | S24: 2 | U24: =+T24/S24 -> 0 | W24: =+V24/S24 -> 0 | X24: {=IFERROR(INDEX(ejecuciones[Column1.ejecutado],MATCH(1,(ejecuciones[Column1.codigoIndicador]=A24)*(ejecuciones[periodo avance]="Marzo"),0)),0)} -> 0 | Y24: {=IFERROR(INDEX(ejecuciones[Column1.ejecutado],MATCH(1,(ejecuciones[Column1.codigoIndicador]=A24)*(ejecuciones[periodo avance]="Junio"),0)),0)} -> 0 | Z24: {=IFERROR(INDEX(ejecuciones[Column1.ejecutado],MATCH(1,(ejecuciones[Column1.codigoIndicador]=A24)*(ejecuciones[periodo avance]="Septiembre"),0)),0)} -> 0 | AA24: {=IFERROR(INDEX(ejecuciones[Column1.ejecutado],MATCH(1,(ejecuciones[Column1.codigoIndicador]=A24)*(ejecuciones[periodo avance]="Diciembre"),0)),0)} -> 0 | AB24: =+X24+Y24+Z24+AA24 -> 0 | AC24: =+AB24/S24 -> 0 | AD24: =V24+AB24 -> 0 | AE24: =+AB24/R24 -> 0 | AF24: =AD24/S24 -> 0 | AG24: {=IFERROR(INDEX(ejecuciones[Column1.presupuestoProyectado],MATCH(1,(ejecuciones[Column1.codigoIndicador]=A24)*(ejecuciones[Column1.fechaDiligenciamiento]=_xlfn.MAXIFS(ejecuciones[Column1.fechaDiligenciamiento],ejecuciones[Column1.codigoIndicador],A24)),0)),0)} -> 0 | AI24: {=IFERROR(INDEX(ejecuciones[Column1.presupuestoEjecutado],MATCH(1,(ejecuciones[Column1.codigoIndicador]=A24)*(ejecuciones[Column1.fechaDiligenciamiento]=_xlfn.MAXIFS(ejecuciones[Column1.fechaDiligenciamiento],ejecuciones[Column1.codigoIndicador],A24)),0)),0)} -> 0 | AJ24: =IFERROR(AI24/AG24,0) -> 0
A25: 24 | B25: SECRETARÍA DE SERVICIOS PÚBLICOS | C25: BOLIVAR ME ENAMORA CON JUSTICIA SOCIAL; CIERRE DE BRECHAS Y CALIDAD DE VIDA PARA TODOS | D25: BOLÍVAR ME ENAMORA CON SERVICIOS PÚBLICOS | E25: SERVICIOS PÚBLICOS | F25: 4003 | G25: ACCESO DE LA POBLACIÓN A LOS SERVICIOS DE AGUA POTABLE Y SANEAMIENTO BÁSICO | H25: AGUA POTABLE Y SANEAMIENTO BÁSICO (SIN INCLUIR PROYECTOS DE VIS) | I25: 36 | J25: AUMENTAR LA COBERTURA DE ACUEDUCTO | K25: 4003015, 4003016 y 4003017 | L25: ACUEDUCTOS CONSTRUIDOS | M25: ACUEDUCTOS CONSTRUIDOS, AMPLIADOS Y OPTIMIZADOS | N25: NÚMERO | O25: 0 | P25: N/A | Q25: N/A | R25: 1 | S25: 4 | U25: =+T25/S25 -> 0 | W25: =+V25/S25 -> 0 | X25: {=IFERROR(INDEX(ejecuciones[Column1.ejecutado],MATCH(1,(ejecuciones[Column1.codigoIndicador]=A25)*(ejecuciones[periodo avance]="Marzo"),0)),0)} -> 0 | Y25: {=IFERROR(INDEX(ejecuciones[Column1.ejecutado],MATCH(1,(ejecuciones[Column1.codigoIndicador]=A25)*(ejecuciones[periodo avance]="Junio"),0)),0)} -> 0 | Z25: {=IFERROR(INDEX(ejecuciones[Column1.ejecutado],MATCH(1,(ejecuciones[Column1.codigoIndicador]=A25)*(ejecuciones[periodo avance]="Septiembre"),0)),0)} -> 0 | AA25: {=IFERROR(INDEX(ejecuciones[Column1.ejecutado],MATCH(1,(ejecuciones[Column1.codigoIndicador]=A25)*(ejecuciones[periodo avance]="Diciembre"),0)),0)} -> 0 | AB25: =+X25+Y25+Z25+AA25 -> 0 | AC25: =+AB25/S25 -> 0 | AD25: =V25+AB25 -> 0 | AE25: =+AB25/R25 -> 0 | AF25: =AD25/S25 -> 0 | AG25: {=IFERROR(INDEX(ejecuciones[Column1.presupuestoProyectado],MATCH(1,(ejecuciones[Column1.codigoIndicador]=A25)*(ejecuciones[Column1.fechaDiligenciamiento]=_xlfn.MAXIFS(ejecuciones[Column1.fechaDiligenciamiento],ejecuciones[Column1.codigoIndicador],A25)),0)),0)} -> 7000000 | AI25: {=IFERROR(INDEX(ejecuciones[Column1.presupuestoEjecutado],MATCH(1,(ejecuciones[Column1.codigoIndicador]=A25)*(ejecuciones[Column1.fechaDiligenciamiento]=_xlfn.MAXIFS(ejecuciones[Column1.fechaDiligenciamiento],ejecuciones[Column1.codigoIndicador],A25)),0)),0)} -> 0 | AJ25: =IFERROR(AI25/AG25,0) -> 0
A26: 25 | B26: AGUAS DE BOLÍVAR S.A. E.S.P | C26: BOLIVAR ME ENAMORA CON JUSTICIA SOCIAL; CIERRE DE BRECHAS Y CALIDAD DE VIDA PARA TODOS | D26: BOLÍVAR ME ENAMORA EN HÁBITAT, VIVIENDA Y SERVICIOS PÚBLICOS | E26: SERVICIOS PÚBLICOS | F26: 4003 | G26: ACCESO DE LA POBLACIÓN A LOS SERVICIOS DE AGUA POTABLE Y SANEAMIENTO BÁSICO | H26: AGUA POTABLE Y SANEAMIENTO BÁSICO (SIN INCLUIR PROYECTOS DE VIS) | I26: 37 | J26: AUMENTAR LA COBERTURA DE ACUEDUCTO | K26: 4003015, 4003016 y 4003017 | L26: ACUEDUCTOS CONSTRUIDOS | M26: ACUEDUCTOS CONSTRUIDOS, AMPLIADOS Y OPTIMIZADOS | N26: NÚMERO | O26: 0 | P26: N/A | Q26: N/A | R26: 5 | S26: 14 | U26: =+T26/S26 -> 0 | W26: =+V26/S26 -> 0 | X26: {=IFERROR(INDEX(ejecuciones[Column1.ejecutado],MATCH(1,(ejecuciones[Column1.codigoIndicador]=A26)*(ejecuciones[periodo avance]="Marzo"),0)),0)} -> 2 | Y26: {=IFERROR(INDEX(ejecuciones[Column1.ejecutado],MATCH(1,(ejecuciones[Column1.codigoIndicador]=A26)*(ejecuciones[periodo avance]="Junio"),0)),0)} -> 0 | Z26: {=IFERROR(INDEX(ejecuciones[Column1.ejecutado],MATCH(1,(ejecuciones[Column1.codigoIndicador]=A26)*(ejecuciones[periodo avance]="Septiembre"),0)),0)} -> 0 | AA26: {=IFERROR(INDEX(ejecuciones[Column1.ejecutado],MATCH(1,(ejecuciones[Column1.codigoIndicador]=A26)*(ejecuciones[periodo avance]="Diciembre"),0)),0)} -> 0 | AB26: =+X26+Y26+Z26+AA26 -> 2 | AC26: =+AB26/S26 -> 0.14285714 | AD26: =V26+AB26 -> 2 | AE26: =+AB26/R26 -> 0.4 | AF26: =AD26/S26 -> 0.14285714 | AG26: {=IFERROR(INDEX(ejecuciones[Column1.presupuestoProyectado],MATCH(1,(ejecuciones[Column1.codigoIndicador]=A26)*(ejecuciones[Column1.fechaDiligenciamiento]=_xlfn.MAXIFS(ejecuciones[Column1.fechaDiligenciamiento],ejecuciones[Column1.codigoIndicador],A26)),0)),0)} -> 75918058716 | AI26: {=IFERROR(INDEX(ejecuciones[Column1.presupuestoEjecutado],MATCH(1,(ejecuciones[Column1.codigoIndicador]=A26)*(ejecuciones[Column1.fechaDiligenciamiento]=_xlfn.MAXIFS(ejecuciones[Column1.fechaDiligenciamiento],ejecuciones[Column1.codigoIndicador],A26)),0)),0)} -> 42361790845 | AJ26: =IFERROR(AI26/AG26,0) -> 0.5579936
A27: 26 | B27: AGUAS DE BOLÍVAR S.A. E.S.P | C27: BOLIVAR ME ENAMORA CON JUSTICIA SOCIAL; CIERRE DE BRECHAS Y CALIDAD DE VIDA PARA TODOS | D27: BOLÍVAR ME ENAMORA EN HÁBITAT, VIVIENDA Y SERVICIOS PÚBLICOS | E27: SERVICIOS PÚBLICOS | F27: 4003 | G27: ASEGURAMIENTO DE LA PRESTACIÓN DE SERVICIOS | H27: AGUA POTABLE Y SANEAMIENTO BÁSICO (SIN INCLUIR PROYECTOS DE VIS) | I27: 38 | J27: AUMENTAR ASISTENCIA TÉCNICA A MUNICIPIOS PARA LA PRESTACIÓN DE LOS SERVICIOS | K27: 4003002 | L27: SERVICIO DE ASISTENCIA TÉCNICA EN REGULACIÓN DE AGUA POTABLE Y SANEAMIENTO BÁSICO | M27: ENTIDADES TERRITORIALES ASISTIDAS TÉCNICAMENTE | N27: NÚMERO | O27: 0 | P27: 2023 | Q27: N/A | R27: 10 | S27: 45 | U27: =+T27/S27 -> 0 | W27: =+V27/S27 -> 0 | X27: {=IFERROR(INDEX(ejecuciones[Column1.ejecutado],MATCH(1,(ejecuciones[Column1.codigoIndicador]=A27)*(ejecuciones[periodo avance]="Marzo"),0)),0)} -> 0 | Y27: {=IFERROR(INDEX(ejecuciones[Column1.ejecutado],MATCH(1,(ejecuciones[Column1.codigoIndicador]=A27)*(ejecuciones[periodo avance]="Junio"),0)),0)} -> 0 | Z27: {=IFERROR(INDEX(ejecuciones[Column1.ejecutado],MATCH(1,(ejecuciones[Column1.codigoIndicador]=A27)*(ejecuciones[periodo avance]="Septiembre"),0)),0)} -> 0 | AA27: {=IFERROR(INDEX(ejecuciones[Column1.ejecutado],MATCH(1,(ejecuciones[Column1.codigoIndicador]=A27)*(ejecuciones[periodo avance]="Diciembre"),0)),0)} -> 0 | AB27: =+X27+Y27+Z27+AA27 -> 0 | AC27: =+AB27/S27 -> 0 | AD27: =V27+AB27 -> 0 | AE27: =+AB27/R27 -> 0 | AF27: =AD27/S27 -> 0 | AG27: {=IFERROR(INDEX(ejecuciones[Column1.presupuestoProyectado],MATCH(1,(ejecuciones[Column1.codigoIndicador]=A27)*(ejecuciones[Column1.fechaDiligenciamiento]=_xlfn.MAXIFS(ejecuciones[Column1.fechaDiligenciamiento],ejecuciones[Column1.codigoIndicador],A27)),0)),0)} -> 7994300000 | AI27: {=IFERROR(INDEX(ejecuciones[Column1.presupuestoEjecutado],MATCH(1,(ejecuciones[Column1.codigoIndicador]=A27)*(ejecuciones[Column1.fechaDiligenciamiento]=_xlfn.MAXIFS(ejecuciones[Column1.fechaDiligenciamiento],ejecuciones[Column1.codigoIndicador],A27)),0)),0)} -> 2000000000 | AJ27: =IFERROR(AI27/AG27,0) -> 0.25017825
A28: 27 | B28: SECRETARÍA DE DESARROLLO ECONÓMICO - DIRECCIÓN VIVIENDA | C28: BOLIVAR ME ENAMORA CON JUSTICIA SOCIAL; CIERRE DE BRECHAS Y CALIDAD DE VIDA PARA TODOS | D28: BOLÍVAR ME ENAMORA EN HÁBITAT, VIVIENDA Y SERVICIOS PÚBLICOS | E28: BOLÍVAR MI CASA ME ENAMORA | F28: 4001 | G28: ACCESO A SOLUCIONES DE VIVIENDA | H28: VIVIENDA | I28: 39 | J28: APOYO A LOS MUNICIPIOS Y/ O PREDIOS DE LA GOBERNACION, EN LA CONSTRUCCION Y ELABORACION DE PRODUCTOS ENCAMINADOS A LA LEGALIZACION DE PREDIOS FISCALES. | K28: 4001001 | L28: SERVICIO DE ASISTENCIA TÉCNICA Y JURÍDICA EN SANEAMIENTO Y TITULACIÓN DE PREDIOS | M28: ENTIDADES TERRITORIALES ASISTIDAS TÉCNICA Y JURÍDICAMENTE | N28: NUMERO | O28: 0 | P28: N/A | Q28: N/A | R28: 4 | S28: 15 | U28: =+T28/S28 -> 0 | W28: =+V28/S28 -> 0 | X28: {=IFERROR(INDEX(ejecuciones[Column1.ejecutado],MATCH(1,(ejecuciones[Column1.codigoIndicador]=A28)*(ejecuciones[periodo avance]="Marzo"),0)),0)} -> 0 | Y28: {=IFERROR(INDEX(ejecuciones[Column1.ejecutado],MATCH(1,(ejecuciones[Column1.codigoIndicador]=A28)*(ejecuciones[periodo avance]="Junio"),0)),0)} -> 0 | Z28: {=IFERROR(INDEX(ejecuciones[Column1.ejecutado],MATCH(1,(ejecuciones[Column1.codigoIndicador]=A28)*(ejecuciones[periodo avance]="Septiembre"),0)),0)} -> 0 | AA28: {=IFERROR(INDEX(ejecuciones[Column1.ejecutado],MATCH(1,(ejecuciones[Column1.codigoIndicador]=A28)*(ejecuciones[periodo avance]="Diciembre"),0)),0)} -> 0 | AB28: =+X28+Y28+Z28+AA28 -> 0 | AC28: =+AB28/S28 -> 0 | AD28: =V28+AB28 -> 0 | AE28: =+AB28/R28 -> 0 | AF28: =AD28/S28 -> 0 | AG28: {=IFERROR(INDEX(ejecuciones[Column1.presupuestoProyectado],MATCH(1,(ejecuciones[Column1.codigoIndicador]=A28)*(ejecuciones[Column1.fechaDiligenciamiento]=_xlfn.MAXIFS(ejecuciones[Column1.fechaDiligenciamiento],ejecuciones[Column1.codigoIndicador],A28)),0)),0)} -> 0 | AI28: {=IFERROR(INDEX(ejecuciones[Column1.presupuestoEjecutado],MATCH(1,(ejecuciones[Column1.codigoIndicador]=A28)*(ejecuciones[Column1.fechaDiligenciamiento]=_xlfn.MAXIFS(ejecuciones[Column1.fechaDiligenciamiento],ejecuciones[Column1.codigoIndicador],A28)),0)),0)} -> 0 | AJ28: =IFERROR(AI28/AG28,0) -> 0
A29: 28 | B29: SECRETARÍA DE DESARROLLO ECONÓMICO - DIRECCIÓN VIVIENDA | C29: BOLIVAR ME ENAMORA CON JUSTICIA SOCIAL; CIERRE DE BRECHAS Y CALIDAD DE VIDA PARA TODOS | D29: BOLÍVAR ME ENAMORA EN HÁBITAT, VIVIENDA Y SERVICIOS PÚBLICOS | E29: BOLÍVAR MI CASA ME ENAMORA | F29: 4001 | G29: ACCESO A SOLUCIONES DE VIVIENDA | H29: VIVIENDA | I29: 40 | J29: ASIGNACION DE SUBSIDIOS PARCIALES BAJO LA MODALIDAD , EN COJUNTO CON CONSTRUCCTORES DONDE LA GOBERNACION COLOQUE EL LOTE Y SE ADJUDIQUE ESTE COMO SUBSIDIO PARCIAL DE LA VIVIENDA. | K29: 4001032 | L29: SERVICIO DE APOYO FINANCIERO PARA MEJORAMIENTO DE VIVIENDA | M29: SUBSIDIOS PARA MEJORAMIENTO DE VIVIENDA ASIGNADOS A POBLACIÓN | N29: NUMERO | O29: 0 | P29: N/A | Q29: N/A | R29: 150 | S29: 500 | U29: =+T29/S29 -> 0 | W29: =+V29/S29 -> 0 | X29: {=IFERROR(INDEX(ejecuciones[Column1.ejecutado],MATCH(1,(ejecuciones[Column1.codigoIndicador]=A29)*(ejecuciones[periodo avance]="Marzo"),0)),0)} -> 0 | Y29: {=IFERROR(INDEX(ejecuciones[Column1.ejecutado],MATCH(1,(ejecuciones[Column1.codigoIndicador]=A29)*(ejecuciones[periodo avance]="Junio"),0)),0)} -> 0 | Z29: {=IFERROR(INDEX(ejecuciones[Column1.ejecutado],MATCH(1,(ejecuciones[Column1.codigoIndicador]=A29)*(ejecuciones[periodo avance]="Septiembre"),0)),0)} -> 0 | AA29: {=IFERROR(INDEX(ejecuciones[Column1.ejecutado],MATCH(1,(ejecuciones[Column1.codigoIndicador]=A29)*(ejecuciones[periodo avance]="Diciembre"),0)),0)} -> 0 | AB29: =+X29+Y29+Z29+AA29 -> 0 | AC29: =+AB29/S29 -> 0 | AD29: =V29+AB29 -> 0 | AE29: =+AB29/R29 -> 0 | AF29: =AD29/S29 -> 0 | AG29: {=IFERROR(INDEX(ejecuciones[Column1.presupuestoProyectado],MATCH(1,(ejecuciones[Column1.codigoIndicador]=A29)*(ejecuciones[Column1.fechaDiligenciamiento]=_xlfn.MAXIFS(ejecuciones[Column1.fechaDiligenciamiento],ejecuciones[Column1.codigoIndicador],A29)),0)),0)} -> 0 | AI29: {=IFERROR(INDEX(ejecuciones[Column1.presupuestoEjecutado],MATCH(1,(ejecuciones[Column1.codigoIndicador]=A29)*(ejecuciones[Column1.fechaDiligenciamiento]=_xlfn.MAXIFS(ejecuciones[Column1.fechaDiligenciamiento],ejecuciones[Column1.codigoIndicador],A29)),0)),0)} -> 0 | AJ29: =IFERROR(AI29/AG29,0) -> 0
A30: 29 | B30: SECRETARÍA DE DESARROLLO ECONÓMICO - DIRECCIÓN VIVIENDA | C30: BOLIVAR ME ENAMORA CON JUSTICIA SOCIAL; CIERRE DE BRECHAS Y CALIDAD DE VIDA PARA TODOS | D30: BOLÍVAR ME ENAMORA EN HÁBITAT, VIVIENDA Y SERVICIOS PÚBLICOS | E30: BOLÍVAR MI CASA ME ENAMORA | F30: 4001 | G30: ACCESO A SOLUCIONES DE VIVIENDA | H30: VIVIENDA | I30: 41 | J30: CONSTRUIR 100 VIVIENDAS | K30: 4001043 | L30: VIVIENDA DE INTERÉS SOCIAL CONSTRUIDAS EN SITIO PROPIO | M30: VIVIENDA DE INTERÉS SOCIAL CONSTRUIDAS EN SITIO PROPIO | N30: NUMERO | O30: 0 | P30: N/A | Q30: N/A | R30: 25 | S30: 100 | U30: =+T30/S30 -> 0 | W30: =+V30/S30 -> 0 | X30: {=IFERROR(INDEX(ejecuciones[Column1.ejecutado],MATCH(1,(ejecuciones[Column1.codigoIndicador]=A30)*(ejecuciones[periodo avance]="Marzo"),0)),0)} -> 15 | Y30: {=IFERROR(INDEX(ejecuciones[Column1.ejecutado],MATCH(1,(ejecuciones[Column1.codigoIndicador]=A30)*(ejecuciones[periodo avance]="Junio"),0)),0)} -> 0 | Z30: {=IFERROR(INDEX(ejecuciones[Column1.ejecutado],MATCH(1,(ejecuciones[Column1.codigoIndicador]=A30)*(ejecuciones[periodo avance]="Septiembre"),0)),0)} -> 0 | AA30: {=IFERROR(INDEX(ejecuciones[Column1.ejecutado],MATCH(1,(ejecuciones[Column1.codigoIndicador]=A30)*(ejecuciones[periodo avance]="Diciembre"),0)),0)} -> 0 | AB30: =+X30+Y30+Z30+AA30 -> 15 | AC30: =+AB30/S30 -> 0.15 | AD30: =V30+AB30 -> 15 | AE30: =+AB30/R30 -> 0.6 | AF30: =AD30/S30 -> 0.15 | AG30: {=IFERROR(INDEX(ejecuciones[Column1.presupuestoProyectado],MATCH(1,(ejecuciones[Column1.codigoIndicador]=A30)*(ejecuciones[Column1.fechaDiligenciamiento]=_xlfn.MAXIFS(ejecuciones[Column1.fechaDiligenciamiento],ejecuciones[Column1.codigoIndicador],A30)),0)),0)} -> 0 | AI30: {=IFERROR(INDEX(ejecuciones[Column1.presupuestoEjecutado],MATCH(1,(ejecuciones[Column1.codigoIndicador]=A30)*(ejecuciones[Column1.fechaDiligenciamiento]=_xlfn.MAXIFS(ejecuciones[Column1.fechaDiligenciamiento],ejecuciones[Column1.codigoIndicador],A30)),0)),0)} -> 0 | AJ30: =IFERROR(AI30/AG30,0) -> 0
A31: 30 | B31: SECRETARÍA DE DESARROLLO ECONÓMICO - DIRECCIÓN VIVIENDA | C31: BOLIVAR ME ENAMORA CON JUSTICIA SOCIAL; CIERRE DE BRECHAS Y CALIDAD DE VIDA PARA TODOS | D31: BOLÍVAR ME ENAMORA EN HÁBITAT, VIVIENDA Y SERVICIOS PÚBLICOS | E31: BOLÍVAR MI CASA ME ENAMORA | F31: 4001 | G31: ACCESO A SOLUCIONES DE VIVIENDA | H31: VIVIENDA | I31: 42 | J31: 4 PROYECTOS URBANISTICOS APTOS PARA LA CONSTRUCCIÓN DE VIVIENDA | K31: 4002014 | L31: SERVICIO DE APOYO FINANCIERO EN OPERACIONES URBANAS ESPECIALES | M31: PROYECTOS APOYADOS FINANCIERAMENTE EN OPERACIONES URBANAS ESPECIALES | N31: NUMERO | O31: 0 | P31: N/A | Q31: N/A | R31: 1 | S31: 4 | U31: =+T31/S31 -> 0 | W31: =+V31/S31 -> 0 | X31: {=IFERROR(INDEX(ejecuciones[Column1.ejecutado],MATCH(1,(ejecuciones[Column1.codigoIndicador]=A31)*(ejecuciones[periodo avance]="Marzo"),0)),0)} -> 0 | Y31: {=IFERROR(INDEX(ejecuciones[Column1.ejecutado],MATCH(1,(ejecuciones[Column1.codigoIndicador]=A31)*(ejecuciones[periodo avance]="Junio"),0)),0)} -> 3 | Z31: {=IFERROR(INDEX(ejecuciones[Column1.ejecutado],MATCH(1,(ejecuciones[Column1.codigoIndicador]=A31)*(ejecuciones[periodo avance]="Septiembre"),0)),0)} -> 0 | AA31: {=IFERROR(INDEX(ejecuciones[Column1.ejecutado],MATCH(1,(ejecuciones[Column1.codigoIndicador]=A31)*(ejecuciones[periodo avance]="Diciembre"),0)),0)} -> 0 | AB31: =+X31+Y31+Z31+AA31 -> 3 | AC31: =+AB31/S31 -> 0.75 | AD31: =V31+AB31 -> 3 | AE31: =+AB31/R31 -> 3 | AF31: =AD31/S31 -> 0.75 | AG31: {=IFERROR(INDEX(ejecuciones[Column1.presupuestoProyectado],MATCH(1,(ejecuciones[Column1.codigoIndicador]=A31)*(ejecuciones[Column1.fechaDiligenciamiento]=_xlfn.MAXIFS(ejecuciones[Column1.fechaDiligenciamiento],ejecuciones[Column1.codigoIndicador],A31)),0)),0)} -> 209200000 | AI31: {=IFERROR(INDEX(ejecuciones[Column1.presupuestoEjecutado],MATCH(1,(ejecuciones[Column1.codigoIndicador]=A31)*(ejecuciones[Column1.fechaDiligenciamiento]=_xlfn.MAXIFS(ejecuciones[Column1.fechaDiligenciamiento],ejecuciones[Column1.codigoIndicador],A31)),0)),0)} -> 130800000 | AJ31: =IFERROR(AI31/AG31,0) -> 0.62523901
A32: 31 | B32: SECRETARÍA DE DESARROLLO ECONÓMICO - DIRECCIÓN VIVIENDA | C32: BOLIVAR ME ENAMORA CON JUSTICIA SOCIAL; CIERRE DE BRECHAS Y CALIDAD DE VIDA PARA TODOS | D32: BOLÍVAR ME ENAMORA EN HÁBITAT, VIVIENDA Y SERVICIOS PÚBLICOS | E32: BOLÍVAR MI CASA ME ENAMORA | F32: 4001 | G32: ACCESO A SOLUCIONES DE VIVIENDA | H32: VIVIENDA | I32: 43 | J32: CAPACITAR, INFORMAR, ASESORAR, Y APOYAR A LAS DIFERENTES COMUNIDADES PARA FACILITAR SU ACCESO A LOS SUBSIDIOS, PROGRAMAS DE AUTOCONSTRUCCION, PROCESOS DE MEJORAMIENTO DE LA CALIDAD DE VIDA, ETC QUE OFRECE EL ESTADO. | K32: 4001045 | L32: SERVICIO DE ASISTENCIA TÉCNICA PARA LA FORMULACIÓN E IMPLEMENTACIÓN DE LA POLÍTICA DE VIVIENDA | M32: ASISTENCIAS TÉCNICAS REALIZADAS | N32: NUMERO | O32: 0 | P32: N/A | Q32: N/A | R32: 15 | S32: 60 | U32: =+T32/S32 -> 0 | W32: =+V32/S32 -> 0 | X32: {=IFERROR(INDEX(ejecuciones[Column1.ejecutado],MATCH(1,(ejecuciones[Column1.codigoIndicador]=A32)*(ejecuciones[periodo avance]="Marzo"),0)),0)} -> 3 | Y32: {=IFERROR(INDEX(ejecuciones[Column1.ejecutado],MATCH(1,(ejecuciones[Column1.codigoIndicador]=A32)*(ejecuciones[periodo avance]="Junio"),0)),0)} -> 3 | Z32: {=IFERROR(INDEX(ejecuciones[Column1.ejecutado],MATCH(1,(ejecuciones[Column1.codigoIndicador]=A32)*(ejecuciones[periodo avance]="Septiembre"),0)),0)} -> 0 | AA32: {=IFERROR(INDEX(ejecuciones[Column1.ejecutado],MATCH(1,(ejecuciones[Column1.codigoIndicador]=A32)*(ejecuciones[periodo avance]="Diciembre"),0)),0)} -> 0 | AB32: =+X32+Y32+Z32+AA32 -> 6 | AC32: =+AB32/S32 -> 0.1 | AD32: =V32+AB32 -> 6 | AE32: =+AB32/R32 -> 0.4 | AF32: =AD32/S32 -> 0.1 | AG32: {=IFERROR(INDEX(ejecuciones[Column1.presupuestoProyectado],MATCH(1,(ejecuciones[Column1.codigoIndicador]=A32)*(ejecuciones[Column1.fechaDiligenciamiento]=_xlfn.MAXIFS(ejecuciones[Column1.fechaDiligenciamiento],ejecuciones[Column1.codigoIndicador],A32)),0)),0)} -> 313800000 | AI32: {=IFERROR(INDEX(ejecuciones[Column1.presupuestoEjecutado],MATCH(1,(ejecuciones[Column1.codigoIndicador]=A32)*(ejecuciones[Column1.fechaDiligenciamiento]=_xlfn.MAXIFS(ejecuciones[Column1.fechaDiligenciamiento],ejecuciones[Column1.codigoIndicador],A32)),0)),0)} -> 196200000 | AJ32: =IFERROR(AI32/AG32,0) -> 0.62523901
A33: 32 | B33: SECRETARÍA DE DESARROLLO ECONÓMICO - DIRECCIÓN VIVIENDA | C33: BOLIVAR ME ENAMORA CON JUSTICIA SOCIAL; CIERRE DE BRECHAS Y CALIDAD DE VIDA PARA TODOS | D33: BOLÍVAR ME ENAMORA EN HÁBITAT, VIVIENDA Y SERVICIOS PÚBLICOS | E33: BOLÍVAR MI CASA ME ENAMORA | F33: 4001 | G33: ACCESO A SOLUCIONES DE VIVIENDA | H33: VIVIENDA | I33: 44 | J33: DISMINUIR EL DEFICIT CUANTITATIVO DE VIVIENDA ATRAVEZ DE A LA ASIGNACION DE UN SUBSIDIO FAMILIAR / APOYO FINANCIERO PARA ACCEDER A MEJORAMIENTO, REPARACIÓN Y/O RECONSTRUCCIÓN DE VIVIENDA. | K33: 4001032 | L33: SERVICIO DE APOYO FINANCIERO PARA MEJORAMIENTO DE VIVIENDA | M33: HOGARES BENEFICIADOS CON MEJORAMIENTO DE UNA VIVIENDA | N33: NUMERO | O33: 0 | P33: N/A | Q33: N/A | R33: 1500 | S33: 5000 | U33: =+T33/S33 -> 0 | W33: =+V33/S33 -> 0 | X33: {=IFERROR(INDEX(ejecuciones[Column1.ejecutado],MATCH(1,(ejecuciones[Column1.codigoIndicador]=A33)*(ejecuciones[periodo avance]="Marzo"),0)),0)} -> 200 | Y33: {=IFERROR(INDEX(ejecuciones[Column1.ejecutado],MATCH(1,(ejecuciones[Column1.codigoIndicador]=A33)*(ejecuciones[periodo avance]="Junio"),0)),0)} -> 5 | Z33: {=IFERROR(INDEX(ejecuciones[Column1.ejecutado],MATCH(1,(ejecuciones[Column1.codigoIndicador]=A33)*(ejecuciones[periodo avance]="Septiembre"),0)),0)} -> 0 | AA33: {=IFERROR(INDEX(ejecuciones[Column1.ejecutado],MATCH(1,(ejecuciones[Column1.codigoIndicador]=A33)*(ejecuciones[periodo avance]="Diciembre"),0)),0)} -> 0 | AB33: =+X33+Y33+Z33+AA33 -> 205 | AC33: =+AB33/S33 -> 0.041 | AD33: =V33+AB33 -> 205 | AE33: =+AB33/R33 -> 0.13666667 | AF33: =AD33/S33 -> 0.041 | AG33: {=IFERROR(INDEX(ejecuciones[Column1.presupuestoProyectado],MATCH(1,(ejecuciones[Column1.codigoIndicador]=A33)*(ejecuciones[Column1.fechaDiligenciamiento]=_xlfn.MAXIFS(ejecuciones[Column1.fechaDiligenciamiento],ejecuciones[Column1.codigoIndicador],A33)),0)),0)} -> 18720000000 | AI33: {=IFERROR(INDEX(ejecuciones[Column1.presupuestoEjecutado],MATCH(1,(ejecuciones[Column1.codigoIndicador]=A33)*(ejecuciones[Column1.fechaDiligenciamiento]=_xlfn.MAXIFS(ejecuciones[Column1.fechaDiligenciamiento],ejecuciones[Column1.codigoIndicador],A33)),0)),0)} -> 2912000000 | AJ33: =IFERROR(AI33/AG33,0) -> 0.15555556
A34: 33 | B34: ICULTUR | C34: BOLIVAR ME ENAMORA CON JUSTICIA SOCIAL; CIERRE DE BRECHAS Y CALIDAD DE VIDA PARA TODOS | D34: BOLÍVAR ME ENAMORA EN ARTE, CULTURA Y PATRIMONIO. | E34: CULTURA DE PAZ | F34: 3301 | G34: PROMOCIÓN Y ACCESO EFECTIVO A PROCESOS CULTURALES Y ARTÍSTICOS | H34: FORMACIÓN, CAPACITACIÓN E INVESTIGACIÓN ARTÍSTICA Y CULTURAL | I34: 45 | J34: OFERTA EDUCATIVA ENTREGADA A AGENTES CULTURALES | K34: 3301051 | L34: SERVICIO DE EDUCACIÓN INFORMAL AL SECTOR ARTÍSTICO Y CULTURAL | M34: GESTORES CULTURALES CAPACITADOS | N34: NÚMERO DE PERSONAS | O34: 250 | P34: 2023 | Q34: ICULTUR | R34: 100 | S34: 300 | U34: =+T34/S34 -> 0 | W34: =+V34/S34 -> 0 | X34: {=IFERROR(INDEX(ejecuciones[Column1.ejecutado],MATCH(1,(ejecuciones[Column1.codigoIndicador]=A34)*(ejecuciones[periodo avance]="Marzo"),0)),0)} -> 465 | Y34: {=IFERROR(INDEX(ejecuciones[Column1.ejecutado],MATCH(1,(ejecuciones[Column1.codigoIndicador]=A34)*(ejecuciones[periodo avance]="Junio"),0)),0)} -> 414 | Z34: {=IFERROR(INDEX(ejecuciones[Column1.ejecutado],MATCH(1,(ejecuciones[Column1.codigoIndicador]=A34)*(ejecuciones[periodo avance]="Septiembre"),0)),0)} -> 0 | AA34: {=IFERROR(INDEX(ejecuciones[Column1.ejecutado],MATCH(1,(ejecuciones[Column1.codigoIndicador]=A34)*(ejecuciones[periodo avance]="Diciembre"),0)),0)} -> 0 | AB34: =+X34+Y34+Z34+AA34 -> 879 | AC34: =+AB34/S34 -> 2.93 | AD34: =V34+AB34 -> 879 | AE34: =+AB34/R34 -> 8.79 | AF34: =AD34/S34 -> 2.93 | AG34: {=IFERROR(INDEX(ejecuciones[Column1.presupuestoProyectado],MATCH(1,(ejecuciones[Column1.codigoIndicador]=A34)*(ejecuciones[Column1.fechaDiligenciamiento]=_xlfn.MAXIFS(ejecuciones[Column1.fechaDiligenciamiento],ejecuciones[Column1.codigoIndicador],A34)),0)),0)} -> 393565217 | AI34: {=IFERROR(INDEX(ejecuciones[Column1.presupuestoEjecutado],MATCH(1,(ejecuciones[Column1.codigoIndicador]=A34)*(ejecuciones[Column1.fechaDiligenciamiento]=_xlfn.MAXIFS(ejecuciones[Column1.fechaDiligenciamiento],ejecuciones[Column1.codigoIndicador],A34)),0)),0)} -> 98391304 | AJ34: =IFERROR(AI34/AG34,0) -> 0.25
A35: 34 | B35: ICULTUR | C35: BOLIVAR ME ENAMORA CON JUSTICIA SOCIAL; CIERRE DE BRECHAS Y CALIDAD DE VIDA PARA TODOS | D35: BOLÍVAR ME ENAMORA EN ARTE, CULTURA Y PATRIMONIO. | E35: MEMORIA, SABERES Y TERRITORIOS BIOCULTURALES | F35: 3301 | G35: PROMOCIÓN Y ACCESO EFECTIVO A PROCESOS CULTURALES Y ARTÍSTICOS | H35: FORMACIÓN, CAPACITACIÓN E INVESTIGACIÓN ARTÍSTICA Y CULTURAL | I35: 46 | J35: BENEFICIO ECONÓMICO PERIÓDICO ENTREGADO A LOS CREADORES Y GESTORES CULTURALES | K35: 3301128 | L35: SERVICIO DE APOYO FINANCIERO PARA CREADORES Y GESTORES CULTURALES | M35: CREADORES Y GESTORES CULTURALES BENEFICIADOS | N35: NÚMERO | O35: 250 | P35: 2023 | Q35: ICULTUR | R35: 50 | S35: 150 | U35: =+T35/S35 -> 0 | W35: =+V35/S35 -> 0 | X35: {=IFERROR(INDEX(ejecuciones[Column1.ejecutado],MATCH(1,(ejecuciones[Column1.codigoIndicador]=A35)*(ejecuciones[periodo avance]="Marzo"),0)),0)} -> 0 | Y35: {=IFERROR(INDEX(ejecuciones[Column1.ejecutado],MATCH(1,(ejecuciones[Column1.codigoIndicador]=A35)*(ejecuciones[periodo avance]="Junio"),0)),0)} -> 0 | Z35: {=IFERROR(INDEX(ejecuciones[Column1.ejecutado],MATCH(1,(ejecuciones[Column1.codigoIndicador]=A35)*(ejecuciones[periodo avance]="Septiembre"),0)),0)} -> 0 | AA35: {=IFERROR(INDEX(ejecuciones[Column1.ejecutado],MATCH(1,(ejecuciones[Column1.codigoIndicador]=A35)*(ejecuciones[periodo avance]="Diciembre"),0)),0)} -> 0 | AB35: =+X35+Y35+Z35+AA35 -> 0 | AC35: =+AB35/S35 -> 0 | AD35: =V35+AB35 -> 0 | AE35: =+AB35/R35 -> 0 | AF35: =AD35/S35 -> 0 | AG35: {=IFERROR(INDEX(ejecuciones[Column1.presupuestoProyectado],MATCH(1,(ejecuciones[Column1.codigoIndicador]=A35)*(ejecuciones[Column1.fechaDiligenciamiento]=_xlfn.MAXIFS(ejecuciones[Column1.fechaDiligenciamiento],ejecuciones[Column1.codigoIndicador],A35)),0)),0)} -> 0 | AI35: {=IFERROR(INDEX(ejecuciones[Column1.presupuestoEjecutado],MATCH(1,(ejecuciones[Column1.codigoIndicador]=A35)*(ejecuciones[Column1.fechaDiligenciamiento]=_xlfn.MAXIFS(ejecuciones[Column1.fechaDiligenciamiento],ejecuciones[Column1.codigoIndicador],A35)),0)),0)} -> 0 | AJ35: =IFERROR(AI35/AG35,0) -> 0
A36: 35 | B36: ICULTUR | C36: BOLIVAR ME ENAMORA CON JUSTICIA SOCIAL; CIERRE DE BRECHAS Y CALIDAD DE VIDA PARA TODOS | D36: BOLÍVAR ME ENAMORA EN ARTE, CULTURA Y PATRIMONIO. | E36: CULTURA DE PAZ | F36: 3301 | G36: PROMOCIÓN Y ACCESO EFECTIVO A PROCESOS CULTURALES Y ARTÍSTICOS | H36: FOMENTO, APOYO Y DIFUSIÓN DE EVENTOS Y EXPRESIONES ARTÍSTICAS Y CULTURALES | I36: 48 | J36: ESTÍMULOS ECONÓMICOS ENTREGADOS A LOS ACTORES DEL SECTOR ARTÍSTICO Y CULTURAL, | K36: 3301054 | L36: SERVICIO DE APOYO FINANCIERO AL SECTOR ARTÍSTICO Y CULTURAL | M36: ESTÍMULOS OTORGADOS | N36: NÚMERO | O36: 131 | P36: 2023 | Q36: ICULTUR | R36: 125 | S36: 400 | U36: =+T36/S36 -> 0 | W36: =+V36/S36 -> 0 | X36: {=IFERROR(INDEX(ejecuciones[Column1.ejecutado],MATCH(1,(ejecuciones[Column1.codigoIndicador]=A36)*(ejecuciones[periodo avance]="Marzo"),0)),0)} -> 0 | Y36: {=IFERROR(INDEX(ejecuciones[Column1.ejecutado],MATCH(1,(ejecuciones[Column1.codigoIndicador]=A36)*(ejecuciones[periodo avance]="Junio"),0)),0)} -> 0 | Z36: {=IFERROR(INDEX(ejecuciones[Column1.ejecutado],MATCH(1,(ejecuciones[Column1.codigoIndicador]=A36)*(ejecuciones[periodo avance]="Septiembre"),0)),0)} -> 0 | AA36: {=IFERROR(INDEX(ejecuciones[Column1.ejecutado],MATCH(1,(ejecuciones[Column1.codigoIndicador]=A36)*(ejecuciones[periodo avance]="Diciembre"),0)),0)} -> 0 | AB36: =+X36+Y36+Z36+AA36 -> 0 | AC36: =+AB36/S36 -> 0 | AD36: =V36+AB36 -> 0 | AE36: =+AB36/R36 -> 0 | AF36: =AD36/S36 -> 0 | AG36: {=IFERROR(INDEX(ejecuciones[Column1.presupuestoProyectado],MATCH(1,(ejecuciones[Column1.codigoIndicador]=A36)*(ejecuciones[Column1.fechaDiligenciamiento]=_xlfn.MAXIFS(ejecuciones[Column1.fechaDiligenciamiento],ejecuciones[Column1.codigoIndicador],A36)),0)),0)} -> 0 | AI36: {=IFERROR(INDEX(ejecuciones[Column1.presupuestoEjecutado],MATCH(1,(ejecuciones[Column1.codigoIndicador]=A36)*(ejecuciones[Column1.fechaDiligenciamiento]=_xlfn.MAXIFS(ejecuciones[Column1.fechaDiligenciamiento],ejecuciones[Column1.codigoIndicador],A36)),0)),0)} -> 0 | AJ36: =IFERROR(AI36/AG36,0) -> 0
A37: 36 | B37: ICULTUR | C37: BOLIVAR ME ENAMORA CON JUSTICIA SOCIAL; CIERRE DE BRECHAS Y CALIDAD DE VIDA PARA TODOS | D37: BOLÍVAR ME ENAMORA EN ARTE, CULTURA Y PATRIMONIO. | E37: MEMORIA, SABERES Y TERRITORIOS BIOCULTURALES | F37: 3302 | G37: GESTIÓN, PROTECCIÓN Y SALVAGUARDIA DEL PATRIMONIO CULTURAL COLOMBIANO | H37: FOMENTO, APOYO Y DIFUSIÓN DE EVENTOS Y EXPRESIONES ARTÍSTICAS Y CULTURALES | I37: 49 | J37: HACE REFERENCIA A LAS VISITAS DE ASISTENCIA TÉCNICA A LA INSTITUCIONALIDAD CULTURAL BRINDADAS A LOS CONSEJOS Y TERRITORIALES DE CULTURA Y A LOS GESTORES CULTURALES, EN TEMAS RELACIONADOS CON PROCESOS DE PLANEACIÓN, FORMULACIÓN DE PROYECTOS, FUENTES DE FINANCIACIÓN, FORMACIÓN Y PARTICIPACIÓN CIUDADANA. | K37: 3301095 | L37: SERVICIO DE ASISTENCIA TÉCNICA EN GESTIÓN ARTÍSTICA Y CULTURAL | M37: CONSEJOS TERRITORIALES ASISTIDOS TÉCNICAMENTE | N37: NÚMERO | O37: 1 | P37: 2023 | Q37: ICULTUR | R37: 1 | S37: 1 | U37: =+T37/S37 -> 0 | W37: =+V37/S37 -> 0 | X37: {=IFERROR(INDEX(ejecuciones[Column1.ejecutado],MATCH(1,(ejecuciones[Column1.codigoIndicador]=A37)*(ejecuciones[periodo avance]="Marzo"),0)),0)} -> 2 | Y37: {=IFERROR(INDEX(ejecuciones[Column1.ejecutado],MATCH(1,(ejecuciones[Column1.codigoIndicador]=A37)*(ejecuciones[periodo avance]="Junio"),0)),0)} -> 2 | Z37: {=IFERROR(INDEX(ejecuciones[Column1.ejecutado],MATCH(1,(ejecuciones[Column1.codigoIndicador]=A37)*(ejecuciones[periodo avance]="Septiembre"),0)),0)} -> 0 | AA37: {=IFERROR(INDEX(ejecuciones[Column1.ejecutado],MATCH(1,(ejecuciones[Column1.codigoIndicador]=A37)*(ejecuciones[periodo avance]="Diciembre"),0)),0)} -> 0 | AB37: =+X37+Y37+Z37+AA37 -> 4 | AC37: =+AB37/S37 -> 4 | AD37: =V37+AB37 -> 4 | AE37: =+AB37/R37 -> 4 | AF37: =AD37/S37 -> 4 | AG37: {=IFERROR(INDEX(ejecuciones[Column1.presupuestoProyectado],MATCH(1,(ejecuciones[Column1.codigoIndicador]=A37)*(ejecuciones[Column1.fechaDiligenciamiento]=_xlfn.MAXIFS(ejecuciones[Column1.fechaDiligenciamiento],ejecuciones[Column1.codigoIndicador],A37)),0)),0)} -> 78713043 | AI37: {=IFERROR(INDEX(ejecuciones[Column1.presupuestoEjecutado],MATCH(1,(ejecuciones[Column1.codigoIndicador]=A37)*(ejecuciones[Column1.fechaDiligenciamiento]=_xlfn.MAXIFS(ejecuciones[Column1.fechaDiligenciamiento],ejecuciones[Column1.codigoIndicador],A37)),0)),0)} -> 19678261 | AJ37: =IFERROR(AI37/AG37,0) -> 0.25
A38: 37 | B38: ICULTUR | C38: BOLIVAR ME ENAMORA CON JUSTICIA SOCIAL; CIERRE DE BRECHAS Y CALIDAD DE VIDA PARA TODOS | D38: BOLÍVAR ME ENAMORA EN ARTE, CULTURA Y PATRIMONIO. | E38: MEMORIA, SABERES Y TERRITORIOS BIOCULTURALES | F38: 3301 | G38: PROMOCIÓN Y ACCESO EFECTIVO A PROCESOS CULTURALES Y ARTÍSTICOS | H38: FOMENTO, APOYO Y DIFUSIÓN DE EVENTOS Y EXPRESIONES ARTÍSTICAS Y CULTURALES | I38: 50 | J38: CORRESPONDE A LA GENERACIÓN DE CONDICIONES PARA LA CREACIÓN, GESTIÓN, PRODUCCIÓN, DIFUSIÓN, CIRCULACIÓN Y APROPIACIÓN DE LAS PRÁCTICAS ARTÍSTICAS Y CONTENIDOS CULTURALES MEDIÁTICOS. INCLUYE LA CREACIÓN DE OBRAS, COPRODUCCIONES Y LA PRODUCCIÓN Y CIRCULACIÓN DE EXHIBICIONES, DE LOS AGENTES DEL SECTOR ARTÍSTICO Y CULTURAL, ASÍ COMO LA CIRCULACIÓN DE CONTENIDOS CULTURALES MEDIÁTICOS APOYADOS POR EL MINISTERIO DE CULTURA. | K38: 3302002 | L38: DOCUMENTOS DE LINEAMIENTOS TÉCNICOS | M38: DOCUMENTOS DE LINEAMIENTOS TÉCNICOS | N38: NÚMERO | O38: 0 | P38: 2023 | Q38: ICULTUR | R38: 1 | S38: 3 | U38: =+T38/S38 -> 0 | W38: =+V38/S38 -> 0 | X38: {=IFERROR(INDEX(ejecuciones[Column1.ejecutado],MATCH(1,(ejecuciones[Column1.codigoIndicador]=A38)*(ejecuciones[periodo avance]="Marzo"),0)),0)} -> 0 | Y38: {=IFERROR(INDEX(ejecuciones[Column1.ejecutado],MATCH(1,(ejecuciones[Column1.codigoIndicador]=A38)*(ejecuciones[periodo avance]="Junio"),0)),0)} -> 0 | Z38: {=IFERROR(INDEX(ejecuciones[Column1.ejecutado],MATCH(1,(ejecuciones[Column1.codigoIndicador]=A38)*(ejecuciones[periodo avance]="Septiembre"),0)),0)} -> 0 | AA38: {=IFERROR(INDEX(ejecuciones[Column1.ejecutado],MATCH(1,(ejecuciones[Column1.codigoIndicador]=A38)*(ejecuciones[periodo avance]="Diciembre"),0)),0)} -> 0 | AB38: =+X38+Y38+Z38+AA38 -> 0 | AC38: =+AB38/S38 -> 0 | AD38: =V38+AB38 -> 0 | AE38: =+AB38/R38 -> 0 | AF38: =AD38/S38 -> 0 | AG38: {=IFERROR(INDEX(ejecuciones[Column1.presupuestoProyectado],MATCH(1,(ejecuciones[Column1.codigoIndicador]=A38)*(ejecuciones[Column1.fechaDiligenciamiento]=_xlfn.MAXIFS(ejecuciones[Column1.fechaDiligenciamiento],ejecuciones[Column1.codigoIndicador],A38)),0)),0)} -> 0 | AI38: {=IFERROR(INDEX(ejecuciones[Column1.presupuestoEjecutado],MATCH(1,(ejecuciones[Column1.codigoIndicador]=A38)*(ejecuciones[Column1.fechaDiligenciamiento]=_xlfn.MAXIFS(ejecuciones[Column1.fechaDiligenciamiento],ejecuciones[Column1.codigoIndicador],A38)),0)),0)} -> 0 | AJ38: =IFERROR(AI38/AG38,0) -> 0
A39: 38 | B39: ICULTUR | C39: BOLIVAR ME ENAMORA CON JUSTICIA SOCIAL; CIERRE DE BRECHAS Y CALIDAD DE VIDA PARA TODOS | D39: BOLÍVAR ME ENAMORA EN ARTE, CULTURA Y PATRIMONIO. | E39: ECONOMÍA POPULAR CULTURAL | F39: 3301 | G39: PROMOCIÓN Y ACCESO EFECTIVO A PROCESOS CULTURALES Y ARTÍSTICOS | H39: FOMENTO, APOYO Y DIFUSIÓN DE EVENTOS Y EXPRESIONES ARTÍSTICAS Y CULTURALES | I39: 51 | J39: CORRESPONDE A LA ORGANIZACIÓN Y DESARROLLO DE ACTIVIDADES CULTURALES DE CARÁCTER PATRIMONIAL, LITERARIO, ARTÍSTICO, MUSICAL, ENTRE OTROS. TAMBIÉN LA REALIZACIÓN DE EVENTOS Y ACTIVIDADES CON LIBREROS Y ORGANIZACIONES RESPONSABLES DE FERIAS. ASÍ COMO ACTIVIDADES CULTURALES PARA EL GOCE DE LOS CIUDADANOS. | K39: 3301053 | L39: SERVICIO DE PROMOCIÓN DE ACTIVIDADES CULTURALES | M39: EVENTOS DE PROMOCIÓN DE ACTIVIDADES CULTURALES REALIZADOS | N39: NÚMERO | O39: 15 | P39: 2023 | Q39: ICULTUR | R39: 15 | S39: 15 | U39: =+T39/S39 -> 0 | W39: =+V39/S39 -> 0 | X39: {=IFERROR(INDEX(ejecuciones[Column1.ejecutado],MATCH(1,(ejecuciones[Column1.codigoIndicador]=A39)*(ejecuciones[periodo avance]="Marzo"),0)),0)} -> 7 | Y39: {=IFERROR(INDEX(ejecuciones[Column1.ejecutado],MATCH(1,(ejecuciones[Column1.codigoIndicador]=A39)*(ejecuciones[periodo avance]="Junio"),0)),0)} -> 6 | Z39: {=IFERROR(INDEX(ejecuciones[Column1.ejecutado],MATCH(1,(ejecuciones[Column1.codigoIndicador]=A39)*(ejecuciones[periodo avance]="Septiembre"),0)),0)} -> 0 | AA39: {=IFERROR(INDEX(ejecuciones[Column1.ejecutado],MATCH(1,(ejecuciones[Column1.codigoIndicador]=A39)*(ejecuciones[periodo avance]="Diciembre"),0)),0)} -> 0 | AB39: =+X39+Y39+Z39+AA39 -> 13 | AC39: =+AB39/S39 -> 0.86666667 | AD39: =V39+AB39 -> 13 | AE39: =+AB39/R39 -> 0.86666667 | AF39: =AD39/S39 -> 0.86666667 | AG39: {=IFERROR(INDEX(ejecuciones[Column1.presupuestoProyectado],MATCH(1,(ejecuciones[Column1.codigoIndicador]=A39)*(ejecuciones[Column1.fechaDiligenciamiento]=_xlfn.MAXIFS(ejecuciones[Column1.fechaDiligenciamiento],ejecuciones[Column1.codigoIndicador],A39)),0)),0)} -> 10888767118 | AI39: {=IFERROR(INDEX(ejecuciones[Column1.presupuestoEjecutado],MATCH(1,(ejecuciones[Column1.codigoIndicador]=A39)*(ejecuciones[Column1.fechaDiligenciamiento]=_xlfn.MAXIFS(ejecuciones[Column1.fechaDiligenciamiento],ejecuciones[Column1.codigoIndicador],A39)),0)),0)} -> 3153018700 | AJ39: =IFERROR(AI39/AG39,0) -> 0.28956618
A40: 39 | B40: ICULTUR | C40: BOLIVAR ME ENAMORA CON JUSTICIA SOCIAL; CIERRE DE BRECHAS Y CALIDAD DE VIDA PARA TODOS | D40: BOLÍVAR ME ENAMORA EN ARTE, CULTURA Y PATRIMONIO. | E40: ECONOMÍA POPULAR CULTURAL | F40: 3301 | G40: PROMOCIÓN Y ACCESO EFECTIVO A PROCESOS CULTURALES Y ARTÍSTICOS | H40: FOMENTO, APOYO Y DIFUSIÓN DE EVENTOS Y EXPRESIONES ARTÍSTICAS Y CULTURALES | I40: 52 | J40: SE REFIERE A ACTIVIDADES CULTURALES RELACIONADAS CON LAS EXPOSICIONES QUE SE REALIZAN Y DE DEMÁS ACTIVIDADES DE INTERÉS EDUCATIVO EN LOS MUSEOS DEL MINISTERIO DE CULTURA UBICADOS EN LAS REGIONES DEL PAÍS (TALLERES DE DIBUJO, BORDADO, PINTURA AL OLEO, MÚSICA, CICLOS DE TEATRO, CONCIERTOS, CONFERENCIAS, ETC.). | K40: 3302044 | L40: SERVICIO DE PROMOCIÓN DE ACTIVIDADES CULTURALES. | M40: ACTIVIDADES CULTURALES REALIZADAS EN MUSEOS DEL MINISTERIO DE CULTURA | N40: NÚMERO | O40: ND | P40: 2003 | Q40: ICULTUR | R40: 21 | S40: 21 | U40: =+T40/S40 -> 0 | W40: =+V40/S40 -> 0 | X40: {=IFERROR(INDEX(ejecuciones[Column1.ejecutado],MATCH(1,(ejecuciones[Column1.codigoIndicador]=A40)*(ejecuciones[periodo avance]="Marzo"),0)),0)} -> 0 | Y40: {=IFERROR(INDEX(ejecuciones[Column1.ejecutado],MATCH(1,(ejecuciones[Column1.codigoIndicador]=A40)*(ejecuciones[periodo avance]="Junio"),0)),0)} -> 8 | Z40: {=IFERROR(INDEX(ejecuciones[Column1.ejecutado],MATCH(1,(ejecuciones[Column1.codigoIndicador]=A40)*(ejecuciones[periodo avance]="Septiembre"),0)),0)} -> 0 | AA40: {=IFERROR(INDEX(ejecuciones[Column1.ejecutado],MATCH(1,(ejecuciones[Column1.codigoIndicador]=A40)*(ejecuciones[periodo avance]="Diciembre"),0)),0)} -> 0 | AB40: =+X40+Y40+Z40+AA40 -> 8 | AC40: =+AB40/S40 -> 0.38095238 | AD40: =V40+AB40 -> 8 | AE40: =+AB40/R40 -> 0.38095238 | AF40: =AD40/S40 -> 0.38095238 | AG40: {=IFERROR(INDEX(ejecuciones[Column1.presupuestoProyectado],MATCH(1,(ejecuciones[Column1.codigoIndicador]=A40)*(ejecuciones[Column1.fechaDiligenciamiento]=_xlfn.MAXIFS(ejecuciones[Column1.fechaDiligenciamiento],ejecuciones[Column1.codigoIndicador],A40)),0)),0)} -> 157426087 | AI40: {=IFERROR(INDEX(ejecuciones[Column1.presupuestoEjecutado],MATCH(1,(ejecuciones[Column1.codigoIndicador]=A40)*(ejecuciones[Column1.fechaDiligenciamiento]=_xlfn.MAXIFS(ejecuciones[Column1.fechaDiligenciamiento],ejecuciones[Column1.codigoIndicador],A40)),0)),0)} -> 0 | AJ40: =IFERROR(AI40/AG40,0) -> 0
A41: 40 | B41: ICULTUR | C41: BOLIVAR ME ENAMORA CON JUSTICIA SOCIAL; CIERRE DE BRECHAS Y CALIDAD DE VIDA PARA TODOS | D41: BOLÍVAR ME ENAMORA EN ARTE, CULTURA Y PATRIMONIO. | E41: INFRAESTRUCTURAS CULTURALES PARA LA VIDA | F41: 3301 | G41: PROMOCIÓN Y ACCESO EFECTIVO A PROCESOS CULTURALES Y ARTÍSTICOS | H41: FORMACIÓN, CAPACITACIÓN E INVESTIGACIÓN ARTÍSTICA Y CULTURAL | I41: 53 | J41: ASISTENCIAS TÉCNICAS A BIBLIOTECARIOS, ADMINISTRACIONES LOCALES, ENTIDADES PÚBLICAS Y PRIVADAS ENTRE OTROS, EN EL CAMPO DE LAS BIBLIOTECAS PÚBLICAS Y LA LECTURA. | K41: 3301065 | L41: SERVICIO DE ASISTENCIA TÉCNICA EN ASUNTOS DE GESTIÓN DE BIBLIOTECAS PÚBLICAS Y LECTURA. | M41: PERSONAS ASISTIDAS TÉCNICAMENTE | N41: PERSONAS ASISTIDAS TÉCNICAMENTE | O41: ND | P41: 2023 | Q41: ICULTUR | R41: 52 | S41: 52 | U41: =+T41/S41 -> 0 | W41: =+V41/S41 -> 0 | X41: {=IFERROR(INDEX(ejecuciones[Column1.ejecutado],MATCH(1,(ejecuciones[Column1.codigoIndicador]=A41)*(ejecuciones[periodo avance]="Marzo"),0)),0)} -> 52 | Y41: {=IFERROR(INDEX(ejecuciones[Column1.ejecutado],MATCH(1,(ejecuciones[Column1.codigoIndicador]=A41)*(ejecuciones[periodo avance]="Junio"),0)),0)} -> 52 | Z41: {=IFERROR(INDEX(ejecuciones[Column1.ejecutado],MATCH(1,(ejecuciones[Column1.codigoIndicador]=A41)*(ejecuciones[periodo avance]="Septiembre"),0)),0)} -> 0 | AA41: {=IFERROR(INDEX(ejecuciones[Column1.ejecutado],MATCH(1,(ejecuciones[Column1.codigoIndicador]=A41)*(ejecuciones[periodo avance]="Diciembre"),0)),0)} -> 0 | AB41: =+X41+Y41+Z41+AA41 -> 104 | AC41: =+AB41/S41 -> 2 | AD41: =V41+AB41 -> 104 | AE41: =+AB41/R41 -> 2 | AF41: =AD41/S41 -> 2 | AG41: {=IFERROR(INDEX(ejecuciones[Column1.presupuestoProyectado],MATCH(1,(ejecuciones[Column1.codigoIndicador]=A41)*(ejecuciones[Column1.fechaDiligenciamiento]=_xlfn.MAXIFS(ejecuciones[Column1.fechaDiligenciamiento],ejecuciones[Column1.codigoIndicador],A41)),0)),0)} -> 550000000 | AI41: {=IFERROR(INDEX(ejecuciones[Column1.presupuestoEjecutado],MATCH(1,(ejecuciones[Column1.codigoIndicador]=A41)*(ejecuciones[Column1.fechaDiligenciamiento]=_xlfn.MAXIFS(ejecuciones[Column1.fechaDiligenciamiento],ejecuciones[Column1.codigoIndicador],A41)),0)),0)} -> 137500000 | AJ41: =IFERROR(AI41/AG41,0) -> 0.25
A42: 41 | B42: ICULTUR | C42: BOLIVAR ME ENAMORA CON JUSTICIA SOCIAL; CIERRE DE BRECHAS Y CALIDAD DE VIDA PARA TODOS | D42: BOLÍVAR ME ENAMORA EN ARTE, CULTURA Y PATRIMONIO. | E42: INFRAESTRUCTURAS CULTURALES PARA LA VIDA | F42: 3301 | G42: PROMOCIÓN Y ACCESO EFECTIVO A PROCESOS CULTURALES Y ARTÍSTICOS | H42: FORMACIÓN, CAPACITACIÓN E INVESTIGACIÓN ARTÍSTICA Y CULTURAL | I42: 54 | J42: SON TODAS AQUELLAS INFRAESTRUCTURAS CULTURALES QUE SE CONSTRUYAN EN UN PREDIO O TERRENO DONDE NO EXISTEN ELEMENTOS O CONSTRUCCIONES PREVISTAS. | K42: 3301075 | L42: BIBLIOTECAS CONSTRUIDAS Y DOTADAS | M42: BIBLIOTECAS CONSTRUIDAS Y DOTADAS | N42: NÚMERO | O42: ND | P42: 2023 | Q42: ICULTUR | R42: 17 | S42: 52 | U42: =+T42/S42 -> 0 | W42: =+V42/S42 -> 0 | X42: {=IFERROR(INDEX(ejecuciones[Column1.ejecutado],MATCH(1,(ejecuciones[Column1.codigoIndicador]=A42)*(ejecuciones[periodo avance]="Marzo"),0)),0)} -> 0 | Y42: {=IFERROR(INDEX(ejecuciones[Column1.ejecutado],MATCH(1,(ejecuciones[Column1.codigoIndicador]=A42)*(ejecuciones[periodo avance]="Junio"),0)),0)} -> 52 | Z42: {=IFERROR(INDEX(ejecuciones[Column1.ejecutado],MATCH(1,(ejecuciones[Column1.codigoIndicador]=A42)*(ejecuciones[periodo avance]="Septiembre"),0)),0)} -> 0 | AA42: {=IFERROR(INDEX(ejecuciones[Column1.ejecutado],MATCH(1,(ejecuciones[Column1.codigoIndicador]=A42)*(ejecuciones[periodo avance]="Diciembre"),0)),0)} -> 0 | AB42: =+X42+Y42+Z42+AA42 -> 52 | AC42: =+AB42/S42 -> 1 | AD42: =V42+AB42 -> 52 | AE42: =+AB42/R42 -> 3.0588235 | AF42: =AD42/S42 -> 1 | AG42: {=IFERROR(INDEX(ejecuciones[Column1.presupuestoProyectado],MATCH(1,(ejecuciones[Column1.codigoIndicador]=A42)*(ejecuciones[Column1.fechaDiligenciamiento]=_xlfn.MAXIFS(ejecuciones[Column1.fechaDiligenciamiento],ejecuciones[Column1.codigoIndicador],A42)),0)),0)} -> 658760947 | AI42: {=IFERROR(INDEX(ejecuciones[Column1.presupuestoEjecutado],MATCH(1,(ejecuciones[Column1.codigoIndicador]=A42)*(ejecuciones[Column1.fechaDiligenciamiento]=_xlfn.MAXIFS(ejecuciones[Column1.fechaDiligenciamiento],ejecuciones[Column1.codigoIndicador],A42)),0)),0)} -> 400060947 | AJ42: =IFERROR(AI42/AG42,0) -> 0.60729305
A43: 42 | B43: ICULTUR | C43: BOLIVAR ME ENAMORA CON CRECIMIENTO ECONOMICO Y OPORTUNIDAD DE EMPLEO PARA TODOS | D43: BOLÍVAR ME ENAMORA EN TURISMO | E43: TURISMO DE TALLA MUNDIAL | F43: 3502 | G43: PRODUCTIVIDAD Y COMPETITIVIDAD DE LAS EMPRESAS COLOMBIANAS | H43: PROMOCIÓN DEL DESARROLLO TURÍSTICO | I43: 56 | J43: EVENTOS REALIZADOS PARA INTERCAMBIO DE EXPERIENCIAS Y GENERACIÓN DE ALIANZAS ENTRE INICIATIVAS CLÚSTERES | K43: 3502007 | L43: SERVICIO DE ASISTENCIA TÉCNICA PARA EL DESARROLLO DE INICIATIVAS CLÚSTERES | M43: PROGRAMAS DE GESTIÓN EMPRESARIAL EJECUTADOS EN UNIDADES PRODUCTIVAS | N43: NÚMERO | O43: 0 | P43: 2023 | Q43: ICULTUR | R43: 35 | S43: 140 | U43: =+T43/S43 -> 0 | W43: =+V43/S43 -> 0 | X43: {=IFERROR(INDEX(ejecuciones[Column1.ejecutado],MATCH(1,(ejecuciones[Column1.codigoIndicador]=A43)*(ejecuciones[periodo avance]="Marzo"),0)),0)} -> 18 | Y43: {=IFERROR(INDEX(ejecuciones[Column1.ejecutado],MATCH(1,(ejecuciones[Column1.codigoIndicador]=A43)*(ejecuciones[periodo avance]="Junio"),0)),0)} -> 14 | Z43: {=IFERROR(INDEX(ejecuciones[Column1.ejecutado],MATCH(1,(ejecuciones[Column1.codigoIndicador]=A43)*(ejecuciones[periodo avance]="Septiembre"),0)),0)} -> 0 | AA43: {=IFERROR(INDEX(ejecuciones[Column1.ejecutado],MATCH(1,(ejecuciones[Column1.codigoIndicador]=A43)*(ejecuciones[periodo avance]="Diciembre"),0)),0)} -> 0 | AB43: =+X43+Y43+Z43+AA43 -> 32 | AC43: =+AB43/S43 -> 0.22857143 | AD43: =V43+AB43 -> 32 | AE43: =+AB43/R43 -> 0.91428571 | AF43: =AD43/S43 -> 0.22857143 | AG43: {=IFERROR(INDEX(ejecuciones[Column1.presupuestoProyectado],MATCH(1,(ejecuciones[Column1.codigoIndicador]=A43)*(ejecuciones[Column1.fechaDiligenciamiento]=_xlfn.MAXIFS(ejecuciones[Column1.fechaDiligenciamiento],ejecuciones[Column1.codigoIndicador],A43)),0)),0)} -> 0 | AI43: {=IFERROR(INDEX(ejecuciones[Column1.presupuestoEjecutado],MATCH(1,(ejecuciones[Column1.codigoIndicador]=A43)*(ejecuciones[Column1.fechaDiligenciamiento]=_xlfn.MAXIFS(ejecuciones[Column1.fechaDiligenciamiento],ejecuciones[Column1.codigoIndicador],A43)),0)),0)} -> 0 | AJ43: =IFERROR(AI43/AG43,0) -> 0
A44: 43 | B44: ICULTUR | C44: BOLIVAR ME ENAMORA CON CRECIMIENTO ECONOMICO Y OPORTUNIDAD DE EMPLEO PARA TODOS | D44: BOLÍVAR ME ENAMORA EN TURISMO | E44: TURISMO DE TALLA MUNDIAL | F44: 3502 | G44: PRODUCTIVIDAD Y COMPETITIVIDAD DE LAS EMPRESAS COLOMBIANAS | H44: PROMOCIÓN DEL DESARROLLO TURÍSTICO | I44: 57 | J44: CORRESPONDE A DOCUMENTOS QUE CONTENGAN PLANES, ESTRATEGIAS, POLÍTICA PÚBLICAS SOBRE ASUNTOS DEL SECTOR. | K44: 3502047 | L44: DOCUMENTOS DE PLANEACIÓN | M44: DOCUMENTOS DE PLANEACIÓN ELABORADOS | N44: NÚMERO | O44: 2 | P44: 2024 | Q44: ICULTUR | R44: 2 | S44: 8 | U44: =+T44/S44 -> 0 | W44: =+V44/S44 -> 0 | X44: {=IFERROR(INDEX(ejecuciones[Column1.ejecutado],MATCH(1,(ejecuciones[Column1.codigoIndicador]=A44)*(ejecuciones[periodo avance]="Marzo"),0)),0)} -> 0 | Y44: {=IFERROR(INDEX(ejecuciones[Column1.ejecutado],MATCH(1,(ejecuciones[Column1.codigoIndicador]=A44)*(ejecuciones[periodo avance]="Junio"),0)),0)} -> 0 | Z44: {=IFERROR(INDEX(ejecuciones[Column1.ejecutado],MATCH(1,(ejecuciones[Column1.codigoIndicador]=A44)*(ejecuciones[periodo avance]="Septiembre"),0)),0)} -> 0 | AA44: {=IFERROR(INDEX(ejecuciones[Column1.ejecutado],MATCH(1,(ejecuciones[Column1.codigoIndicador]=A44)*(ejecuciones[periodo avance]="Diciembre"),0)),0)} -> 0 | AB44: =+X44+Y44+Z44+AA44 -> 0 | AC44: =+AB44/S44 -> 0 | AD44: =V44+AB44 -> 0 | AE44: =+AB44/R44 -> 0 | AF44: =AD44/S44 -> 0 | AG44: {=IFERROR(INDEX(ejecuciones[Column1.presupuestoProyectado],MATCH(1,(ejecuciones[Column1.codigoIndicador]=A44)*(ejecuciones[Column1.fechaDiligenciamiento]=_xlfn.MAXIFS(ejecuciones[Column1.fechaDiligenciamiento],ejecuciones[Column1.codigoIndicador],A44)),0)),0)} -> 0 | AI44: {=IFERROR(INDEX(ejecuciones[Column1.presupuestoEjecutado],MATCH(1,(ejecuciones[Column1.codigoIndicador]=A44)*(ejecuciones[Column1.fechaDiligenciamiento]=_xlfn.MAXIFS(ejecuciones[Column1.fechaDiligenciamiento],ejecuciones[Column1.codigoIndicador],A44)),0)),0)} -> 0 | AJ44: =IFERROR(AI44/AG44,0) -> 0
A45: 44 | B45: ICULTUR | C45: BOLIVAR ME ENAMORA CON CRECIMIENTO ECONOMICO Y OPORTUNIDAD DE EMPLEO PARA TODOS | D45: BOLÍVAR ME ENAMORA EN TURISMO | E45: TURISMO DE TALLA MUNDIAL | F45: 3502 | G45: PRODUCTIVIDAD Y COMPETITIVIDAD DE LAS EMPRESAS COLOMBIANAS | H45: PROMOCIÓN DEL DESARROLLO TURÍSTICO | I45: 58 | J45: ASISTENCIA Y ACOMPAÑAMIENTO A LOS ENTES TERRITORIALES PARA LA PROMOCIÓN Y COMPETITIVIDAD TURÍSTICA DE SUS REGIONES. | K45: 3502039 | L45: SERVICIO DE ASISTENCIA TÉCNICA A LOS ENTES TERRITORIALES PARA EL DESARROLLO TURÍSTICO | M45: VIAJES DE FAMILIARIZACIÓN REALIZADOS | N45: NÚMERO | O45: 16 | P45: 2023 | Q45: ICULTUR | R45: 2 | S45: 8 | U45: =+T45/S45 -> 0 | W45: =+V45/S45 -> 0 | X45: {=IFERROR(INDEX(ejecuciones[Column1.ejecutado],MATCH(1,(ejecuciones[Column1.codigoIndicador]=A45)*(ejecuciones[periodo avance]="Marzo"),0)),0)} -> 0 | Y45: {=IFERROR(INDEX(ejecuciones[Column1.ejecutado],MATCH(1,(ejecuciones[Column1.codigoIndicador]=A45)*(ejecuciones[periodo avance]="Junio"),0)),0)} -> 2 | Z45: {=IFERROR(INDEX(ejecuciones[Column1.ejecutado],MATCH(1,(ejecuciones[Column1.codigoIndicador]=A45)*(ejecuciones[periodo avance]="Septiembre"),0)),0)} -> 0 | AA45: {=IFERROR(INDEX(ejecuciones[Column1.ejecutado],MATCH(1,(ejecuciones[Column1.codigoIndicador]=A45)*(ejecuciones[periodo avance]="Diciembre"),0)),0)} -> 0 | AB45: =+X45+Y45+Z45+AA45 -> 2 | AC45: =+AB45/S45 -> 0.25 | AD45: =V45+AB45 -> 2 | AE45: =+AB45/R45 -> 1 | AF45: =AD45/S45 -> 0.25 | AG45: {=IFERROR(INDEX(ejecuciones[Column1.presupuestoProyectado],MATCH(1,(ejecuciones[Column1.codigoIndicador]=A45)*(ejecuciones[Column1.fechaDiligenciamiento]=_xlfn.MAXIFS(ejecuciones[Column1.fechaDiligenciamiento],ejecuciones[Column1.codigoIndicador],A45)),0)),0)} -> 0 | AI45: {=IFERROR(INDEX(ejecuciones[Column1.presupuestoEjecutado],MATCH(1,(ejecuciones[Column1.codigoIndicador]=A45)*(ejecuciones[Column1.fechaDiligenciamiento]=_xlfn.MAXIFS(ejecuciones[Column1.fechaDiligenciamiento],ejecuciones[Column1.codigoIndicador],A45)),0)),0)} -> 0 | AJ45: =IFERROR(AI45/AG45,0) -> 0
A46: 45 | B46: ICULTUR | C46: BOLIVAR ME ENAMORA CON CRECIMIENTO ECONOMICO Y OPORTUNIDAD DE EMPLEO PARA TODOS | D46: BOLÍVAR ME ENAMORA EN TURISMO | E46: TURISMO DE TALLA MUNDIAL | F46: 3502 | G46: PRODUCTIVIDAD Y COMPETITIVIDAD DE LAS EMPRESAS COLOMBIANAS | H46: PROMOCIÓN DEL DESARROLLO TURÍSTICO | I46: 59 | J46: CORRESPONDE A CAMPAÑAS DE DIVULGACIÓN Y PROMOCIÓN DE LOS ATRACTIVOS TURÍSTICOS DE LA ZONAS, ASÍ COMO LAS ACTIVIDADES PARA EL POSICIONAMIENTO DE LAS REGIONES, DEPARTAMENTOS Y MUNICIPIOS COMO DESTINOS TURÍSTICOS. | K46: 3502046 | L46: SERVICIO DE PROMOCIÓN TURÍSTICA | M46: EVENTOS DE PROMOCIÓN REALIZADOS | N46: NÚMERO | O46: 0 | P46: 2023 | Q46: ICULTUR | R46: 1 | S46: 4 | U46: =+T46/S46 -> 0 | W46: =+V46/S46 -> 0 | X46: {=IFERROR(INDEX(ejecuciones[Column1.ejecutado],MATCH(1,(ejecuciones[Column1.codigoIndicador]=A46)*(ejecuciones[periodo avance]="Marzo"),0)),0)} -> 0 | Y46: {=IFERROR(INDEX(ejecuciones[Column1.ejecutado],MATCH(1,(ejecuciones[Column1.codigoIndicador]=A46)*(ejecuciones[periodo avance]="Junio"),0)),0)} -> 1 | Z46: {=IFERROR(INDEX(ejecuciones[Column1.ejecutado],MATCH(1,(ejecuciones[Column1.codigoIndicador]=A46)*(ejecuciones[periodo avance]="Septiembre"),0)),0)} -> 0 | AA46: {=IFERROR(INDEX(ejecuciones[Column1.ejecutado],MATCH(1,(ejecuciones[Column1.codigoIndicador]=A46)*(ejecuciones[periodo avance]="Diciembre"),0)),0)} -> 0 | AB46: =+X46+Y46+Z46+AA46 -> 1 | AC46: =+AB46/S46 -> 0.25 | AD46: =V46+AB46 -> 1 | AE46: =+AB46/R46 -> 1 | AF46: =AD46/S46 -> 0.25 | AG46: {=IFERROR(INDEX(ejecuciones[Column1.presupuestoProyectado],MATCH(1,(ejecuciones[Column1.codigoIndicador]=A46)*(ejecuciones[Column1.fechaDiligenciamiento]=_xlfn.MAXIFS(ejecuciones[Column1.fechaDiligenciamiento],ejecuciones[Column1.codigoIndicador],A46)),0)),0)} -> 0 | AI46: {=IFERROR(INDEX(ejecuciones[Column1.presupuestoEjecutado],MATCH(1,(ejecuciones[Column1.codigoIndicador]=A46)*(ejecuciones[Column1.fechaDiligenciamiento]=_xlfn.MAXIFS(ejecuciones[Column1.fechaDiligenciamiento],ejecuciones[Column1.codigoIndicador],A46)),0)),0)} -> 0 | AJ46: =IFERROR(AI46/AG46,0) -> 0
A47: 46 | B47: ICULTUR | C47: BOLIVAR ME ENAMORA CON CRECIMIENTO ECONOMICO Y OPORTUNIDAD DE EMPLEO PARA TODOS | D47: BOLÍVAR ME ENAMORA EN TURISMO | E47: TURISMO DE TALLA MUNDIAL | F47: 3502 | G47: PRODUCTIVIDAD Y COMPETITIVIDAD DE LAS EMPRESAS COLOMBIANAS | H47: PROMOCIÓN DEL DESARROLLO TURÍSTICO | I47: 60 | J47: ASISTENCIA Y ACOMPAÑAMIENTO A LOS ENTES TERRITORIALES PARA LA PROMOCIÓN Y COMPETITIVIDAD TURÍSTICA DE SUS REGIONES. | K47: 3502039 | L47: SERVICIO DE ASISTENCIA TÉCNICA A LOS ENTES TERRITORIALES PARA EL DESARROLLO TURÍSTICO | M47: REDES TEMÁTICAS DE TURISMO APOYADAS | N47: NÚMERO | O47: 0 | P47: 2023 | Q47: ICULTUR | R47: 1 | S47: 1 | U47: =+T47/S47 -> 0 | W47: =+V47/S47 -> 0 | X47: {=IFERROR(INDEX(ejecuciones[Column1.ejecutado],MATCH(1,(ejecuciones[Column1.codigoIndicador]=A47)*(ejecuciones[periodo avance]="Marzo"),0)),0)} -> 0 | Y47: {=IFERROR(INDEX(ejecuciones[Column1.ejecutado],MATCH(1,(ejecuciones[Column1.codigoIndicador]=A47)*(ejecuciones[periodo avance]="Junio"),0)),0)} -> 0 | Z47: {=IFERROR(INDEX(ejecuciones[Column1.ejecutado],MATCH(1,(ejecuciones[Column1.codigoIndicador]=A47)*(ejecuciones[periodo avance]="Septiembre"),0)),0)} -> 0 | AA47: {=IFERROR(INDEX(ejecuciones[Column1.ejecutado],MATCH(1,(ejecuciones[Column1.codigoIndicador]=A47)*(ejecuciones[periodo avance]="Diciembre"),0)),0)} -> 0 | AB47: =+X47+Y47+Z47+AA47 -> 0 | AC47: =+AB47/S47 -> 0 | AD47: =V47+AB47 -> 0 | AE47: =+AB47/R47 -> 0 | AF47: =AD47/S47 -> 0 | AG47: {=IFERROR(INDEX(ejecuciones[Column1.presupuestoProyectado],MATCH(1,(ejecuciones[Column1.codigoIndicador]=A47)*(ejecuciones[Column1.fechaDiligenciamiento]=_xlfn.MAXIFS(ejecuciones[Column1.fechaDiligenciamiento],ejecuciones[Column1.codigoIndicador],A47)),0)),0)} -> 0 | AI47: {=IFERROR(INDEX(ejecuciones[Column1.presupuestoEjecutado],MATCH(1,(ejecuciones[Column1.codigoIndicador]=A47)*(ejecuciones[Column1.fechaDiligenciamiento]=_xlfn.MAXIFS(ejecuciones[Column1.fechaDiligenciamiento],ejecuciones[Column1.codigoIndicador],A47)),0)),0)} -> 0 | AJ47: =IFERROR(AI47/AG47,0) -> 0
A48: 47 | B48: ICULTUR | C48: BOLIVAR ME ENAMORA CON CRECIMIENTO ECONOMICO Y OPORTUNIDAD DE EMPLEO PARA TODOS | D48: BOLÍVAR ME ENAMORA EN TURISMO | E48: TURISMO DE TALLA MUNDIAL | F48: 3502 | G48: PRODUCTIVIDAD Y COMPETITIVIDAD DE LAS EMPRESAS COLOMBIANAS | H48: PROMOCIÓN DEL DESARROLLO TURÍSTICO | I48: 62 | J48: ASISTENCIA TÉCNICA DIRIGIDA A EMPRENDEDORES CON EMPRESAS EN ETAPA TEMPRANA (MENORES DE 5 AÑOS). | K48: 3502007 | L48: SERVICIO DE ASISTENCIA TÉCNICA PARA EMPRENDEDORES Y/O EMPRESAS EN EDAD TEMPRANA | M48: EMPRESAS ASISTIDAS TÉCNICAMENTE | N48: NÚMERO | O48: 0 | P48: 2023 | Q48: ICULTUR | R48: 5 | S48: 30 | U48: =+T48/S48 -> 0 | W48: =+V48/S48 -> 0 | X48: {=IFERROR(INDEX(ejecuciones[Column1.ejecutado],MATCH(1,(ejecuciones[Column1.codigoIndicador]=A48)*(ejecuciones[periodo avance]="Marzo"),0)),0)} -> 0 | Y48: {=IFERROR(INDEX(ejecuciones[Column1.ejecutado],MATCH(1,(ejecuciones[Column1.codigoIndicador]=A48)*(ejecuciones[periodo avance]="Junio"),0)),0)} -> 24 | Z48: {=IFERROR(INDEX(ejecuciones[Column1.ejecutado],MATCH(1,(ejecuciones[Column1.codigoIndicador]=A48)*(ejecuciones[periodo avance]="Septiembre"),0)),0)} -> 0 | AA48: {=IFERROR(INDEX(ejecuciones[Column1.ejecutado],MATCH(1,(ejecuciones[Column1.codigoIndicador]=A48)*(ejecuciones[periodo avance]="Diciembre"),0)),0)} -> 0 | AB48: =+X48+Y48+Z48+AA48 -> 24 | AC48: =+AB48/S48 -> 0.8 | AD48: =V48+AB48 -> 24 | AE48: =+AB48/R48 -> 4.8 | AF48: =AD48/S48 -> 0.8 | AG48: {=IFERROR(INDEX(ejecuciones[Column1.presupuestoProyectado],MATCH(1,(ejecuciones[Column1.codigoIndicador]=A48)*(ejecuciones[Column1.fechaDiligenciamiento]=_xlfn.MAXIFS(ejecuciones[Column1.fechaDiligenciamiento],ejecuciones[Column1.codigoIndicador],A48)),0)),0)} -> 0 | AI48: {=IFERROR(INDEX(ejecuciones[Column1.presupuestoEjecutado],MATCH(1,(ejecuciones[Column1.codigoIndicador]=A48)*(ejecuciones[Column1.fechaDiligenciamiento]=_xlfn.MAXIFS(ejecuciones[Column1.fechaDiligenciamiento],ejecuciones[Column1.codigoIndicador],A48)),0)),0)} -> 0 | AJ48: =IFERROR(AI48/AG48,0) -> 0
A49: 48 | B49: ICULTUR | C49: BOLIVAR ME ENAMORA CON CRECIMIENTO ECONOMICO Y OPORTUNIDAD DE EMPLEO PARA TODOS | D49: BOLÍVAR ME ENAMORA EN TURISMO | E49: TURISMO DE TALLA MUNDIAL | F49: 3502 | G49: PRODUCTIVIDAD Y COMPETITIVIDAD DE LAS EMPRESAS COLOMBIANAS | H49: PROMOCIÓN DEL DESARROLLO TURÍSTICO | I49: 63 | J49: CORRESPONDE A LA ASISTENCIA TÉCNICA QUE SE LES OFRECE A LAS UNIDADES PRODUCTIVAS CON EL FIN DE ALCANZAR MAYORES NIVELES DE PRODUCTIVIDAD, A TRAVÉS DE INTERVENCIONES EN EJES TALES COMO GESTIÓN DE LA CALIDAD, LOGÍSTICA, SOSTENIBILIDAD AMBIENTAL, PRODUCTIVIDAD OPERACIONAL, TRANSFORMACIÓN DIGITAL, EFICIENCIA ENERGÉTICA, PRODUCTIVIDAD LABORAL, DESARROLLO Y SOFISTICACIÓN DE PRODUCTOS, GESTIÓN COMERCIAL, ENTRE OTROS. CADA INTERVENCIÓN INCLUYE UN DIAGNÓSTICO, UN PLAN DE ACCIÓN Y UNA MEDICIÓN FINAL. | K49: 3502009 | L49: SERVICIO DE APOYO PARA LA TRANSFERENCIA Y/O IMPLEMENTACIÓN DE METODOLOGÍAS DE AUMENTO DE LA PRODUCTIVIDAD | M49: UNIDADES PRODUCTIVAS BENEFICIADAS EN LA IMPLEMENTACIÓN DE ESTRATEGIAS PARA INCREMENTAR SU PRODUCTIVIDAD | N49: NÚMERO | O49: 0 | P49: 2023 | Q49: ICULTUR | R49: 15 | S49: 60 | U49: =+T49/S49 -> 0 | W49: =+V49/S49 -> 0 | X49: {=IFERROR(INDEX(ejecuciones[Column1.ejecutado],MATCH(1,(ejecuciones[Column1.codigoIndicador]=A49)*(ejecuciones[periodo avance]="Marzo"),0)),0)} -> 0 | Y49: {=IFERROR(INDEX(ejecuciones[Column1.ejecutado],MATCH(1,(ejecuciones[Column1.codigoIndicador]=A49)*(ejecuciones[periodo avance]="Junio"),0)),0)} -> 0 | Z49: {=IFERROR(INDEX(ejecuciones[Column1.ejecutado],MATCH(1,(ejecuciones[Column1.codigoIndicador]=A49)*(ejecuciones[periodo avance]="Septiembre"),0)),0)} -> 0 | AA49: {=IFERROR(INDEX(ejecuciones[Column1.ejecutado],MATCH(1,(ejecuciones[Column1.codigoIndicador]=A49)*(ejecuciones[periodo avance]="Diciembre"),0)),0)} -> 0 | AB49: =+X49+Y49+Z49+AA49 -> 0 | AC49: =+AB49/S49 -> 0 | AD49: =V49+AB49 -> 0 | AE49: =+AB49/R49 -> 0 | AF49: =AD49/S49 -> 0 | AG49: {=IFERROR(INDEX(ejecuciones[Column1.presupuestoProyectado],MATCH(1,(ejecuciones[Column1.codigoIndicador]=A49)*(ejecuciones[Column1.fechaDiligenciamiento]=_xlfn.MAXIFS(ejecuciones[Column1.fechaDiligenciamiento],ejecuciones[Column1.codigoIndicador],A49)),0)),0)} -> 0 | AI49: {=IFERROR(INDEX(ejecuciones[Column1.presupuestoEjecutado],MATCH(1,(ejecuciones[Column1.codigoIndicador]=A49)*(ejecuciones[Column1.fechaDiligenciamiento]=_xlfn.MAXIFS(ejecuciones[Column1.fechaDiligenciamiento],ejecuciones[Column1.codigoIndicador],A49)),0)),0)} -> 0 | AJ49: =IFERROR(AI49/AG49,0) -> 0
A50: 49 | B50: ICULTUR | C50: BOLIVAR ME ENAMORA CON CRECIMIENTO ECONOMICO Y OPORTUNIDAD DE EMPLEO PARA TODOS | D50: BOLÍVAR ME ENAMORA EN TURISMO | E50: TURISMO DE TALLA MUNDIAL | F50: 3502 | G50: PRODUCTIVIDAD Y COMPETITIVIDAD DE LAS EMPRESAS COLOMBIANAS | H50: PROMOCIÓN DEL DESARROLLO TURÍSTICO | I50: 64 | J50: ASISTENCIA Y ACOMPAÑAMIENTO A LOS ENTES TERRITORIALES PARA LA PROMOCIÓN Y COMPETITIVIDAD TURÍSTICA DE SUS REGIONES. | K50: 3502039 | L50: SERVICIO DE ASISTENCIA TÉCNICA A LOS ENTES TERRITORIALES PARA EL DESARROLLO TURÍSTICO | M50: ENTIDADES TERRITORIALES ASISTIDAS TÉCNICAMENTE | N50: NÚMERO | O50: 0 | P50: 2023 | Q50: ICULTUR | R50: 2 | S50: 8 | U50: =+T50/S50 -> 0 | W50: =+V50/S50 -> 0 | X50: {=IFERROR(INDEX(ejecuciones[Column1.ejecutado],MATCH(1,(ejecuciones[Column1.codigoIndicador]=A50)*(ejecuciones[periodo avance]="Marzo"),0)),0)} -> 1 | Y50: {=IFERROR(INDEX(ejecuciones[Column1.ejecutado],MATCH(1,(ejecuciones[Column1.codigoIndicador]=A50)*(ejecuciones[periodo avance]="Junio"),0)),0)} -> 4 | Z50: {=IFERROR(INDEX(ejecuciones[Column1.ejecutado],MATCH(1,(ejecuciones[Column1.codigoIndicador]=A50)*(ejecuciones[periodo avance]="Septiembre"),0)),0)} -> 0 | AA50: {=IFERROR(INDEX(ejecuciones[Column1.ejecutado],MATCH(1,(ejecuciones[Column1.codigoIndicador]=A50)*(ejecuciones[periodo avance]="Diciembre"),0)),0)} -> 0 | AB50: =+X50+Y50+Z50+AA50 -> 5 | AC50: =+AB50/S50 -> 0.625 | AD50: =V50+AB50 -> 5 | AE50: =+AB50/R50 -> 2.5 | AF50: =AD50/S50 -> 0.625 | AG50: {=IFERROR(INDEX(ejecuciones[Column1.presupuestoProyectado],MATCH(1,(ejecuciones[Column1.codigoIndicador]=A50)*(ejecuciones[Column1.fechaDiligenciamiento]=_xlfn.MAXIFS(ejecuciones[Column1.fechaDiligenciamiento],ejecuciones[Column1.codigoIndicador],A50)),0)),0)} -> 0 | AI50: {=IFERROR(INDEX(ejecuciones[Column1.presupuestoEjecutado],MATCH(1,(ejecuciones[Column1.codigoIndicador]=A50)*(ejecuciones[Column1.fechaDiligenciamiento]=_xlfn.MAXIFS(ejecuciones[Column1.fechaDiligenciamiento],ejecuciones[Column1.codigoIndicador],A50)),0)),0)} -> 0 | AJ50: =IFERROR(AI50/AG50,0) -> 0
A51: 50 | B51: ICULTUR | C51: BOLIVAR ME ENAMORA CON CRECIMIENTO ECONOMICO Y OPORTUNIDAD DE EMPLEO PARA TODOS | D51: BOLÍVAR ME ENAMORA EN TURISMO | E51: TURISMO DE TALLA MUNDIAL | F51: 3502 | G51: PRODUCTIVIDAD Y COMPETITIVIDAD DE LAS EMPRESAS COLOMBIANAS | H51: PROMOCIÓN DEL DESARROLLO TURÍSTICO | I51: 65 | J51: ASISTENCIA Y ACOMPAÑAMIENTO A LOS ENTES TERRITORIALES PARA LA PROMOCIÓN Y COMPETITIVIDAD TURÍSTICA DE SUS REGIONES. | K51: 3502039 | L51: SERVICIO DE ASISTENCIA TÉCNICA A LOS ENTES TERRITORIALES PARA EL DESARROLLO TURÍSTICO | M51: REDES TEMÁTICAS DE TURISMO APOYADAS | N51: NÚMERO | O51: 0 | P51: 2023 | Q51: ICULTUR | R51: 1 | S51: 5 | U51: =+T51/S51 -> 0 | W51: =+V51/S51 -> 0 | X51: {=IFERROR(INDEX(ejecuciones[Column1.ejecutado],MATCH(1,(ejecuciones[Column1.codigoIndicador]=A51)*(ejecuciones[periodo avance]="Marzo"),0)),0)} -> 1 | Y51: {=IFERROR(INDEX(ejecuciones[Column1.ejecutado],MATCH(1,(ejecuciones[Column1.codigoIndicador]=A51)*(ejecuciones[periodo avance]="Junio"),0)),0)} -> 2 | Z51: {=IFERROR(INDEX(ejecuciones[Column1.ejecutado],MATCH(1,(ejecuciones[Column1.codigoIndicador]=A51)*(ejecuciones[periodo avance]="Septiembre"),0)),0)} -> 0 | AA51: {=IFERROR(INDEX(ejecuciones[Column1.ejecutado],MATCH(1,(ejecuciones[Column1.codigoIndicador]=A51)*(ejecuciones[periodo avance]="Diciembre"),0)),0)} -> 0 | AB51: =+X51+Y51+Z51+AA51 -> 3 | AC51: =+AB51/S51 -> 0.6 | AD51: =V51+AB51 -> 3 | AE51: =+AB51/R51 -> 3 | AF51: =AD51/S51 -> 0.6 | AG51: {=IFERROR(INDEX(ejecuciones[Column1.presupuestoProyectado],MATCH(1,(ejecuciones[Column1.codigoIndicador]=A51)*(ejecuciones[Column1.fechaDiligenciamiento]=_xlfn.MAXIFS(ejecuciones[Column1.fechaDiligenciamiento],ejecuciones[Column1.codigoIndicador],A51)),0)),0)} -> 0 | AI51: {=IFERROR(INDEX(ejecuciones[Column1.presupuestoEjecutado],MATCH(1,(ejecuciones[Column1.codigoIndicador]=A51)*(ejecuciones[Column1.fechaDiligenciamiento]=_xlfn.MAXIFS(ejecuciones[Column1.fechaDiligenciamiento],ejecuciones[Column1.codigoIndicador],A51)),0)),0)} -> 0 | AJ51: =IFERROR(AI51/AG51,0) -> 0
A52: 51 | B52: ICULTUR | C52: BOLIVAR ME ENAMORA CON CRECIMIENTO ECONOMICO Y OPORTUNIDAD DE EMPLEO PARA TODOS | D52: BOLÍVAR ME ENAMORA EN TURISMO | E52: TURISMO DE TALLA MUNDIAL | F52: 3502 | G52: PRODUCTIVIDAD Y COMPETITIVIDAD DE LAS EMPRESAS COLOMBIANAS | H52: PROMOCIÓN DEL DESARROLLO TURÍSTICO | I52: 66 | J52: ASISTENCIA Y ACOMPAÑAMIENTO A LOS ENTES TERRITORIALES PARA LA PROMOCIÓN Y COMPETITIVIDAD TURÍSTICA DE SUS REGIONES. | K52: 3502039 | L52: SERVICIO DE ASISTENCIA TÉCNICA A LOS ENTES TERRITORIALES PARA EL DESARROLLO TURÍSTICO | M52: CONVENIOS, ALIANZAS ESTRATÉGICAS Y SUSCRIPCIONES REALIZADAS | N52: NÚMERO | O52: 0 | P52: 2023 | Q52: ICULTUR | R52: 1 | S52: 4 | U52: =+T52/S52 -> 0 | W52: =+V52/S52 -> 0 | X52: {=IFERROR(INDEX(ejecuciones[Column1.ejecutado],MATCH(1,(ejecuciones[Column1.codigoIndicador]=A52)*(ejecuciones[periodo avance]="Marzo"),0)),0)} -> 1 | Y52: {=IFERROR(INDEX(ejecuciones[Column1.ejecutado],MATCH(1,(ejecuciones[Column1.codigoIndicador]=A52)*(ejecuciones[periodo avance]="Junio"),0)),0)} -> 2 | Z52: {=IFERROR(INDEX(ejecuciones[Column1.ejecutado],MATCH(1,(ejecuciones[Column1.codigoIndicador]=A52)*(ejecuciones[periodo avance]="Septiembre"),0)),0)} -> 0 | AA52: {=IFERROR(INDEX(ejecuciones[Column1.ejecutado],MATCH(1,(ejecuciones[Column1.codigoIndicador]=A52)*(ejecuciones[periodo avance]="Diciembre"),0)),0)} -> 0 | AB52: =+X52+Y52+Z52+AA52 -> 3 | AC52: =+AB52/S52 -> 0.75 | AD52: =V52+AB52 -> 3 | AE52: =+AB52/R52 -> 3 | AF52: =AD52/S52 -> 0.75 | AG52: {=IFERROR(INDEX(ejecuciones[Column1.presupuestoProyectado],MATCH(1,(ejecuciones[Column1.codigoIndicador]=A52)*(ejecuciones[Column1.fechaDiligenciamiento]=_xlfn.MAXIFS(ejecuciones[Column1.fechaDiligenciamiento],ejecuciones[Column1.codigoIndicador],A52)),0)),0)} -> 0 | AI52: {=IFERROR(INDEX(ejecuciones[Column1.presupuestoEjecutado],MATCH(1,(ejecuciones[Column1.codigoIndicador]=A52)*(ejecuciones[Column1.fechaDiligenciamiento]=_xlfn.MAXIFS(ejecuciones[Column1.fechaDiligenciamiento],ejecuciones[Column1.codigoIndicador],A52)),0)),0)} -> 0 | AJ52: =IFERROR(AI52/AG52,0) -> 0
A53: 52 | B53: SECRETARÍA DE MINAS Y ENERGIA | C53: BOLIVAR ME ENAMORA CON CRECIMIENTO ECONOMICO Y OPORTUNIDAD DE EMPLEO PARA TODOS | D53: BOLÍVAR ME ENAMORA EN MINERÍA SOSTENIBLE Y NUEVAS FUENTES DE ENERGÍAS LIMPIAS | E53: MINERÍA CON SOSTENIBILIDAD | F53: 2104 | G53: CONSOLIDACIÓN PRODUCTIVA DEL SECTOR MINERO | H53: PROMOCIÓN DEL DESARROLLO | I53: 67 | J53: FORMALIZACIÓN DE LA ACTIVIDAD MINERA EN EL DEPARTAMENTO DE BOLIVAR | K53: 2104009 | L53: SERVICIO DE DIVULGACIÓN DEL SECTOR MINERO | M53: EVENTOS DE DIVULGACIÓN REALIZADOS | N53: NUMERO | O53: N/D | P53: N/A | Q53: N/A | R53: 5 | S53: 20 | U53: =+T53/S53 -> 0 | W53: =+V53/S53 -> 0 | X53: {=IFERROR(INDEX(ejecuciones[Column1.ejecutado],MATCH(1,(ejecuciones[Column1.codigoIndicador]=A53)*(ejecuciones[periodo avance]="Marzo"),0)),0)} -> 1 | Y53: {=IFERROR(INDEX(ejecuciones[Column1.ejecutado],MATCH(1,(ejecuciones[Column1.codigoIndicador]=A53)*(ejecuciones[periodo avance]="Junio"),0)),0)} -> 0 | Z53: {=IFERROR(INDEX(ejecuciones[Column1.ejecutado],MATCH(1,(ejecuciones[Column1.codigoIndicador]=A53)*(ejecuciones[periodo avance]="Septiembre"),0)),0)} -> 0 | AA53: {=IFERROR(INDEX(ejecuciones[Column1.ejecutado],MATCH(1,(ejecuciones[Column1.codigoIndicador]=A53)*(ejecuciones[periodo avance]="Diciembre"),0)),0)} -> 0 | AB53: =+X53+Y53+Z53+AA53 -> 1 | AC53: =+AB53/S53 -> 0.05 | AD53: =V53+AB53 -> 1 | AE53: =+AB53/R53 -> 0.2 | AF53: =AD53/S53 -> 0.05 | AG53: {=IFERROR(INDEX(ejecuciones[Column1.presupuestoProyectado],MATCH(1,(ejecuciones[Column1.codigoIndicador]=A53)*(ejecuciones[Column1.fechaDiligenciamiento]=_xlfn.MAXIFS(ejecuciones[Column1.fechaDiligenciamiento],ejecuciones[Column1.codigoIndicador],A53)),0)),0)} -> 0 | AI53: {=IFERROR(INDEX(ejecuciones[Column1.presupuestoEjecutado],MATCH(1,(ejecuciones[Column1.codigoIndicador]=A53)*(ejecuciones[Column1.fechaDiligenciamiento]=_xlfn.MAXIFS(ejecuciones[Column1.fechaDiligenciamiento],ejecuciones[Column1.codigoIndicador],A53)),0)),0)} -> 0 | AJ53: =IFERROR(AI53/AG53,0) -> 0
A54: 53 | B54: SECRETARÍA DE MINAS Y ENERGIA | C54: BOLIVAR ME ENAMORA CON CRECIMIENTO ECONOMICO Y OPORTUNIDAD DE EMPLEO PARA TODOS | D54: BOLÍVAR ME ENAMORA EN MINERÍA SOSTENIBLE Y NUEVAS FUENTES DE ENERGÍAS LIMPIAS | E54: MINERÍA CON SOSTENIBILIDAD | F54: 2104 | G54: CONSOLIDACIÓN PRODUCTIVA DEL SECTOR MINERO | H54: PROMOCIÓN DEL DESARROLLO | I54: 68 | J54: ASISTIR TECNICA Y TECNOLOGICAMENTE A LOS PEQUEÑOS MINEROS EN EL SUR DE BOLÍVAR | K54: 2104004 | L54: SERVICIO DE ASISTENCIA TÉCNICA EN ACTIVIDADES DE EXPLOTACIÓN MINERA DE PEQUEÑA Y MEDIANA ESCALA | M54: UNIDADES DE PRODUCCIÓN MINERA ASISTIDAS TÉCNICAMENTE | N54: NUMERO | O54: N/D | P54: N/A | Q54: N/A | R54: 375 | S54: 1500 | U54: =+T54/S54 -> 0 | W54: =+V54/S54 -> 0 | X54: {=IFERROR(INDEX(ejecuciones[Column1.ejecutado],MATCH(1,(ejecuciones[Column1.codigoIndicador]=A54)*(ejecuciones[periodo avance]="Marzo"),0)),0)} -> 70 | Y54: {=IFERROR(INDEX(ejecuciones[Column1.ejecutado],MATCH(1,(ejecuciones[Column1.codigoIndicador]=A54)*(ejecuciones[periodo avance]="Junio"),0)),0)} -> 60 | Z54: {=IFERROR(INDEX(ejecuciones[Column1.ejecutado],MATCH(1,(ejecuciones[Column1.codigoIndicador]=A54)*(ejecuciones[periodo avance]="Septiembre"),0)),0)} -> 0 | AA54: {=IFERROR(INDEX(ejecuciones[Column1.ejecutado],MATCH(1,(ejecuciones[Column1.codigoIndicador]=A54)*(ejecuciones[periodo avance]="Diciembre"),0)),0)} -> 0 | AB54: =+X54+Y54+Z54+AA54 -> 130 | AC54: =+AB54/S54 -> 0.086666667 | AD54: =V54+AB54 -> 130 | AE54: =+AB54/R54 -> 0.34666667 | AF54: =AD54/S54 -> 0.086666667 | AG54: {=IFERROR(INDEX(ejecuciones[Column1.presupuestoProyectado],MATCH(1,(ejecuciones[Column1.codigoIndicador]=A54)*(ejecuciones[Column1.fechaDiligenciamiento]=_xlfn.MAXIFS(ejecuciones[Column1.fechaDiligenciamiento],ejecuciones[Column1.codigoIndicador],A54)),0)),0)} -> 2000000000 | AI54: {=IFERROR(INDEX(ejecuciones[Column1.presupuestoEjecutado],MATCH(1,(ejecuciones[Column1.codigoIndicador]=A54)*(ejecuciones[Column1.fechaDiligenciamiento]=_xlfn.MAXIFS(ejecuciones[Column1.fechaDiligenciamiento],ejecuciones[Column1.codigoIndicador],A54)),0)),0)} -> 826100000 | AJ54: =IFERROR(AI54/AG54,0) -> 0.41305
A55: 54 | B55: SECRETARÍA DE MINAS Y ENERGIA | C55: BOLIVAR ME ENAMORA CON CRECIMIENTO ECONOMICO Y OPORTUNIDAD DE EMPLEO PARA TODOS | D55: BOLÍVAR ME ENAMORA EN MINERÍA SOSTENIBLE Y NUEVAS FUENTES DE ENERGÍAS LIMPIAS | E55: MINERÍA CON SOSTENIBILIDAD | F55: 2104 | G55: CONSOLIDACIÓN PRODUCTIVA DEL SECTOR MINERO | H55: PROMOCIÓN DEL DESARROLLO | I55: 69 | J55: REDUCIR LOS INDICES DE ACCIDENTABILIDAD Y LOS RIESGOS ASOCIADOS A LA ACTIVIDAD MINERA, MEDIANTE LA DOTACIÓN DE EPP A LOS PEQUEÑOS MINEROS EN EL SUR DE BOLÍVAR | K55: 2104004 | L55: SERVICIO DE ASISTENCIA TÉCNICA EN ACTIVIDADES DE EXPLOTACIÓN MINERA DE PEQUEÑA Y MEDIANA ESCALA | M55: UNIDADES DE PRODUCCIÓN MINERA ASISTIDAS TÉCNICAMENTE | N55: NUMERO | O55: N/D | P55: N/A | Q55: N/A | R55: 500 | S55: 2000 | U55: =+T55/S55 -> 0 | W55: =+V55/S55 -> 0 | X55: {=IFERROR(INDEX(ejecuciones[Column1.ejecutado],MATCH(1,(ejecuciones[Column1.codigoIndicador]=A55)*(ejecuciones[periodo avance]="Marzo"),0)),0)} -> 0 | Y55: {=IFERROR(INDEX(ejecuciones[Column1.ejecutado],MATCH(1,(ejecuciones[Column1.codigoIndicador]=A55)*(ejecuciones[periodo avance]="Junio"),0)),0)} -> 0 | Z55: {=IFERROR(INDEX(ejecuciones[Column1.ejecutado],MATCH(1,(ejecuciones[Column1.codigoIndicador]=A55)*(ejecuciones[periodo avance]="Septiembre"),0)),0)} -> 0 | AA55: {=IFERROR(INDEX(ejecuciones[Column1.ejecutado],MATCH(1,(ejecuciones[Column1.codigoIndicador]=A55)*(ejecuciones[periodo avance]="Diciembre"),0)),0)} -> 0 | AB55: =+X55+Y55+Z55+AA55 -> 0 | AC55: =+AB55/S55 -> 0 | AD55: =V55+AB55 -> 0 | AE55: =+AB55/R55 -> 0 | AF55: =AD55/S55 -> 0 | AG55: {=IFERROR(INDEX(ejecuciones[Column1.presupuestoProyectado],MATCH(1,(ejecuciones[Column1.codigoIndicador]=A55)*(ejecuciones[Column1.fechaDiligenciamiento]=_xlfn.MAXIFS(ejecuciones[Column1.fechaDiligenciamiento],ejecuciones[Column1.codigoIndicador],A55)),0)),0)} -> 0 | AI55: {=IFERROR(INDEX(ejecuciones[Column1.presupuestoEjecutado],MATCH(1,(ejecuciones[Column1.codigoIndicador]=A55)*(ejecuciones[Column1.fechaDiligenciamiento]=_xlfn.MAXIFS(ejecuciones[Column1.fechaDiligenciamiento],ejecuciones[Column1.codigoIndicador],A55)),0)),0)} -> 0 | AJ55: =IFERROR(AI55/AG55,0) -> 0
A56: 55 | B56: SECRETARÍA DE MINAS Y ENERGIA | C56: BOLIVAR ME ENAMORA CON CRECIMIENTO ECONOMICO Y OPORTUNIDAD DE EMPLEO PARA TODOS | D56: BOLÍVAR ME ENAMORA EN MINERÍA SOSTENIBLE Y NUEVAS FUENTES DE ENERGÍAS LIMPIAS | E56: MINERÍA CON SOSTENIBILIDAD | F56: 2104 | G56: CONSOLIDACIÓN PRODUCTIVA DEL SECTOR MINERO | H56: ATENCIÓN Y APOYO A LA MUJER | I56: 70 | J56: PREVENCIÓN DEL TRABAJO INFANTIL Y FORTALECIMIENTO SOCIAL Y ECONOMICO DE LA MUJER MINERA | K56: 2104018 | L56: SERVICIO DE ASISTENCIA TÉCNICA PARA LA REGULARIZACIÓN DE LAS ACTIVIDADES MINERAS | M56: TRABAJADORES INFANTILES ERRADICADOS DE LA ACTIVIDAD MINERA | N56: NUMERO | O56: N/D | P56: N/A | Q56: N/A | R56: 125 | S56: 500 | U56: =+T56/S56 -> 0 | W56: =+V56/S56 -> 0 | X56: {=IFERROR(INDEX(ejecuciones[Column1.ejecutado],MATCH(1,(ejecuciones[Column1.codigoIndicador]=A56)*(ejecuciones[periodo avance]="Marzo"),0)),0)} -> 60 | Y56: {=IFERROR(INDEX(ejecuciones[Column1.ejecutado],MATCH(1,(ejecuciones[Column1.codigoIndicador]=A56)*(ejecuciones[periodo avance]="Junio"),0)),0)} -> 0 | Z56: {=IFERROR(INDEX(ejecuciones[Column1.ejecutado],MATCH(1,(ejecuciones[Column1.codigoIndicador]=A56)*(ejecuciones[periodo avance]="Septiembre"),0)),0)} -> 0 | AA56: {=IFERROR(INDEX(ejecuciones[Column1.ejecutado],MATCH(1,(ejecuciones[Column1.codigoIndicador]=A56)*(ejecuciones[periodo avance]="Diciembre"),0)),0)} -> 0 | AB56: =+X56+Y56+Z56+AA56 -> 60 | AC56: =+AB56/S56 -> 0.12 | AD56: =V56+AB56 -> 60 | AE56: =+AB56/R56 -> 0.48 | AF56: =AD56/S56 -> 0.12 | AG56: {=IFERROR(INDEX(ejecuciones[Column1.presupuestoProyectado],MATCH(1,(ejecuciones[Column1.codigoIndicador]=A56)*(ejecuciones[Column1.fechaDiligenciamiento]=_xlfn.MAXIFS(ejecuciones[Column1.fechaDiligenciamiento],ejecuciones[Column1.codigoIndicador],A56)),0)),0)} -> 0 | AI56: {=IFERROR(INDEX(ejecuciones[Column1.presupuestoEjecutado],MATCH(1,(ejecuciones[Column1.codigoIndicador]=A56)*(ejecuciones[Column1.fechaDiligenciamiento]=_xlfn.MAXIFS(ejecuciones[Column1.fechaDiligenciamiento],ejecuciones[Column1.codigoIndicador],A56)),0)),0)} -> 0 | AJ56: =IFERROR(AI56/AG56,0) -> 0
A57: 56 | B57: SECRETARÍA DE MINAS Y ENERGIA | C57: BOLIVAR ME ENAMORA CON CRECIMIENTO ECONOMICO Y OPORTUNIDAD DE EMPLEO PARA TODOS | D57: BOLÍVAR ME ENAMORA EN MINERÍA SOSTENIBLE Y NUEVAS FUENTES DE ENERGÍAS LIMPIAS | E57: TRANSICIÓN ENERGÉTICA | F57: 2101 | G57: ACCESO AL SERVICIO PÚBLICO DOMICILIARIO DE GAS COMBUSTIBLE | H57: SERVICIOS PÚBLICOS DIFERENTES A ACUEDUCTO ALCANTARILLADO Y ASEO (SIN INCLUIR PROYECTOS DE VIVIENDA DE INTERÉS SOCIAL) | I57: 73 | J57: AUMENTAR LA COBERTURA GAS NATURAL DEL DEPARTAMENTO DE BOLÍVAR | K57: 2101016 | L57: REDES DOMICILIARIAS DE GAS COMBUSTIBLE INSTALADAS | M57: VIVIENDAS CONECTADAS A LA RED LOCAL DE GAS COMBUSTIBLE | N57: NUMERO | O57: N/D | P57: N/A | Q57: N/A | R57: 475 | S57: 1890 | U57: =+T57/S57 -> 0 | W57: =+V57/S57 -> 0 | X57: {=IFERROR(INDEX(ejecuciones[Column1.ejecutado],MATCH(1,(ejecuciones[Column1.codigoIndicador]=A57)*(ejecuciones[periodo avance]="Marzo"),0)),0)} -> 1452 | Y57: {=IFERROR(INDEX(ejecuciones[Column1.ejecutado],MATCH(1,(ejecuciones[Column1.codigoIndicador]=A57)*(ejecuciones[periodo avance]="Junio"),0)),0)} -> 0 | Z57: {=IFERROR(INDEX(ejecuciones[Column1.ejecutado],MATCH(1,(ejecuciones[Column1.codigoIndicador]=A57)*(ejecuciones[periodo avance]="Septiembre"),0)),0)} -> 0 | AA57: {=IFERROR(INDEX(ejecuciones[Column1.ejecutado],MATCH(1,(ejecuciones[Column1.codigoIndicador]=A57)*(ejecuciones[periodo avance]="Diciembre"),0)),0)} -> 0 | AB57: =+X57+Y57+Z57+AA57 -> 1452 | AC57: =+AB57/S57 -> 0.76825397 | AD57: =V57+AB57 -> 1452 | AE57: =+AB57/R57 -> 3.0568421 | AF57: =AD57/S57 -> 0.76825397 | AG57: {=IFERROR(INDEX(ejecuciones[Column1.presupuestoProyectado],MATCH(1,(ejecuciones[Column1.codigoIndicador]=A57)*(ejecuciones[Column1.fechaDiligenciamiento]=_xlfn.MAXIFS(ejecuciones[Column1.fechaDiligenciamiento],ejecuciones[Column1.codigoIndicador],A57)),0)),0)} -> 2569089904 | AI57: {=IFERROR(INDEX(ejecuciones[Column1.presupuestoEjecutado],MATCH(1,(ejecuciones[Column1.codigoIndicador]=A57)*(ejecuciones[Column1.fechaDiligenciamiento]=_xlfn.MAXIFS(ejecuciones[Column1.fechaDiligenciamiento],ejecuciones[Column1.codigoIndicador],A57)),0)),0)} -> 0 | AJ57: =IFERROR(AI57/AG57,0) -> 0
A58: 57 | B58: SECRETARÍA DE MINAS Y ENERGIA | C58: BOLIVAR ME ENAMORA CON CRECIMIENTO ECONOMICO Y OPORTUNIDAD DE EMPLEO PARA TODOS | D58: BOLÍVAR ME ENAMORA EN MINERÍA SOSTENIBLE Y NUEVAS FUENTES DE ENERGÍAS LIMPIAS | E58: TRANSICIÓN ENERGÉTICA | F58: 2102 | G58: CONSOLIDACIÓN PRODUCTIVA DEL SECTOR DE ENERGÍA ELÉCTRICA | H58: OBRAS DE ELECTRIFICACIÓN RURAL | I58: 74 | J58: AUMENTAR LA COBERTURA ELECTRICA CON SISTEMA DE ENERGÍA RENOVABLE DEL DEPARTAMENTO DE BOLÍVAR | K58: 2102058 | L58: UNIDADES DE GENERACIÓN FOTOVOLTAICA DE ENERGÍA ELÉCTRICA INSTALADAS | M58: UNIDADES DE GENERACIÓN FOTOVOLTAICA DE ENERGÍA ELÉCTRICA INSTALADAS | N58: NUMERO | O58: N/D | P58: N/A | Q58: N/A | R58: 100 | S58: 400 | U58: =+T58/S58 -> 0 | W58: =+V58/S58 -> 0 | X58: {=IFERROR(INDEX(ejecuciones[Column1.ejecutado],MATCH(1,(ejecuciones[Column1.codigoIndicador]=A58)*(ejecuciones[periodo avance]="Marzo"),0)),0)} -> 100 | Y58: {=IFERROR(INDEX(ejecuciones[Column1.ejecutado],MATCH(1,(ejecuciones[Column1.codigoIndicador]=A58)*(ejecuciones[periodo avance]="Junio"),0)),0)} -> 0 | Z58: {=IFERROR(INDEX(ejecuciones[Column1.ejecutado],MATCH(1,(ejecuciones[Column1.codigoIndicador]=A58)*(ejecuciones[periodo avance]="Septiembre"),0)),0)} -> 0 | AA58: {=IFERROR(INDEX(ejecuciones[Column1.ejecutado],MATCH(1,(ejecuciones[Column1.codigoIndicador]=A58)*(ejecuciones[periodo avance]="Diciembre"),0)),0)} -> 0 | AB58: =+X58+Y58+Z58+AA58 -> 100 | AC58: =+AB58/S58 -> 0.25 | AD58: =V58+AB58 -> 100 | AE58: =+AB58/R58 -> 1 | AF58: =AD58/S58 -> 0.25 | AG58: {=IFERROR(INDEX(ejecuciones[Column1.presupuestoProyectado],MATCH(1,(ejecuciones[Column1.codigoIndicador]=A58)*(ejecuciones[Column1.fechaDiligenciamiento]=_xlfn.MAXIFS(ejecuciones[Column1.fechaDiligenciamiento],ejecuciones[Column1.codigoIndicador],A58)),0)),0)} -> 7500000000 | AI58: {=IFERROR(INDEX(ejecuciones[Column1.presupuestoEjecutado],MATCH(1,(ejecuciones[Column1.codigoIndicador]=A58)*(ejecuciones[Column1.fechaDiligenciamiento]=_xlfn.MAXIFS(ejecuciones[Column1.fechaDiligenciamiento],ejecuciones[Column1.codigoIndicador],A58)),0)),0)} -> 7500000000 | AJ58: =IFERROR(AI58/AG58,0) -> 1
A59: 58 | B59: SECRETARÍA DE MINAS Y ENERGIA | C59: BOLIVAR ME ENAMORA CON CRECIMIENTO ECONOMICO Y OPORTUNIDAD DE EMPLEO PARA TODOS | D59: BOLÍVAR ME ENAMORA EN MINERÍA SOSTENIBLE Y NUEVAS FUENTES DE ENERGÍAS LIMPIAS | E59: TRANSICIÓN ENERGÉTICA | F59: 2102 | G59: CONSOLIDACIÓN PRODUCTIVA DEL SECTOR DE ENERGÍA ELÉCTRICA | H59: OBRAS DE ELECTRIFICACIÓN RURAL | I59: 75 | J59: AUMENTAR LA COBERTURA ELECTRICA CON SISTEMA DE ENERGÍA CONVENCIONAL EN EL DEPARTAMENTO DE BOLÍVAR | K59: 2102045 | L59: REDES DOMICILIARIAS DE ENERGÍA ELÉCTRICA INSTALADAS | M59: VIVIENDAS CONECTADAS A LA RED DEL SISTEMA DE DISTRIBUCIÓN LOCAL DE ENERGÍA ELÉCTRICA | N59: NUMERO | O59: N/D | P59: N/A | Q59: N/A | R59: 80 | S59: 300 | U59: =+T59/S59 -> 0 | W59: =+V59/S59 -> 0 | X59: {=IFERROR(INDEX(ejecuciones[Column1.ejecutado],MATCH(1,(ejecuciones[Column1.codigoIndicador]=A59)*(ejecuciones[periodo avance]="Marzo"),0)),0)} -> 0 | Y59: {=IFERROR(INDEX(ejecuciones[Column1.ejecutado],MATCH(1,(ejecuciones[Column1.codigoIndicador]=A59)*(ejecuciones[periodo avance]="Junio"),0)),0)} -> 0 | Z59: {=IFERROR(INDEX(ejecuciones[Column1.ejecutado],MATCH(1,(ejecuciones[Column1.codigoIndicador]=A59)*(ejecuciones[periodo avance]="Septiembre"),0)),0)} -> 0 | AA59: {=IFERROR(INDEX(ejecuciones[Column1.ejecutado],MATCH(1,(ejecuciones[Column1.codigoIndicador]=A59)*(ejecuciones[periodo avance]="Diciembre"),0)),0)} -> 0 | AB59: =+X59+Y59+Z59+AA59 -> 0 | AC59: =+AB59/S59 -> 0 | AD59: =V59+AB59 -> 0 | AE59: =+AB59/R59 -> 0 | AF59: =AD59/S59 -> 0 | AG59: {=IFERROR(INDEX(ejecuciones[Column1.presupuestoProyectado],MATCH(1,(ejecuciones[Column1.codigoIndicador]=A59)*(ejecuciones[Column1.fechaDiligenciamiento]=_xlfn.MAXIFS(ejecuciones[Column1.fechaDiligenciamiento],ejecuciones[Column1.codigoIndicador],A59)),0)),0)} -> 0 | AI59: {=IFERROR(INDEX(ejecuciones[Column1.presupuestoEjecutado],MATCH(1,(ejecuciones[Column1.codigoIndicador]=A59)*(ejecuciones[Column1.fechaDiligenciamiento]=_xlfn.MAXIFS(ejecuciones[Column1.fechaDiligenciamiento],ejecuciones[Column1.codigoIndicador],A59)),0)),0)} -> 0 | AJ59: =IFERROR(AI59/AG59,0) -> 0
A60: 59 | B60: SECRETARIA DE MOVILIDAD | C60: BOLIVAR ME ENAMORA CON CRECIMIENTO ECONOMICO Y OPORTUNIDAD DE EMPLEO PARA TODOS | D60: BOLÍVAR ME ENAMORA EN INFRAESTRUCTURA Y MOVILIDAD | E60: PROGRAMA DE MOVILIDAD | F60: 2409 | G60: SEGURIDAD DE TRANSPORTE | H60: TRANSPORTE | I60: 76 | J60: DESARROLLO DE PROYECTOS DE SEÑALIZACIÓN VERTICAL, HORIZONTAL, REDUCTORES DE VOLOCIDAD, SEMAFORIZACIÓN ,INSTALACIÓN DE EQUIPOS ELECTRÓNICOS , ROCERÍA,MANTENIMIENTO Y REPARCHEO DE LAS VÍAS EN EL DEPARTAMENTO DE BOLÍVAR | K60: 2409003 | L60: INFRAESTRUCTURA DE TRANSPORTE PARA LA SEGURIDAD VIAL MEJORADA | M60: INFRAESTRUCTURA MEJORADA | N60: METROS LINEALES | O60: 15 | P60: 2023 | Q60: Secretaria de Movilidad | R60: 5 | S60: 20 | U60: =+T60/S60 -> 0 | W60: =+V60/S60 -> 0 | X60: {=IFERROR(INDEX(ejecuciones[Column1.ejecutado],MATCH(1,(ejecuciones[Column1.codigoIndicador]=A60)*(ejecuciones[periodo avance]="Marzo"),0)),0)} -> 0 | Y60: {=IFERROR(INDEX(ejecuciones[Column1.ejecutado],MATCH(1,(ejecuciones[Column1.codigoIndicador]=A60)*(ejecuciones[periodo avance]="Junio"),0)),0)} -> 0 | Z60: {=IFERROR(INDEX(ejecuciones[Column1.ejecutado],MATCH(1,(ejecuciones[Column1.codigoIndicador]=A60)*(ejecuciones[periodo avance]="Septiembre"),0)),0)} -> 0 | AA60: {=IFERROR(INDEX(ejecuciones[Column1.ejecutado],MATCH(1,(ejecuciones[Column1.codigoIndicador]=A60)*(ejecuciones[periodo avance]="Diciembre"),0)),0)} -> 0 | AB60: =+X60+Y60+Z60+AA60 -> 0 | AC60: =+AB60/S60 -> 0 | AD60: =V60+AB60 -> 0 | AE60: =+AB60/R60 -> 0 | AF60: =AD60/S60 -> 0 | AG60: {=IFERROR(INDEX(ejecuciones[Column1.presupuestoProyectado],MATCH(1,(ejecuciones[Column1.codigoIndicador]=A60)*(ejecuciones[Column1.fechaDiligenciamiento]=_xlfn.MAXIFS(ejecuciones[Column1.fechaDiligenciamiento],ejecuciones[Column1.codigoIndicador],A60)),0)),0)} -> 0 | AI60: {=IFERROR(INDEX(ejecuciones[Column1.presupuestoEjecutado],MATCH(1,(ejecuciones[Column1.codigoIndicador]=A60)*(ejecuciones[Column1.fechaDiligenciamiento]=_xlfn.MAXIFS(ejecuciones[Column1.fechaDiligenciamiento],ejecuciones[Column1.codigoIndicador],A60)),0)),0)} -> 0 | AJ60: =IFERROR(AI60/AG60,0) -> 0
A61: 60 | B61: SECRETARIA DE MOVILIDAD | C61: BOLIVAR ME ENAMORA CON CRECIMIENTO ECONOMICO Y OPORTUNIDAD DE EMPLEO PARA TODOS | D61: BOLÍVAR ME ENAMORA EN INFRAESTRUCTURA Y MOVILIDAD | E61: PROGRAMA DE MOVILIDAD | F61: 2409 | G61: SEGURIDAD DE TRANSPORTE | H61: TRANSPORTE | I61: 77 | J61: REALIZACIÓN DE CAMPAÑAS PEDAGOGICAS, ORIENTADAS A CONCIENTIZAR A LA POBLACIÓN DEL USO DEL CINTURON DE SEGURIDAD, CONTROL DE LÍMITES DE VELOCIDAD,GENERAR CULTURA CIUDADANA, MEJORA DE SITIOS CRITICOS INTERVENIDOS, CUMPLIMIENTO DE NORMAS DE SEGRURIDAD VIAL | K61: 2409063 | L61: SERVICIO DE EDUCACIÓN INFORMAL | M61: ESTRATEGIAS PEDAGÓGICAS IMPLEMENTADAS | N61: NÚMERO | O61: 11 | P61: 2023 | Q61: Secretaria de Movilidad | R61: 4 | S61: 15 | U61: =+T61/S61 -> 0 | W61: =+V61/S61 -> 0 | X61: {=IFERROR(INDEX(ejecuciones[Column1.ejecutado],MATCH(1,(ejecuciones[Column1.codigoIndicador]=A61)*(ejecuciones[periodo avance]="Marzo"),0)),0)} -> 0 | Y61: {=IFERROR(INDEX(ejecuciones[Column1.ejecutado],MATCH(1,(ejecuciones[Column1.codigoIndicador]=A61)*(ejecuciones[periodo avance]="Junio"),0)),0)} -> 3 | Z61: {=IFERROR(INDEX(ejecuciones[Column1.ejecutado],MATCH(1,(ejecuciones[Column1.codigoIndicador]=A61)*(ejecuciones[periodo avance]="Septiembre"),0)),0)} -> 0 | AA61: {=IFERROR(INDEX(ejecuciones[Column1.ejecutado],MATCH(1,(ejecuciones[Column1.codigoIndicador]=A61)*(ejecuciones[periodo avance]="Diciembre"),0)),0)} -> 0 | AB61: =+X61+Y61+Z61+AA61 -> 3 | AC61: =+AB61/S61 -> 0.2 | AD61: =V61+AB61 -> 3 | AE61: =+AB61/R61 -> 0.75 | AF61: =AD61/S61 -> 0.2 | AG61: {=IFERROR(INDEX(ejecuciones[Column1.presupuestoProyectado],MATCH(1,(ejecuciones[Column1.codigoIndicador]=A61)*(ejecuciones[Column1.fechaDiligenciamiento]=_xlfn.MAXIFS(ejecuciones[Column1.fechaDiligenciamiento],ejecuciones[Column1.codigoIndicador],A61)),0)),0)} -> 638317635 | AI61: {=IFERROR(INDEX(ejecuciones[Column1.presupuestoEjecutado],MATCH(1,(ejecuciones[Column1.codigoIndicador]=A61)*(ejecuciones[Column1.fechaDiligenciamiento]=_xlfn.MAXIFS(ejecuciones[Column1.fechaDiligenciamiento],ejecuciones[Column1.codigoIndicador],A61)),0)),0)} -> 632760000 | AJ61: =IFERROR(AI61/AG61,0) -> 0.99129331
A62: 61 | B62: SECRETARIA DE MOVILIDAD | C62: BOLIVAR ME ENAMORA CON CRECIMIENTO ECONOMICO Y OPORTUNIDAD DE EMPLEO PARA TODOS | D62: BOLÍVAR ME ENAMORA EN INFRAESTRUCTURA Y MOVILIDAD | E62: PROGRAMA DE MOVILIDAD | F62: 2403 | G62: INFRAESTRUCTURA Y SERVICIOS DE TRANSPORTE AÉREO | H62: TRANSPORTE | I62: 78 | J62: MEJORAR LA INFRAESTRUCTURA Y HABILITAR LOS AEROPUERTOS MONTEMARIANO DEL CARMEN DE BOLÍVAR Y BARACOA DE MAGANGUE | K62: 2403002 | L62: AEROPUERTOS MEJORADOS | M62: AEROPUERTOS MEJORADOS | N62: NÚMERO | O62: 1 | P62: 2023 | Q62: Secretaria de Movilidad | R62: 1 | S62: 2 | U62: =+T62/S62 -> 0 | W62: =+V62/S62 -> 0 | X62: {=IFERROR(INDEX(ejecuciones[Column1.ejecutado],MATCH(1,(ejecuciones[Column1.codigoIndicador]=A62)*(ejecuciones[periodo avance]="Marzo"),0)),0)} -> 1 | Y62: {=IFERROR(INDEX(ejecuciones[Column1.ejecutado],MATCH(1,(ejecuciones[Column1.codigoIndicador]=A62)*(ejecuciones[periodo avance]="Junio"),0)),0)} -> 0 | Z62: {=IFERROR(INDEX(ejecuciones[Column1.ejecutado],MATCH(1,(ejecuciones[Column1.codigoIndicador]=A62)*(ejecuciones[periodo avance]="Septiembre"),0)),0)} -> 0 | AA62: {=IFERROR(INDEX(ejecuciones[Column1.ejecutado],MATCH(1,(ejecuciones[Column1.codigoIndicador]=A62)*(ejecuciones[periodo avance]="Diciembre"),0)),0)} -> 0 | AB62: =+X62+Y62+Z62+AA62 -> 1 | AC62: =+AB62/S62 -> 0.5 | AD62: =V62+AB62 -> 1 | AE62: =+AB62/R62 -> 1 | AF62: =AD62/S62 -> 0.5 | AG62: {=IFERROR(INDEX(ejecuciones[Column1.presupuestoProyectado],MATCH(1,(ejecuciones[Column1.codigoIndicador]=A62)*(ejecuciones[Column1.fechaDiligenciamiento]=_xlfn.MAXIFS(ejecuciones[Column1.fechaDiligenciamiento],ejecuciones[Column1.codigoIndicador],A62)),0)),0)} -> 209038875 | AI62: {=IFERROR(INDEX(ejecuciones[Column1.presupuestoEjecutado],MATCH(1,(ejecuciones[Column1.codigoIndicador]=A62)*(ejecuciones[Column1.fechaDiligenciamiento]=_xlfn.MAXIFS(ejecuciones[Column1.fechaDiligenciamiento],ejecuciones[Column1.codigoIndicador],A62)),0)),0)} -> 20903875 | AJ62: =IFERROR(AI62/AG62,0) -> 0.09999994
A63: 62 | B63: SECRETARIA DE MOVILIDAD | C63: BOLIVAR ME ENAMORA CON CRECIMIENTO ECONOMICO Y OPORTUNIDAD DE EMPLEO PARA TODOS | D63: BOLÍVAR ME ENAMORA EN INFRAESTRUCTURA Y MOVILIDAD | E63: PROGRAMA DE MOVILIDAD | F63: 2409 | G63: SEGURIDAD DE TRANSPORTE | H63: TRANSPORTE | I63: 80 | J63: DESARROLLAR CAMPAÑAS A TRAVES DE PROYECTO DE CONCIENTIZACIÓN DE LA NO UTILIZACIÓN DE TRANSPORTE DE TRACCIÓN ANIMAL Y REEMPLAZO DE ESTE MEDIO IRREGULAR DE TRANSPORTE. | K63: 4103057 | L63: SERVICIO DE APOYO A UNIDADES PRODUCTIVAS INDIVIDUALES PARA LA GENERACIÓN DE INGRESOS | M63: UNIDADES PRODUCTIVAS CAPITALIZADAS | N63: NUMERO | O63: ND | P63: 2023 | Q63: Secretaria de Movilidad | R63: 5 | S63: 17 | U63: =+T63/S63 -> 0 | W63: =+V63/S63 -> 0 | X63: {=IFERROR(INDEX(ejecuciones[Column1.ejecutado],MATCH(1,(ejecuciones[Column1.codigoIndicador]=A63)*(ejecuciones[periodo avance]="Marzo"),0)),0)} -> 0 | Y63: {=IFERROR(INDEX(ejecuciones[Column1.ejecutado],MATCH(1,(ejecuciones[Column1.codigoIndicador]=A63)*(ejecuciones[periodo avance]="Junio"),0)),0)} -> 0 | Z63: {=IFERROR(INDEX(ejecuciones[Column1.ejecutado],MATCH(1,(ejecuciones[Column1.codigoIndicador]=A63)*(ejecuciones[periodo avance]="Septiembre"),0)),0)} -> 0 | AA63: {=IFERROR(INDEX(ejecuciones[Column1.ejecutado],MATCH(1,(ejecuciones[Column1.codigoIndicador]=A63)*(ejecuciones[periodo avance]="Diciembre"),0)),0)} -> 0 | AB63: =+X63+Y63+Z63+AA63 -> 0 | AC63: =+AB63/S63 -> 0 | AD63: =V63+AB63 -> 0 | AE63: =+AB63/R63 -> 0 | AF63: =AD63/S63 -> 0 | AG63: {=IFERROR(INDEX(ejecuciones[Column1.presupuestoProyectado],MATCH(1,(ejecuciones[Column1.codigoIndicador]=A63)*(ejecuciones[Column1.fechaDiligenciamiento]=_xlfn.MAXIFS(ejecuciones[Column1.fechaDiligenciamiento],ejecuciones[Column1.codigoIndicador],A63)),0)),0)} -> 0 | AI63: {=IFERROR(INDEX(ejecuciones[Column1.presupuestoEjecutado],MATCH(1,(ejecuciones[Column1.codigoIndicador]=A63)*(ejecuciones[Column1.fechaDiligenciamiento]=_xlfn.MAXIFS(ejecuciones[Column1.fechaDiligenciamiento],ejecuciones[Column1.codigoIndicador],A63)),0)),0)} -> 0 | AJ63: =IFERROR(AI63/AG63,0) -> 0
A64: 63 | B64: OAGRD | C64: BOLIVAR ME ENAMORA CON TRANSICION ENERGETICA Y GESTION AMBIETNAL DE EXCELENCIA | D64: BOLÍVAR ME ENAMORA EN GESTIÓN DE RIESGO DE DESASTRES | E64: CONOCIMMIENTO DE RIESGO DE DESASTRE | F64: 4503 | G64: GESTIÓN DEL RIESGO DE DESASTRES Y EMERGENCIAS | H64: PREVENCIÓN Y ATENCIÓN DE DESASTRE | I64: 81 | J64: INCREMENTAR EL NÚMERO DE BENEFICIADOS CON EDUCACIÓN Y/O CAPACITACIÓN EN TEMAS DE GRD | K64: 4503002 | L64: SERVICIO DE EDUCACIÓN INFORMAL | M64: PERSONAS CAPACITADAS | N64: NÚMERO DE PERSONAS | O64: 0 | P64: N/A | Q64: N/A | R64: 200 | S64: 800 | U64: =+T64/S64 -> 0 | W64: =+V64/S64 -> 0 | X64: {=IFERROR(INDEX(ejecuciones[Column1.ejecutado],MATCH(1,(ejecuciones[Column1.codigoIndicador]=A64)*(ejecuciones[periodo avance]="Marzo"),0)),0)} -> 85 | Y64: {=IFERROR(INDEX(ejecuciones[Column1.ejecutado],MATCH(1,(ejecuciones[Column1.codigoIndicador]=A64)*(ejecuciones[periodo avance]="Junio"),0)),0)} -> 65 | Z64: {=IFERROR(INDEX(ejecuciones[Column1.ejecutado],MATCH(1,(ejecuciones[Column1.codigoIndicador]=A64)*(ejecuciones[periodo avance]="Septiembre"),0)),0)} -> 0 | AA64: {=IFERROR(INDEX(ejecuciones[Column1.ejecutado],MATCH(1,(ejecuciones[Column1.codigoIndicador]=A64)*(ejecuciones[periodo avance]="Diciembre"),0)),0)} -> 0 | AB64: =+X64+Y64+Z64+AA64 -> 150 | AC64: =+AB64/S64 -> 0.1875 | AD64: =V64+AB64 -> 150 | AE64: =+AB64/R64 -> 0.75 | AF64: =AD64/S64 -> 0.1875 | AG64: {=IFERROR(INDEX(ejecuciones[Column1.presupuestoProyectado],MATCH(1,(ejecuciones[Column1.codigoIndicador]=A64)*(ejecuciones[Column1.fechaDiligenciamiento]=_xlfn.MAXIFS(ejecuciones[Column1.fechaDiligenciamiento],ejecuciones[Column1.codigoIndicador],A64)),0)),0)} -> 1000000000 | AI64: {=IFERROR(INDEX(ejecuciones[Column1.presupuestoEjecutado],MATCH(1,(ejecuciones[Column1.codigoIndicador]=A64)*(ejecuciones[Column1.fechaDiligenciamiento]=_xlfn.MAXIFS(ejecuciones[Column1.fechaDiligenciamiento],ejecuciones[Column1.codigoIndicador],A64)),0)),0)} -> 615333336 | AJ64: =IFERROR(AI64/AG64,0) -> 0.61533334
A65: 64 | B65: OAGRD | C65: BOLIVAR ME ENAMORA CON TRANSICION ENERGETICA Y GESTION AMBIETNAL DE EXCELENCIA | D65: BOLÍVAR ME ENAMORA EN GESTIÓN DE RIESGO DE DESASTRES | E65: CONOCIMMIENTO DE RIESGO DE DESASTRE | F65: 4503 | G65: GESTIÓN DEL RIESGO DE DESASTRES Y EMERGENCIAS | H65: PREVENCIÓN Y ATENCIÓN DE DESASTRE | I65: 82 | J65: BRINDARE ASISTENCIA TECNICA ANUALMENTE A LOS 46 COMITES MUNICIPALES DE GESTION DEL RIESGO DE DESASTRES, EN LA FORMULACION DE PROGRAMAS DE APOYO, ASESORÍAS, PLANES Y PROYECTOS. | K65: 4503003 | L65: SERVICIO DE ASISTENCIA TÉCNICA | M65: INSTANCIAS TERRITORIALES ASISTIDAS | N65: NÚMERO DE INSTANCIAS TERRITORIALES | O65: 0 | P65: N/A | Q65: N/A | R65: 46 | S65: 184 | U65: =+T65/S65 -> 0 | W65: =+V65/S65 -> 0 | X65: {=IFERROR(INDEX(ejecuciones[Column1.ejecutado],MATCH(1,(ejecuciones[Column1.codigoIndicador]=A65)*(ejecuciones[periodo avance]="Marzo"),0)),0)} -> 5 | Y65: {=IFERROR(INDEX(ejecuciones[Column1.ejecutado],MATCH(1,(ejecuciones[Column1.codigoIndicador]=A65)*(ejecuciones[periodo avance]="Junio"),0)),0)} -> 6 | Z65: {=IFERROR(INDEX(ejecuciones[Column1.ejecutado],MATCH(1,(ejecuciones[Column1.codigoIndicador]=A65)*(ejecuciones[periodo avance]="Septiembre"),0)),0)} -> 0 | AA65: {=IFERROR(INDEX(ejecuciones[Column1.ejecutado],MATCH(1,(ejecuciones[Column1.codigoIndicador]=A65)*(ejecuciones[periodo avance]="Diciembre"),0)),0)} -> 0 | AB65: =+X65+Y65+Z65+AA65 -> 11 | AC65: =+AB65/S65 -> 0.059782609 | AD65: =V65+AB65 -> 11 | AE65: =+AB65/R65 -> 0.23913043 | AF65: =AD65/S65 -> 0.059782609 | AG65: {=IFERROR(INDEX(ejecuciones[Column1.presupuestoProyectado],MATCH(1,(ejecuciones[Column1.codigoIndicador]=A65)*(ejecuciones[Column1.fechaDiligenciamiento]=_xlfn.MAXIFS(ejecuciones[Column1.fechaDiligenciamiento],ejecuciones[Column1.codigoIndicador],A65)),0)),0)} -> 500000000 | AI65: {=IFERROR(INDEX(ejecuciones[Column1.presupuestoEjecutado],MATCH(1,(ejecuciones[Column1.codigoIndicador]=A65)*(ejecuciones[Column1.fechaDiligenciamiento]=_xlfn.MAXIFS(ejecuciones[Column1.fechaDiligenciamiento],ejecuciones[Column1.codigoIndicador],A65)),0)),0)} -> 393333333 | AJ65: =IFERROR(AI65/AG65,0) -> 0.78666667
A66: 65 | B66: OAGRD | C66: BOLIVAR ME ENAMORA CON TRANSICION ENERGETICA Y GESTION AMBIETNAL DE EXCELENCIA | D66: BOLÍVAR ME ENAMORA EN GESTIÓN DE RIESGO DE DESASTRES | E66: ATENCIÓN DE DESASTRE | F66: 4503 | G66: GESTIÓN DEL RIESGO DE DESASTRES Y EMERGENCIAS | H66: PREVENCIÓN Y ATENCIÓN DE DESASTRE | I66: 83 | J66: FORTALECER LAS ENTIDADES OPERATIVAS CON DOTACIONES Y EQUIPOS DE EMERGENCIAS Y DESASTRES. | K66: 4503016 | L66: SERVICIO DE FORTALECIMIENTO A LAS SALAS DE CRISIS TERRITORIAL | M66: ORGANISMOS DE ATENCIÓN DE EMERGENCIAS FORTALECIDOS | N66: NÚMERO DE ORGANISMOS | O66: 0 | P66: N/A | Q66: N/A | R66: 1 | S66: 4 | U66: =+T66/S66 -> 0 | W66: =+V66/S66 -> 0 | X66: {=IFERROR(INDEX(ejecuciones[Column1.ejecutado],MATCH(1,(ejecuciones[Column1.codigoIndicador]=A66)*(ejecuciones[periodo avance]="Marzo"),0)),0)} -> 0 | Y66: {=IFERROR(INDEX(ejecuciones[Column1.ejecutado],MATCH(1,(ejecuciones[Column1.codigoIndicador]=A66)*(ejecuciones[periodo avance]="Junio"),0)),0)} -> 0 | Z66: {=IFERROR(INDEX(ejecuciones[Column1.ejecutado],MATCH(1,(ejecuciones[Column1.codigoIndicador]=A66)*(ejecuciones[periodo avance]="Septiembre"),0)),0)} -> 0 | AA66: {=IFERROR(INDEX(ejecuciones[Column1.ejecutado],MATCH(1,(ejecuciones[Column1.codigoIndicador]=A66)*(ejecuciones[periodo avance]="Diciembre"),0)),0)} -> 0 | AB66: =+X66+Y66+Z66+AA66 -> 0 | AC66: =+AB66/S66 -> 0 | AD66: =V66+AB66 -> 0 | AE66: =+AB66/R66 -> 0 | AF66: =AD66/S66 -> 0 | AG66: {=IFERROR(INDEX(ejecuciones[Column1.presupuestoProyectado],MATCH(1,(ejecuciones[Column1.codigoIndicador]=A66)*(ejecuciones[Column1.fechaDiligenciamiento]=_xlfn.MAXIFS(ejecuciones[Column1.fechaDiligenciamiento],ejecuciones[Column1.codigoIndicador],A66)),0)),0)} -> 0 | AI66: {=IFERROR(INDEX(ejecuciones[Column1.presupuestoEjecutado],MATCH(1,(ejecuciones[Column1.codigoIndicador]=A66)*(ejecuciones[Column1.fechaDiligenciamiento]=_xlfn.MAXIFS(ejecuciones[Column1.fechaDiligenciamiento],ejecuciones[Column1.codigoIndicador],A66)),0)),0)} -> 0 | AJ66: =IFERROR(AI66/AG66,0) -> 0
A67: 66 | B67: OAGRD | C67: BOLIVAR ME ENAMORA CON TRANSICION ENERGETICA Y GESTION AMBIETNAL DE EXCELENCIA | D67: BOLÍVAR ME ENAMORA EN GESTIÓN DE RIESGO DE DESASTRES | E67: ATENCIÓN DE DESASTRE | F67: 4503 | G67: GESTIÓN DEL RIESGO DE DESASTRES Y EMERGENCIAS | H67: PREVENCIÓN Y ATENCIÓN DE DESASTRE | I67: 84 | J67: IMPLEMENTAR GRADUALMENTE UN SISTEMA DE RECOLECCION DE DATOS DE EVENTOS NATURALES Y FACTORES AMBIENTALES PARA PROYECCION DE MEDIDAS DE INTERVENCIÓN | K67: 4503019 | L67: "SERVICIOS DE INFORMACIÓN IMPLEMENTADOS" | M67: SISTEMAS DE INFORMACIÓN IMPLEMENTADOS | N67: NÚMERO DE SISTEMAS | O67: 0 | P67: N/A | Q67: N/A | R67: 0.0025 | S67: 1 | U67: =+T67/S67 -> 0 | W67: =+V67/S67 -> 0 | X67: {=IFERROR(INDEX(ejecuciones[Column1.ejecutado],MATCH(1,(ejecuciones[Column1.codigoIndicador]=A67)*(ejecuciones[periodo avance]="Marzo"),0)),0)} -> 0 | Y67: {=IFERROR(INDEX(ejecuciones[Column1.ejecutado],MATCH(1,(ejecuciones[Column1.codigoIndicador]=A67)*(ejecuciones[periodo avance]="Junio"),0)),0)} -> 0 | Z67: {=IFERROR(INDEX(ejecuciones[Column1.ejecutado],MATCH(1,(ejecuciones[Column1.codigoIndicador]=A67)*(ejecuciones[periodo avance]="Septiembre"),0)),0)} -> 0 | AA67: {=IFERROR(INDEX(ejecuciones[Column1.ejecutado],MATCH(1,(ejecuciones[Column1.codigoIndicador]=A67)*(ejecuciones[periodo avance]="Diciembre"),0)),0)} -> 0 | AB67: =+X67+Y67+Z67+AA67 -> 0 | AC67: =+AB67/S67 -> 0 | AD67: =V67+AB67 -> 0 | AE67: =+AB67/R67 -> 0 | AF67: =AD67/S67 -> 0 | AG67: {=IFERROR(INDEX(ejecuciones[Column1.presupuestoProyectado],MATCH(1,(ejecuciones[Column1.codigoIndicador]=A67)*(ejecuciones[Column1.fechaDiligenciamiento]=_xlfn.MAXIFS(ejecuciones[Column1.fechaDiligenciamiento],ejecuciones[Column1.codigoIndicador],A67)),0)),0)} -> 0 | AI67: {=IFERROR(INDEX(ejecuciones[Column1.presupuestoEjecutado],MATCH(1,(ejecuciones[Column1.codigoIndicador]=A67)*(ejecuciones[Column1.fechaDiligenciamiento]=_xlfn.MAXIFS(ejecuciones[Column1.fechaDiligenciamiento],ejecuciones[Column1.codigoIndicador],A67)),0)),0)} -> 0 | AJ67: =IFERROR(AI67/AG67,0) -> 0
A68: 67 | B68: OAGRD | C68: BOLIVAR ME ENAMORA CON TRANSICION ENERGETICA Y GESTION AMBIETNAL DE EXCELENCIA | D68: BOLÍVAR ME ENAMORA EN GESTIÓN DE RIESGO DE DESASTRES | E68: ATENCIÓN DE DESASTRE | F68: 4503 | G68: GESTIÓN DEL RIESGO DE DESASTRES Y EMERGENCIAS | H68: PREVENCIÓN Y ATENCIÓN DE DESASTRE | I68: 85 | J68: PROPENDER POR DISMINUIR LA ENTREGA DE RECURSOS EN ESPECIE O MONETARIOS A LA POBLACIÓN AFECTADA POR SITUACIONES DE EMERGENCIAS SANITARIAS, NATURALES, EVENTOS CATASTRÓFICOS O CALAMIDAD PÚBLICA DECLARADA. | K68: 4503028 | L68: SERVICIOS DE APOYO PARA ATENCIÓN DE POBLACIÓN AFECTADA POR SITUACIONES DE EMERGENCIA, DESASTRE O DECLARATORIAS DE CALAMIDAD PÚBLICA | M68: PERSONAS AFECTADAS POR SITUACIONES DE EMERGENCIA, DESASTRE O DECLARATORIAS DE CALAMIDAD PÚBLICA APOYADAS | N68: NÚMERO DE PERSONAS | O68: 0 | P68: N/A | Q68: N/A | R68: 2500 | S68: 10000 | U68: =+T68/S68 -> 0 | W68: =+V68/S68 -> 0 | X68: {=IFERROR(INDEX(ejecuciones[Column1.ejecutado],MATCH(1,(ejecuciones[Column1.codigoIndicador]=A68)*(ejecuciones[periodo avance]="Marzo"),0)),0)} -> 2741 | Y68: {=IFERROR(INDEX(ejecuciones[Column1.ejecutado],MATCH(1,(ejecuciones[Column1.codigoIndicador]=A68)*(ejecuciones[periodo avance]="Junio"),0)),0)} -> 2083 | Z68: {=IFERROR(INDEX(ejecuciones[Column1.ejecutado],MATCH(1,(ejecuciones[Column1.codigoIndicador]=A68)*(ejecuciones[periodo avance]="Septiembre"),0)),0)} -> 0 | AA68: {=IFERROR(INDEX(ejecuciones[Column1.ejecutado],MATCH(1,(ejecuciones[Column1.codigoIndicador]=A68)*(ejecuciones[periodo avance]="Diciembre"),0)),0)} -> 0 | AB68: =+X68+Y68+Z68+AA68 -> 4824 | AC68: =+AB68/S68 -> 0.4824 | AD68: =V68+AB68 -> 4824 | AE68: =+AB68/R68 -> 1.9296 | AF68: =AD68/S68 -> 0.4824 | AG68: {=IFERROR(INDEX(ejecuciones[Column1.presupuestoProyectado],MATCH(1,(ejecuciones[Column1.codigoIndicador]=A68)*(ejecuciones[Column1.fechaDiligenciamiento]=_xlfn.MAXIFS(ejecuciones[Column1.fechaDiligenciamiento],ejecuciones[Column1.codigoIndicador],A68)),0)),0)} -> 0 | AI68: {=IFERROR(INDEX(ejecuciones[Column1.presupuestoEjecutado],MATCH(1,(ejecuciones[Column1.codigoIndicador]=A68)*(ejecuciones[Column1.fechaDiligenciamiento]=_xlfn.MAXIFS(ejecuciones[Column1.fechaDiligenciamiento],ejecuciones[Column1.codigoIndicador],A68)),0)),0)} -> 0 | AJ68: =IFERROR(AI68/AG68,0) -> 0
A69: 68 | B69: OAGRD | C69: BOLIVAR ME ENAMORA CON TRANSICION ENERGETICA Y GESTION AMBIETNAL DE EXCELENCIA | D69: BOLÍVAR ME ENAMORA EN GESTIÓN DE RIESGO DE DESASTRES | E69: REDUCCIÓN DE RIESGO DE DESASTRE | F69: 4503 | G69: GESTIÓN DEL RIESGO DE DESASTRES Y EMERGENCIAS | H69: PREVENCIÓN Y ATENCIÓN DE DESASTRE | I69: 86 | J69: IMPLEMENTAR ACCIONES DE MEDIDAS DE REDUCCION DEL RIESGO POR MEDIO DE INTERVENCIONES CORRECTIVAS CONSIDERANDO LAS SOLUCIONES BASADAS EN LA NATURALEZA (SBN) CON ENFASIS EN ECO-REDUCCION (ECO RRD) | K69: 4503022 | L69: OBRAS DE INFRAESTRUCTURA PARA LA REDUCCIÓN DEL RIESGO DE DESASTRES | M69: OBRAS DE INFRAESTRUCTURA PARA LA REDUCCIÓN DEL RIESGO DE DESASTRES REALIZADAS | N69: NÚMERO DE OBRAS | O69: 0 | P69: N/A | Q69: N/A | R69: 5 | S69: 20 | U69: =+T69/S69 -> 0 | W69: =+V69/S69 -> 0 | X69: {=IFERROR(INDEX(ejecuciones[Column1.ejecutado],MATCH(1,(ejecuciones[Column1.codigoIndicador]=A69)*(ejecuciones[periodo avance]="Marzo"),0)),0)} -> 0 | Y69: {=IFERROR(INDEX(ejecuciones[Column1.ejecutado],MATCH(1,(ejecuciones[Column1.codigoIndicador]=A69)*(ejecuciones[periodo avance]="Junio"),0)),0)} -> 4 | Z69: {=IFERROR(INDEX(ejecuciones[Column1.ejecutado],MATCH(1,(ejecuciones[Column1.codigoIndicador]=A69)*(ejecuciones[periodo avance]="Septiembre"),0)),0)} -> 0 | AA69: {=IFERROR(INDEX(ejecuciones[Column1.ejecutado],MATCH(1,(ejecuciones[Column1.codigoIndicador]=A69)*(ejecuciones[periodo avance]="Diciembre"),0)),0)} -> 0 | AB69: =+X69+Y69+Z69+AA69 -> 4 | AC69: =+AB69/S69 -> 0.2 | AD69: =V69+AB69 -> 4 | AE69: =+AB69/R69 -> 0.8 | AF69: =AD69/S69 -> 0.2 | AG69: {=IFERROR(INDEX(ejecuciones[Column1.presupuestoProyectado],MATCH(1,(ejecuciones[Column1.codigoIndicador]=A69)*(ejecuciones[Column1.fechaDiligenciamiento]=_xlfn.MAXIFS(ejecuciones[Column1.fechaDiligenciamiento],ejecuciones[Column1.codigoIndicador],A69)),0)),0)} -> 13016794065 | AI69: {=IFERROR(INDEX(ejecuciones[Column1.presupuestoEjecutado],MATCH(1,(ejecuciones[Column1.codigoIndicador]=A69)*(ejecuciones[Column1.fechaDiligenciamiento]=_xlfn.MAXIFS(ejecuciones[Column1.fechaDiligenciamiento],ejecuciones[Column1.codigoIndicador],A69)),0)),0)} -> 2499053860 | AJ69: =IFERROR(AI69/AG69,0) -> 0.19198689
A70: 69 | B70: OAGRD | C70: BOLIVAR ME ENAMORA CON TRANSICION ENERGETICA Y GESTION AMBIETNAL DE EXCELENCIA | D70: BOLÍVAR ME ENAMORA EN GESTIÓN DE RIESGO DE DESASTRES | E70: REDUCCIÓN DE RIESGO DE DESASTRE | F70: 4503 | G70: GESTIÓN DEL RIESGO DE DESASTRES Y EMERGENCIAS | H70: PREVENCIÓN Y ATENCIÓN DE DESASTRE | I70: 87 | J70: FORMULAR LA ESTRATEGIA DEPARTAMENAL (EDRE) PARA LA RESPUESTA DE EMERGENCIA, ARTICULADA CON EL PLAN DEPARTAMENTAL DE GESTION DEL RIESGO (PDGRD) | K70: 4503023 | L70: DOCUMENTOS DE PLANEACIÓN | M70: ESTRATEGIA PARA LA RESPUESTA A EMERGENCIAS FORMULADA | N70: NÚMERO DE DOCUMENTOS | O70: 0 | P70: N/A | Q70: N/A | R70: 0.0025 | S70: 1 | U70: =+T70/S70 -> 0 | W70: =+V70/S70 -> 0 | X70: {=IFERROR(INDEX(ejecuciones[Column1.ejecutado],MATCH(1,(ejecuciones[Column1.codigoIndicador]=A70)*(ejecuciones[periodo avance]="Marzo"),0)),0)} -> 0 | Y70: {=IFERROR(INDEX(ejecuciones[Column1.ejecutado],MATCH(1,(ejecuciones[Column1.codigoIndicador]=A70)*(ejecuciones[periodo avance]="Junio"),0)),0)} -> 0 | Z70: {=IFERROR(INDEX(ejecuciones[Column1.ejecutado],MATCH(1,(ejecuciones[Column1.codigoIndicador]=A70)*(ejecuciones[periodo avance]="Septiembre"),0)),0)} -> 0 | AA70: {=IFERROR(INDEX(ejecuciones[Column1.ejecutado],MATCH(1,(ejecuciones[Column1.codigoIndicador]=A70)*(ejecuciones[periodo avance]="Diciembre"),0)),0)} -> 0 | AB70: =+X70+Y70+Z70+AA70 -> 0 | AC70: =+AB70/S70 -> 0 | AD70: =V70+AB70 -> 0 | AE70: =+AB70/R70 -> 0 | AF70: =AD70/S70 -> 0 | AG70: {=IFERROR(INDEX(ejecuciones[Column1.presupuestoProyectado],MATCH(1,(ejecuciones[Column1.codigoIndicador]=A70)*(ejecuciones[Column1.fechaDiligenciamiento]=_xlfn.MAXIFS(ejecuciones[Column1.fechaDiligenciamiento],ejecuciones[Column1.codigoIndicador],A70)),0)),0)} -> 0 | AI70: {=IFERROR(INDEX(ejecuciones[Column1.presupuestoEjecutado],MATCH(1,(ejecuciones[Column1.codigoIndicador]=A70)*(ejecuciones[Column1.fechaDiligenciamiento]=_xlfn.MAXIFS(ejecuciones[Column1.fechaDiligenciamiento],ejecuciones[Column1.codigoIndicador],A70)),0)),0)} -> 0 | AJ70: =IFERROR(AI70/AG70,0) -> 0
A71: 70 | B71: OAGRD | C71: BOLIVAR ME ENAMORA CON TRANSICION ENERGETICA Y GESTION AMBIETNAL DE EXCELENCIA | D71: BOLÍVAR ME ENAMORA EN GESTIÓN DE RIESGO DE DESASTRES | E71: REDUCCIÓN DE RIESGO DE DESASTRE | F71: 4503 | G71: GESTIÓN DEL RIESGO DE DESASTRES Y EMERGENCIAS | H71: PREVENCIÓN Y ATENCIÓN DE DESASTRE | I71: 88 | J71: IMPLEMENTAR GRADUALMENTE UN SISTEMA DE ALERTAS TEMPRANA Y MONITOREO POR FENOMENOS HIDROMETEREOLOGICOS CON COBERTURA DEPARTAMENTAL | K71: 4503018 | L71: "SERVICIO DE MONITOREO Y SEGUIMIENTO PARA LA GESTIÓN DEL RIESGO" | M71: SISTEMAS DE ALERTA TEMPRANA IMPLEMENTADOS | N71: NÚMERO DE SISTEMAS | O71: 0 | P71: N/A | Q71: N/A | R71: 0.0025 | S71: 1 | U71: =+T71/S71 -> 0 | W71: =+V71/S71 -> 0 | X71: {=IFERROR(INDEX(ejecuciones[Column1.ejecutado],MATCH(1,(ejecuciones[Column1.codigoIndicador]=A71)*(ejecuciones[periodo avance]="Marzo"),0)),0)} -> 0 | Y71: {=IFERROR(INDEX(ejecuciones[Column1.ejecutado],MATCH(1,(ejecuciones[Column1.codigoIndicador]=A71)*(ejecuciones[periodo avance]="Junio"),0)),0)} -> 0 | Z71: {=IFERROR(INDEX(ejecuciones[Column1.ejecutado],MATCH(1,(ejecuciones[Column1.codigoIndicador]=A71)*(ejecuciones[periodo avance]="Septiembre"),0)),0)} -> 0 | AA71: {=IFERROR(INDEX(ejecuciones[Column1.ejecutado],MATCH(1,(ejecuciones[Column1.codigoIndicador]=A71)*(ejecuciones[periodo avance]="Diciembre"),0)),0)} -> 0 | AB71: =+X71+Y71+Z71+AA71 -> 0 | AC71: =+AB71/S71 -> 0 | AD71: =V71+AB71 -> 0 | AE71: =+AB71/R71 -> 0 | AF71: =AD71/S71 -> 0 | AG71: {=IFERROR(INDEX(ejecuciones[Column1.presupuestoProyectado],MATCH(1,(ejecuciones[Column1.codigoIndicador]=A71)*(ejecuciones[Column1.fechaDiligenciamiento]=_xlfn.MAXIFS(ejecuciones[Column1.fechaDiligenciamiento],ejecuciones[Column1.codigoIndicador],A71)),0)),0)} -> 0 | AI71: {=IFERROR(INDEX(ejecuciones[Column1.presupuestoEjecutado],MATCH(1,(ejecuciones[Column1.codigoIndicador]=A71)*(ejecuciones[Column1.fechaDiligenciamiento]=_xlfn.MAXIFS(ejecuciones[Column1.fechaDiligenciamiento],ejecuciones[Column1.codigoIndicador],A71)),0)),0)} -> 0 | AJ71: =IFERROR(AI71/AG71,0) -> 0
A72: 71 | B72: ICULTUR | C72: BOLIVAR ME ENAMORA CON JUSTICIA SOCIAL; CIERRE DE BRECHAS Y CALIDAD DE VIDA PARA TODOS | D72: BOLÍVAR ME ENAMORA EN ARTE, CULTURA Y PATRIMONIO. | E72: ECONOMÍA POPULAR CULTURAL | F72: 3301 | G72: PROMOCIÓN Y ACCESO EFECTIVO A PROCESOS CULTURALES Y ARTÍSTICOS | H72: FOMENTO, APOYO Y DIFUSIÓN DE EVENTOS Y EXPRESIONES ARTÍSTICAS Y CULTURALES | I72: 89 | J72: SE REFIERE A ACTIVIDADES CULTURALES RELACIONADAS CON LAS EXPOSICIONES QUE SE REALIZAN Y DE DEMÁS ACTIVIDADES DE INTERÉS EDUCATIVO EN LOS MUSEOS DEL MINISTERIO DE CULTURA UBICADOS EN LAS REGIONES DEL PAÍS (TALLERES DE DIBUJO, BORDADO, PINTURA AL OLEO, MÚSICA, CICLOS DE TEATRO, CONCIERTOS, CONFERENCIAS, ETC.). | K72: 3302044 | L72: SERVICIO DE PROMOCIÓN DE ACTIVIDADES CULTURALES. | M72: ACTIVIDADES CULTURALES REALIZADAS EN MUSEOS DEL MINISTERIO DE CULTURA | N72: NÚMERO | O72: ND | P72: 2003 | Q72: ICULTUR | R72: 21 | S72: 21 | U72: =+T72/S72 -> 0 | W72: =+V72/S72 -> 0 | X72: {=IFERROR(INDEX(ejecuciones[Column1.ejecutado],MATCH(1,(ejecuciones[Column1.codigoIndicador]=A72)*(ejecuciones[periodo avance]="Marzo"),0)),0)} -> 0 | Y72: {=IFERROR(INDEX(ejecuciones[Column1.ejecutado],MATCH(1,(ejecuciones[Column1.codigoIndicador]=A72)*(ejecuciones[periodo avance]="Junio"),0)),0)} -> 0 | Z72: {=IFERROR(INDEX(ejecuciones[Column1.ejecutado],MATCH(1,(ejecuciones[Column1.codigoIndicador]=A72)*(ejecuciones[periodo avance]="Septiembre"),0)),0)} -> 0 | AA72: {=IFERROR(INDEX(ejecuciones[Column1.ejecutado],MATCH(1,(ejecuciones[Column1.codigoIndicador]=A72)*(ejecuciones[periodo avance]="Diciembre"),0)),0)} -> 0 | AB72: =+X72+Y72+Z72+AA72 -> 0 | AC72: =+AB72/S72 -> 0 | AD72: =V72+AB72 -> 0 | AE72: =+AB72/R72 -> 0 | AF72: =AD72/S72 -> 0 | AG72: {=IFERROR(INDEX(ejecuciones[Column1.presupuestoProyectado],MATCH(1,(ejecuciones[Column1.codigoIndicador]=A72)*(ejecuciones[Column1.fechaDiligenciamiento]=_xlfn.MAXIFS(ejecuciones[Column1.fechaDiligenciamiento],ejecuciones[Column1.codigoIndicador],A72)),0)),0)} -> 157426087 | AI72: {=IFERROR(INDEX(ejecuciones[Column1.presupuestoEjecutado],MATCH(1,(ejecuciones[Column1.codigoIndicador]=A72)*(ejecuciones[Column1.fechaDiligenciamiento]=_xlfn.MAXIFS(ejecuciones[Column1.fechaDiligenciamiento],ejecuciones[Column1.codigoIndicador],A72)),0)),0)} -> 0 | AJ72: =IFERROR(AI72/AG72,0) -> 0
A73: 72 | B73: UNIBAC | C73: BOLIVAR ME ENAMORA CON JUSTICIA SOCIAL; CIERRE DE BRECHAS Y CALIDAD DE VIDA PARA TODOS | D73: BOLÍVAR ME ENAMORA EN EDUCACIÓN INTEGRAL | E73: CALIDAD Y FOMENTO DE LA EDUCACIÓN SUPERIOR | F73: 3301 | G73: PROMOCIÓN Y ACCESO EFECTIVO A PROCESOS CULTURALES Y ARTÍSTICOS | H73: EDUCACIÓN | I73: 90 | J73: AMPLIACIÓN DE LA COBERTURA DE LOS PROGRAMAS DE PROYECCIÓN SOCIAL DE UNIBAC | K73: 3301087 | L73: SEDES DE INSTITUCIONES DE EDUCACIÓN SUPERIOR MEJORADAS | M73: PERSONAS CAPACITADAS | N73: NÚMERO | O73: 8206 | P73: 2023 | Q73: UNIBAC | R73: 2174 | S73: 8698 | U73: =+T73/S73 -> 0 | W73: =+V73/S73 -> 0 | X73: {=IFERROR(INDEX(ejecuciones[Column1.ejecutado],MATCH(1,(ejecuciones[Column1.codigoIndicador]=A73)*(ejecuciones[periodo avance]="Marzo"),0)),0)} -> 0 | Y73: {=IFERROR(INDEX(ejecuciones[Column1.ejecutado],MATCH(1,(ejecuciones[Column1.codigoIndicador]=A73)*(ejecuciones[periodo avance]="Junio"),0)),0)} -> 0 | Z73: {=IFERROR(INDEX(ejecuciones[Column1.ejecutado],MATCH(1,(ejecuciones[Column1.codigoIndicador]=A73)*(ejecuciones[periodo avance]="Septiembre"),0)),0)} -> 0 | AA73: {=IFERROR(INDEX(ejecuciones[Column1.ejecutado],MATCH(1,(ejecuciones[Column1.codigoIndicador]=A73)*(ejecuciones[periodo avance]="Diciembre"),0)),0)} -> 0 | AB73: =+X73+Y73+Z73+AA73 -> 0 | AC73: =+AB73/S73 -> 0 | AD73: =V73+AB73 -> 0 | AE73: =+AB73/R73 -> 0 | AF73: =AD73/S73 -> 0 | AG73: {=IFERROR(INDEX(ejecuciones[Column1.presupuestoProyectado],MATCH(1,(ejecuciones[Column1.codigoIndicador]=A73)*(ejecuciones[Column1.fechaDiligenciamiento]=_xlfn.MAXIFS(ejecuciones[Column1.fechaDiligenciamiento],ejecuciones[Column1.codigoIndicador],A73)),0)),0)} -> 0 | AI73: {=IFERROR(INDEX(ejecuciones[Column1.presupuestoEjecutado],MATCH(1,(ejecuciones[Column1.codigoIndicador]=A73)*(ejecuciones[Column1.fechaDiligenciamiento]=_xlfn.MAXIFS(ejecuciones[Column1.fechaDiligenciamiento],ejecuciones[Column1.codigoIndicador],A73)),0)),0)} -> 0 | AJ73: =IFERROR(AI73/AG73,0) -> 0
A74: 73 | B74: UNIBAC | C74: BOLIVAR ME ENAMORA CON JUSTICIA SOCIAL; CIERRE DE BRECHAS Y CALIDAD DE VIDA PARA TODOS | D74: BOLÍVAR ME ENAMORA EN EDUCACIÓN INTEGRAL | E74: CALIDAD Y FOMENTO DE LA EDUCACIÓN SUPERIOR | F74: 2202 | G74: CALIDAD Y FOMENTO DE LA EDUCACIÓN SUPERIOR (BOLÍVAR MEJOR EN CALIDAD Y COBERTURA EN EDUCACIÓN SUPERIOR) | H74: EDUCACIÓN | I74: 91 | J74: INFRAESTRUCTURA DE LA UNIVERSIDAD DE BELLAS ARTES Y CIENCIAS DE BOLÍVAR (UNIBAC) EN MATUNA | K74: 2202072 | L74: SEDES DE INSTITUCIONES DE EDUCACIÓN SUPERIOR MEJORADAS | M74: SEDES DE INSTITUCIONES DE EDUCACIÓN SUPERIOR MEJORADAS | N74: NÚMERO | O74: 2 | P74: 2023 | Q74: UNIBAC | R74: 1 | S74: 1 | U74: =+T74/S74 -> 0 | W74: =+V74/S74 -> 0 | X74: {=IFERROR(INDEX(ejecuciones[Column1.ejecutado],MATCH(1,(ejecuciones[Column1.codigoIndicador]=A74)*(ejecuciones[periodo avance]="Marzo"),0)),0)} -> 0 | Y74: {=IFERROR(INDEX(ejecuciones[Column1.ejecutado],MATCH(1,(ejecuciones[Column1.codigoIndicador]=A74)*(ejecuciones[periodo avance]="Junio"),0)),0)} -> 0 | Z74: {=IFERROR(INDEX(ejecuciones[Column1.ejecutado],MATCH(1,(ejecuciones[Column1.codigoIndicador]=A74)*(ejecuciones[periodo avance]="Septiembre"),0)),0)} -> 0 | AA74: {=IFERROR(INDEX(ejecuciones[Column1.ejecutado],MATCH(1,(ejecuciones[Column1.codigoIndicador]=A74)*(ejecuciones[periodo avance]="Diciembre"),0)),0)} -> 0 | AB74: =+X74+Y74+Z74+AA74 -> 0 | AC74: =+AB74/S74 -> 0 | AD74: =V74+AB74 -> 0 | AE74: =+AB74/R74 -> 0 | AF74: =AD74/S74 -> 0 | AG74: {=IFERROR(INDEX(ejecuciones[Column1.presupuestoProyectado],MATCH(1,(ejecuciones[Column1.codigoIndicador]=A74)*(ejecuciones[Column1.fechaDiligenciamiento]=_xlfn.MAXIFS(ejecuciones[Column1.fechaDiligenciamiento],ejecuciones[Column1.codigoIndicador],A74)),0)),0)} -> 42000000 | AI74: {=IFERROR(INDEX(ejecuciones[Column1.presupuestoEjecutado],MATCH(1,(ejecuciones[Column1.codigoIndicador]=A74)*(ejecuciones[Column1.fechaDiligenciamiento]=_xlfn.MAXIFS(ejecuciones[Column1.fechaDiligenciamiento],ejecuciones[Column1.codigoIndicador],A74)),0)),0)} -> 0 | AJ74: =IFERROR(AI74/AG74,0) -> 0
A75: 74 | B75: UNIBAC | C75: BOLIVAR ME ENAMORA CON JUSTICIA SOCIAL; CIERRE DE BRECHAS Y CALIDAD DE VIDA PARA TODOS | D75: BOLÍVAR ME ENAMORA EN EDUCACIÓN INTEGRAL | E75: CALIDAD Y FOMENTO DE LA EDUCACIÓN SUPERIOR | F75: 2202 | G75: CALIDAD Y FOMENTO DE LA EDUCACIÓN SUPERIOR (BOLÍVAR MEJOR EN CALIDAD Y COBERTURA EN EDUCACIÓN SUPERIOR) | H75: EDUCACIÓN | I75: 93 | J75: ACREDITACIÓN INSTITUCIONAL DE LA INSTITUCIÓN UNIVERSITARIA BELLAS ARTES Y CIENCIAS DE BOLÍVAR | K75: 2202066 | L75: SERVICIO DE ACREDITACIÓN DE LA CALIDAD DE LA EDUCACIÓN SUPERIOR | M75: INSTITUCIONES DE EDUCACIÓN SUPERIOR CON PROCESOS RADICADOS PARA ACREDITACIÓN INSTITUCIONAL ANTE EL CONSEJO NACIONAL DE ACREDITACIÓN | N75: NÚMERO | O75: 0 | P75: 2023 | Q75: UNIBAC | R75: 1 | S75: 1 | U75: =+T75/S75 -> 0 | W75: =+V75/S75 -> 0 | X75: {=IFERROR(INDEX(ejecuciones[Column1.ejecutado],MATCH(1,(ejecuciones[Column1.codigoIndicador]=A75)*(ejecuciones[periodo avance]="Marzo"),0)),0)} -> 0 | Y75: {=IFERROR(INDEX(ejecuciones[Column1.ejecutado],MATCH(1,(ejecuciones[Column1.codigoIndicador]=A75)*(ejecuciones[periodo avance]="Junio"),0)),0)} -> 0 | Z75: {=IFERROR(INDEX(ejecuciones[Column1.ejecutado],MATCH(1,(ejecuciones[Column1.codigoIndicador]=A75)*(ejecuciones[periodo avance]="Septiembre"),0)),0)} -> 0 | AA75: {=IFERROR(INDEX(ejecuciones[Column1.ejecutado],MATCH(1,(ejecuciones[Column1.codigoIndicador]=A75)*(ejecuciones[periodo avance]="Diciembre"),0)),0)} -> 0 | AB75: =+X75+Y75+Z75+AA75 -> 0 | AC75: =+AB75/S75 -> 0 | AD75: =V75+AB75 -> 0 | AE75: =+AB75/R75 -> 0 | AF75: =AD75/S75 -> 0 | AG75: {=IFERROR(INDEX(ejecuciones[Column1.presupuestoProyectado],MATCH(1,(ejecuciones[Column1.codigoIndicador]=A75)*(ejecuciones[Column1.fechaDiligenciamiento]=_xlfn.MAXIFS(ejecuciones[Column1.fechaDiligenciamiento],ejecuciones[Column1.codigoIndicador],A75)),0)),0)} -> 0 | AI75: {=IFERROR(INDEX(ejecuciones[Column1.presupuestoEjecutado],MATCH(1,(ejecuciones[Column1.codigoIndicador]=A75)*(ejecuciones[Column1.fechaDiligenciamiento]=_xlfn.MAXIFS(ejecuciones[Column1.fechaDiligenciamiento],ejecuciones[Column1.codigoIndicador],A75)),0)),0)} -> 0 | AJ75: =IFERROR(AI75/AG75,0) -> 0
A76: 75 | B76: SECRETARIA DE LA MUJER | C76: BOLIVAR ME ENAMORA CON JUSTICIA SOCIAL; CIERRE DE BRECHAS Y CALIDAD DE VIDA PARA TODOS | D76: BOLÍVAR ME ENAMORA EN SUPERACIÓN DE LA POBREZA Y DESIGUALDAD | E76: OPTIMIZACIÓN DE LA CAPACIDAD DE GESTIÓN TERRITORIAL | F76: 4103 | G76: INCLUSIÓN SOCIAL Y PRODUCTIVA PARA LA POBLACIÓN EN SITUACIÓN DE VULNERABILIDAD | H76: ATENCIÓN A GRUPOS VULNERABLES - PROMOCIÓN SOCIAL | I76: 95 | J76: DISEÑO E IMPLEMENTACIÓN DE UN PROYECTO PRODUCTIVO DE HUERTAS ORGÁNICAS | K76: 4103050 | L76: SERVICIO DE ACOMPAÑAMIENTO FAMILIAR Y COMUNITARIO PARA LA SUPERACIÓN DE LA POBREZA | M76: MADRES Y PADRES CABEZA DE HOGAR ATENDIDOS | N76: NÚMERO | O76: ND | P76: ND | Q76: NA | R76: 180 | S76: 360 | U76: =+T76/S76 -> 0 | W76: =+V76/S76 -> 0 | X76: {=IFERROR(INDEX(ejecuciones[Column1.ejecutado],MATCH(1,(ejecuciones[Column1.codigoIndicador]=A76)*(ejecuciones[periodo avance]="Marzo"),0)),0)} -> 113 | Y76: {=IFERROR(INDEX(ejecuciones[Column1.ejecutado],MATCH(1,(ejecuciones[Column1.codigoIndicador]=A76)*(ejecuciones[periodo avance]="Junio"),0)),0)} -> 0 | Z76: {=IFERROR(INDEX(ejecuciones[Column1.ejecutado],MATCH(1,(ejecuciones[Column1.codigoIndicador]=A76)*(ejecuciones[periodo avance]="Septiembre"),0)),0)} -> 0 | AA76: {=IFERROR(INDEX(ejecuciones[Column1.ejecutado],MATCH(1,(ejecuciones[Column1.codigoIndicador]=A76)*(ejecuciones[periodo avance]="Diciembre"),0)),0)} -> 0 | AB76: =+X76+Y76+Z76+AA76 -> 113 | AC76: =+AB76/S76 -> 0.31388889 | AD76: =V76+AB76 -> 113 | AE76: =+AB76/R76 -> 0.62777778 | AF76: =AD76/S76 -> 0.31388889 | AG76: {=IFERROR(INDEX(ejecuciones[Column1.presupuestoProyectado],MATCH(1,(ejecuciones[Column1.codigoIndicador]=A76)*(ejecuciones[Column1.fechaDiligenciamiento]=_xlfn.MAXIFS(ejecuciones[Column1.fechaDiligenciamiento],ejecuciones[Column1.codigoIndicador],A76)),0)),0)} -> 0 | AI76: {=IFERROR(INDEX(ejecuciones[Column1.presupuestoEjecutado],MATCH(1,(ejecuciones[Column1.codigoIndicador]=A76)*(ejecuciones[Column1.fechaDiligenciamiento]=_xlfn.MAXIFS(ejecuciones[Column1.fechaDiligenciamiento],ejecuciones[Column1.codigoIndicador],A76)),0)),0)} -> 0 | AJ76: =IFERROR(AI76/AG76,0) -> 0
A77: 76 | B77: SECRETARIA DE LA MUJER | C77: BOLIVAR ME ENAMORA CON JUSTICIA SOCIAL; CIERRE DE BRECHAS Y CALIDAD DE VIDA PARA TODOS | D77: BOLÍVAR ME ENAMORA EN SUPERACIÓN DE LA POBREZA Y DESIGUALDAD | E77: GENERACIÓN DE INGRESOS | F77: 4103 | G77: INCLUSIÓN SOCIAL Y PRODUCTIVA PARA LA POBLACIÓN EN SITUACIÓN DE VULNERABILIDAD | H77: ATENCIÓN A GRUPOS VULNERABLES - PROMOCIÓN SOCIAL | I77: 96 | J77: DESARROLLO DE UNA FERIA DE SERVICIOS PARA POBLACIÓN VULNERABLE CON ENFOQUE DIFERENCIAL | K77: 4103052 | L77: SERVICIO DE INTEGRACIÓN DE LA OFERTA PÚBLICA | M77: ESPACIOS DE INTEGRACIÓN DE OFERTA PÚBLICA GENERADOS | N77: NÚMERO | O77: 0 | P77: 2023 | Q77: S. de la Mujer | R77: 4 | S77: 15 | U77: =+T77/S77 -> 0 | W77: =+V77/S77 -> 0 | X77: {=IFERROR(INDEX(ejecuciones[Column1.ejecutado],MATCH(1,(ejecuciones[Column1.codigoIndicador]=A77)*(ejecuciones[periodo avance]="Marzo"),0)),0)} -> 0 | Y77: {=IFERROR(INDEX(ejecuciones[Column1.ejecutado],MATCH(1,(ejecuciones[Column1.codigoIndicador]=A77)*(ejecuciones[periodo avance]="Junio"),0)),0)} -> 0 | Z77: {=IFERROR(INDEX(ejecuciones[Column1.ejecutado],MATCH(1,(ejecuciones[Column1.codigoIndicador]=A77)*(ejecuciones[periodo avance]="Septiembre"),0)),0)} -> 0 | AA77: {=IFERROR(INDEX(ejecuciones[Column1.ejecutado],MATCH(1,(ejecuciones[Column1.codigoIndicador]=A77)*(ejecuciones[periodo avance]="Diciembre"),0)),0)} -> 0 | AB77: =+X77+Y77+Z77+AA77 -> 0 | AC77: =+AB77/S77 -> 0 | AD77: =V77+AB77 -> 0 | AE77: =+AB77/R77 -> 0 | AF77: =AD77/S77 -> 0 | AG77: {=IFERROR(INDEX(ejecuciones[Column1.presupuestoProyectado],MATCH(1,(ejecuciones[Column1.codigoIndicador]=A77)*(ejecuciones[Column1.fechaDiligenciamiento]=_xlfn.MAXIFS(ejecuciones[Column1.fechaDiligenciamiento],ejecuciones[Column1.codigoIndicador],A77)),0)),0)} -> 0 | AI77: {=IFERROR(INDEX(ejecuciones[Column1.presupuestoEjecutado],MATCH(1,(ejecuciones[Column1.codigoIndicador]=A77)*(ejecuciones[Column1.fechaDiligenciamiento]=_xlfn.MAXIFS(ejecuciones[Column1.fechaDiligenciamiento],ejecuciones[Column1.codigoIndicador],A77)),0)),0)} -> 0 | AJ77: =IFERROR(AI77/AG77,0) -> 0
A78: 77 | B78: SECRETARIA DE LA MUJER | C78: BOLIVAR ME ENAMORA CON JUSTICIA SOCIAL; CIERRE DE BRECHAS Y CALIDAD DE VIDA PARA TODOS | D78: BOLÍVAR ME ENAMORA EN FAMILIA, PRIMERA INFANCIA Y ADOLESCENCIA | E78: FAMILIA, PRIMERA INFACIA Y ADOLESCENCIA | F78: 4102 | G78: DESARROLLO INTEGRAL DE LA PRIMERA INFANCIA A LA JUVENTUD, Y FORTALECIMIENTO DE LAS CAPACIDADES DE LAS FAMILIAS DE NIÑAS, NIÑOS Y ADOLESCENTES | H78: ATENCIÓN A GRUPOS VULNERABLES - PROMOCIÓN SOCIAL | I78: 97 | J78: DISEÑO E IMPLEMENTACIÓN DE UN PROYECTO PARA LA FORMACIÓN A NNA | K78: 4102045 | L78: SERVICIOS DE EDUCACIÓN INFORMAL A NIÑOS, NIÑAS, ADOLESCENTES Y JÓVENES PARA EL RECONOCIMIENTO DE SUS DERECHOS | M78: ADOLESCENTES ATENDIDOS | N78: NÚMERO | O78: 1000 | P78: 2023 | Q78: Informe Secretaria de la Mujer Para la Equidad de Género y la Gestión Social 2023 | R78: 300 | S78: 1200 | U78: =+T78/S78 -> 0 | W78: =+V78/S78 -> 0 | X78: {=IFERROR(INDEX(ejecuciones[Column1.ejecutado],MATCH(1,(ejecuciones[Column1.codigoIndicador]=A78)*(ejecuciones[periodo avance]="Marzo"),0)),0)} -> 40 | Y78: {=IFERROR(INDEX(ejecuciones[Column1.ejecutado],MATCH(1,(ejecuciones[Column1.codigoIndicador]=A78)*(ejecuciones[periodo avance]="Junio"),0)),0)} -> 0 | Z78: {=IFERROR(INDEX(ejecuciones[Column1.ejecutado],MATCH(1,(ejecuciones[Column1.codigoIndicador]=A78)*(ejecuciones[periodo avance]="Septiembre"),0)),0)} -> 0 | AA78: {=IFERROR(INDEX(ejecuciones[Column1.ejecutado],MATCH(1,(ejecuciones[Column1.codigoIndicador]=A78)*(ejecuciones[periodo avance]="Diciembre"),0)),0)} -> 0 | AB78: =+X78+Y78+Z78+AA78 -> 40 | AC78: =+AB78/S78 -> 0.033333333 | AD78: =V78+AB78 -> 40 | AE78: =+AB78/R78 -> 0.13333333 | AF78: =AD78/S78 -> 0.033333333 | AG78: {=IFERROR(INDEX(ejecuciones[Column1.presupuestoProyectado],MATCH(1,(ejecuciones[Column1.codigoIndicador]=A78)*(ejecuciones[Column1.fechaDiligenciamiento]=_xlfn.MAXIFS(ejecuciones[Column1.fechaDiligenciamiento],ejecuciones[Column1.codigoIndicador],A78)),0)),0)} -> 0 | AI78: {=IFERROR(INDEX(ejecuciones[Column1.presupuestoEjecutado],MATCH(1,(ejecuciones[Column1.codigoIndicador]=A78)*(ejecuciones[Column1.fechaDiligenciamiento]=_xlfn.MAXIFS(ejecuciones[Column1.fechaDiligenciamiento],ejecuciones[Column1.codigoIndicador],A78)),0)),0)} -> 0 | AJ78: =IFERROR(AI78/AG78,0) -> 0
A79: 78 | B79: SECRETARIA DE LA MUJER | C79: BOLIVAR ME ENAMORA CON JUSTICIA SOCIAL; CIERRE DE BRECHAS Y CALIDAD DE VIDA PARA TODOS | D79: BOLÍVAR ME ENAMORA EN FAMILIA, PRIMERA INFANCIA Y ADOLESCENCIA | E79: FAMILIA, PRIMERA INFACIA Y ADOLESCENCIA | F79: 4102 | G79: DESARROLLO INTEGRAL DE LA PRIMERA INFANCIA A LA JUVENTUD, Y FORTALECIMIENTO DE LAS CAPACIDADES DE LAS FAMILIAS DE NIÑAS, NIÑOS Y ADOLESCENTES | H79: ATENCIÓN A GRUPOS VULNERABLES - PROMOCIÓN SOCIAL | I79: 98 | J79: IMPLEMENTACIÓN DE UNA ESCUELA DE FORMACIÓN | K79: 4102045 | L79: SERVICIOS DE EDUCACIÓN INFORMAL A NIÑOS, NIÑAS, ADOLESCENTES Y JÓVENES PARA EL RECONOCIMIENTO DE SUS DERECHOS | M79: PERSONAS CAPACITADAS | N79: NÚMERO | O79: 111 | P79: 2023 | Q79: Informe Secretaria de la Mujer Para la Equidad de Género y la Gestión Social 2023 | R79: 100 | S79: 400 | U79: =+T79/S79 -> 0 | W79: =+V79/S79 -> 0 | X79: {=IFERROR(INDEX(ejecuciones[Column1.ejecutado],MATCH(1,(ejecuciones[Column1.codigoIndicador]=A79)*(ejecuciones[periodo avance]="Marzo"),0)),0)} -> 0 | Y79: {=IFERROR(INDEX(ejecuciones[Column1.ejecutado],MATCH(1,(ejecuciones[Column1.codigoIndicador]=A79)*(ejecuciones[periodo avance]="Junio"),0)),0)} -> 0 | Z79: {=IFERROR(INDEX(ejecuciones[Column1.ejecutado],MATCH(1,(ejecuciones[Column1.codigoIndicador]=A79)*(ejecuciones[periodo avance]="Septiembre"),0)),0)} -> 0 | AA79: {=IFERROR(INDEX(ejecuciones[Column1.ejecutado],MATCH(1,(ejecuciones[Column1.codigoIndicador]=A79)*(ejecuciones[periodo avance]="Diciembre"),0)),0)} -> 0 | AB79: =+X79+Y79+Z79+AA79 -> 0 | AC79: =+AB79/S79 -> 0 | AD79: =V79+AB79 -> 0 | AE79: =+AB79/R79 -> 0 | AF79: =AD79/S79 -> 0 | AG79: {=IFERROR(INDEX(ejecuciones[Column1.presupuestoProyectado],MATCH(1,(ejecuciones[Column1.codigoIndicador]=A79)*(ejecuciones[Column1.fechaDiligenciamiento]=_xlfn.MAXIFS(ejecuciones[Column1.fechaDiligenciamiento],ejecuciones[Column1.codigoIndicador],A79)),0)),0)} -> 0 | AI79: {=IFERROR(INDEX(ejecuciones[Column1.presupuestoEjecutado],MATCH(1,(ejecuciones[Column1.codigoIndicador]=A79)*(ejecuciones[Column1.fechaDiligenciamiento]=_xlfn.MAXIFS(ejecuciones[Column1.fechaDiligenciamiento],ejecuciones[Column1.codigoIndicador],A79)),0)),0)} -> 0 | AJ79: =IFERROR(AI79/AG79,0) -> 0
A80: 79 | B80: SECRETARIA DE LA MUJER | C80: BOLIVAR ME ENAMORA CON JUSTICIA SOCIAL; CIERRE DE BRECHAS Y CALIDAD DE VIDA PARA TODOS | D80: BOLÍVAR ME ENAMORA EN FAMILIA, PRIMERA INFANCIA Y ADOLESCENCIA | E80: FAMILIA, PRIMERA INFACIA Y ADOLESCENCIA | F80: 4102 | G80: DESARROLLO INTEGRAL DE LA PRIMERA INFANCIA A LA JUVENTUD, Y FORTALECIMIENTO DE LAS CAPACIDADES DE LAS FAMILIAS DE NIÑAS, NIÑOS Y ADOLESCENTES | H80: ATENCIÓN A GRUPOS VULNERABLES - PROMOCIÓN SOCIAL | I80: 99 | J80: CAMPAÑA PARA LA PROMOCIÓN DE LOS DERECHOS DE LA NNA | K80: 4102046 | L80: SERVICIOS DE PROMOCIÓN DE LOS DERECHOS DE LOS NIÑOS, NIÑAS, ADOLESCENTES Y JÓVENES | M80: CAMPAÑAS DE PROMOCIÓN REALIZADAS | N80: NÚMERO | O80: 4 | P80: 2023 | Q80: Informe Secretaria de la Mujer Para la Equidad de Género y la Gestión Social 2023 | R80: 3 | S80: 12 | U80: =+T80/S80 -> 0 | W80: =+V80/S80 -> 0 | X80: {=IFERROR(INDEX(ejecuciones[Column1.ejecutado],MATCH(1,(ejecuciones[Column1.codigoIndicador]=A80)*(ejecuciones[periodo avance]="Marzo"),0)),0)} -> 1 | Y80: {=IFERROR(INDEX(ejecuciones[Column1.ejecutado],MATCH(1,(ejecuciones[Column1.codigoIndicador]=A80)*(ejecuciones[periodo avance]="Junio"),0)),0)} -> 0 | Z80: {=IFERROR(INDEX(ejecuciones[Column1.ejecutado],MATCH(1,(ejecuciones[Column1.codigoIndicador]=A80)*(ejecuciones[periodo avance]="Septiembre"),0)),0)} -> 0 | AA80: {=IFERROR(INDEX(ejecuciones[Column1.ejecutado],MATCH(1,(ejecuciones[Column1.codigoIndicador]=A80)*(ejecuciones[periodo avance]="Diciembre"),0)),0)} -> 0 | AB80: =+X80+Y80+Z80+AA80 -> 1 | AC80: =+AB80/S80 -> 0.083333333 | AD80: =V80+AB80 -> 1 | AE80: =+AB80/R80 -> 0.33333333 | AF80: =AD80/S80 -> 0.083333333 | AG80: {=IFERROR(INDEX(ejecuciones[Column1.presupuestoProyectado],MATCH(1,(ejecuciones[Column1.codigoIndicador]=A80)*(ejecuciones[Column1.fechaDiligenciamiento]=_xlfn.MAXIFS(ejecuciones[Column1.fechaDiligenciamiento],ejecuciones[Column1.codigoIndicador],A80)),0)),0)} -> 0 | AI80: {=IFERROR(INDEX(ejecuciones[Column1.presupuestoEjecutado],MATCH(1,(ejecuciones[Column1.codigoIndicador]=A80)*(ejecuciones[Column1.fechaDiligenciamiento]=_xlfn.MAXIFS(ejecuciones[Column1.fechaDiligenciamiento],ejecuciones[Column1.codigoIndicador],A80)),0)),0)} -> 0 | AJ80: =IFERROR(AI80/AG80,0) -> 0
A81: 80 | B81: SECRETARIA DE LA MUJER | C81: BOLIVAR ME ENAMORA CON JUSTICIA SOCIAL; CIERRE DE BRECHAS Y CALIDAD DE VIDA PARA TODOS | D81: BOLÍVAR ME ENAMORA EN ATENCIÓN AL ADULTO MAYOR | E81: ATENCIÓN Y PARTICIPACIÓN DE ADULTO MAYOR | F81: 4104 | G81: ATENCIÓN INTEGRAL DE POBLACIÓN EN SITUACIÓN PERMANENTE DE DESPROTECCIÓN SOCIAL Y/O FAMILIAR | H81: ATENCIÓN A GRUPOS VULNERABLES - PROMOCIÓN SOCIAL | I81: 100 | J81: APOYO A CENTROS DE PROTECCIÓN CON RECURSOS DE LA ESTAMPILLA DE BIENESTAR PARA EL ADULTO MAYOR | K81: 4104007 | L81: CENTROS DE PROTECCIÓN SOCIAL PARA EL ADULTO MAYOR DOTADOS | M81: CENTROS DE PROTECCIÓN SOCIAL PARA EL ADULTO MAYOR DOTADOS | N81: NÚMERO | O81: 8 | P81: 2023 | Q81: Informe Secretaria de la Mujer Para la Equidad de Género y la Gestión Social 2023 | R81: 8 | S81: 8 | U81: =+T81/S81 -> 0 | W81: =+V81/S81 -> 0 | X81: {=IFERROR(INDEX(ejecuciones[Column1.ejecutado],MATCH(1,(ejecuciones[Column1.codigoIndicador]=A81)*(ejecuciones[periodo avance]="Marzo"),0)),0)} -> 3 | Y81: {=IFERROR(INDEX(ejecuciones[Column1.ejecutado],MATCH(1,(ejecuciones[Column1.codigoIndicador]=A81)*(ejecuciones[periodo avance]="Junio"),0)),0)} -> 0 | Z81: {=IFERROR(INDEX(ejecuciones[Column1.ejecutado],MATCH(1,(ejecuciones[Column1.codigoIndicador]=A81)*(ejecuciones[periodo avance]="Septiembre"),0)),0)} -> 0 | AA81: {=IFERROR(INDEX(ejecuciones[Column1.ejecutado],MATCH(1,(ejecuciones[Column1.codigoIndicador]=A81)*(ejecuciones[periodo avance]="Diciembre"),0)),0)} -> 0 | AB81: =+X81+Y81+Z81+AA81 -> 3 | AC81: =+AB81/S81 -> 0.375 | AD81: =V81+AB81 -> 3 | AE81: =+AB81/R81 -> 0.375 | AF81: =AD81/S81 -> 0.375 | AG81: {=IFERROR(INDEX(ejecuciones[Column1.presupuestoProyectado],MATCH(1,(ejecuciones[Column1.codigoIndicador]=A81)*(ejecuciones[Column1.fechaDiligenciamiento]=_xlfn.MAXIFS(ejecuciones[Column1.fechaDiligenciamiento],ejecuciones[Column1.codigoIndicador],A81)),0)),0)} -> 0 | AI81: {=IFERROR(INDEX(ejecuciones[Column1.presupuestoEjecutado],MATCH(1,(ejecuciones[Column1.codigoIndicador]=A81)*(ejecuciones[Column1.fechaDiligenciamiento]=_xlfn.MAXIFS(ejecuciones[Column1.fechaDiligenciamiento],ejecuciones[Column1.codigoIndicador],A81)),0)),0)} -> 0 | AJ81: =IFERROR(AI81/AG81,0) -> 0
A82: 81 | B82: SECRETARIA DE LA MUJER | C82: BOLIVAR ME ENAMORA CON JUSTICIA SOCIAL; CIERRE DE BRECHAS Y CALIDAD DE VIDA PARA TODOS | D82: BOLÍVAR ME ENAMORA EN LA ATENCIÓN Y PARTICIPACIÓN DE ADULTO MAYOR | E82: ATENCIÓN Y PARTICIPACIÓN DE ADULTO MAYOR | F82: 4104 | G82: ATENCIÓN INTEGRAL DE POBLACIÓN EN SITUACIÓN PERMANENTE DE DESPROTECCIÓN SOCIAL Y/O FAMILIAR | H82: ATENCIÓN A GRUPOS VULNERABLES - PROMOCIÓN SOCIAL | I82: 101 | J82: APOYO A CENTROS DÍA CON RECURSOS DE LA ESTAMPILLA DE BIENESTAR PARA EL ADULTO MAYOR | K82: 4104014 | L82: CENTROS DE PROTECCIÓN SOCIAL DE DÍA PARA EL ADULTO MAYOR DOTADOS | M82: CENTROS DE DÍA PARA EL ADULTO MAYOR DOTADOS | N82: NÚMERO | O82: 46 | P82: 2023 | Q82: Informe Secretaria de la Mujer Para la Equidad de Género y la Gestión Social 2023 | R82: 48 | S82: 48 | U82: =+T82/S82 -> 0 | W82: =+V82/S82 -> 0 | X82: {=IFERROR(INDEX(ejecuciones[Column1.ejecutado],MATCH(1,(ejecuciones[Column1.codigoIndicador]=A82)*(ejecuciones[periodo avance]="Marzo"),0)),0)} -> 0 | Y82: {=IFERROR(INDEX(ejecuciones[Column1.ejecutado],MATCH(1,(ejecuciones[Column1.codigoIndicador]=A82)*(ejecuciones[periodo avance]="Junio"),0)),0)} -> 0 | Z82: {=IFERROR(INDEX(ejecuciones[Column1.ejecutado],MATCH(1,(ejecuciones[Column1.codigoIndicador]=A82)*(ejecuciones[periodo avance]="Septiembre"),0)),0)} -> 0 | AA82: {=IFERROR(INDEX(ejecuciones[Column1.ejecutado],MATCH(1,(ejecuciones[Column1.codigoIndicador]=A82)*(ejecuciones[periodo avance]="Diciembre"),0)),0)} -> 0 | AB82: =+X82+Y82+Z82+AA82 -> 0 | AC82: =+AB82/S82 -> 0 | AD82: =V82+AB82 -> 0 | AE82: =+AB82/R82 -> 0 | AF82: =AD82/S82 -> 0 | AG82: {=IFERROR(INDEX(ejecuciones[Column1.presupuestoProyectado],MATCH(1,(ejecuciones[Column1.codigoIndicador]=A82)*(ejecuciones[Column1.fechaDiligenciamiento]=_xlfn.MAXIFS(ejecuciones[Column1.fechaDiligenciamiento],ejecuciones[Column1.codigoIndicador],A82)),0)),0)} -> 0 | AI82: {=IFERROR(INDEX(ejecuciones[Column1.presupuestoEjecutado],MATCH(1,(ejecuciones[Column1.codigoIndicador]=A82)*(ejecuciones[Column1.fechaDiligenciamiento]=_xlfn.MAXIFS(ejecuciones[Column1.fechaDiligenciamiento],ejecuciones[Column1.codigoIndicador],A82)),0)),0)} -> 0 | AJ82: =IFERROR(AI82/AG82,0) -> 0
A83: 82 | B83: SECRETARIA DE LA MUJER | C83: BOLIVAR ME ENAMORA CON JUSTICIA SOCIAL; CIERRE DE BRECHAS Y CALIDAD DE VIDA PARA TODOS | D83: BOLÍVAR ME ENAMORA EN LA ATENCIÓN Y PARTICIPACIÓN DE ADULTO MAYOR | E83: ATENCIÓN Y PARTICIPACIÓN DE ADULTO MAYOR | F83: 4104 | G83: ATENCIÓN INTEGRAL DE POBLACIÓN EN SITUACIÓN PERMANENTE DE DESPROTECCIÓN SOCIAL Y/O FAMILIAR | H83: ATENCIÓN A GRUPOS VULNERABLES - PROMOCIÓN SOCIAL | I83: 102 | J83: FORTALECIMIENTO DE CAPACIDADES PARA CUIDADORES DE PERSONA MAYOR Y PROMOCIÓN DEL BUEN TRATO. | K83: 4104010 | L83: SERVICIO DE EDUCACIÓN INFORMAL A LOS CUIDADORES DEL ADULTO MAYOR | M83: CUIDADORES CUALIFICADOS | N83: NÚMERO | O83: 50 | P83: 2023 | Q83: Informe Secretaria de la Mujer Para la Equidad de Género y la Gestión Social 2023 | R83: 50 | S83: 200 | U83: =+T83/S83 -> 0 | W83: =+V83/S83 -> 0 | X83: {=IFERROR(INDEX(ejecuciones[Column1.ejecutado],MATCH(1,(ejecuciones[Column1.codigoIndicador]=A83)*(ejecuciones[periodo avance]="Marzo"),0)),0)} -> 0 | Y83: {=IFERROR(INDEX(ejecuciones[Column1.ejecutado],MATCH(1,(ejecuciones[Column1.codigoIndicador]=A83)*(ejecuciones[periodo avance]="Junio"),0)),0)} -> 0 | Z83: {=IFERROR(INDEX(ejecuciones[Column1.ejecutado],MATCH(1,(ejecuciones[Column1.codigoIndicador]=A83)*(ejecuciones[periodo avance]="Septiembre"),0)),0)} -> 0 | AA83: {=IFERROR(INDEX(ejecuciones[Column1.ejecutado],MATCH(1,(ejecuciones[Column1.codigoIndicador]=A83)*(ejecuciones[periodo avance]="Diciembre"),0)),0)} -> 0 | AB83: =+X83+Y83+Z83+AA83 -> 0 | AC83: =+AB83/S83 -> 0 | AD83: =V83+AB83 -> 0 | AE83: =+AB83/R83 -> 0 | AF83: =AD83/S83 -> 0 | AG83: {=IFERROR(INDEX(ejecuciones[Column1.presupuestoProyectado],MATCH(1,(ejecuciones[Column1.codigoIndicador]=A83)*(ejecuciones[Column1.fechaDiligenciamiento]=_xlfn.MAXIFS(ejecuciones[Column1.fechaDiligenciamiento],ejecuciones[Column1.codigoIndicador],A83)),0)),0)} -> 0 | AI83: {=IFERROR(INDEX(ejecuciones[Column1.presupuestoEjecutado],MATCH(1,(ejecuciones[Column1.codigoIndicador]=A83)*(ejecuciones[Column1.fechaDiligenciamiento]=_xlfn.MAXIFS(ejecuciones[Column1.fechaDiligenciamiento],ejecuciones[Column1.codigoIndicador],A83)),0)),0)} -> 0 | AJ83: =IFERROR(AI83/AG83,0) -> 0
A84: 83 | B84: SECRETARIA DE LA MUJER | C84: BOLIVAR ME ENAMORA CON JUSTICIA SOCIAL; CIERRE DE BRECHAS Y CALIDAD DE VIDA PARA TODOS | D84: BOLÍVAR ME ENAMORA EN LA ATENCIÓN Y PARTICIPACIÓN DE ADULTO MAYOR | E84: ATENCIÓN Y PARTICIPACIÓN DE ADULTO MAYOR | F84: 4104 | G84: ATENCIÓN INTEGRAL DE POBLACIÓN EN SITUACIÓN PERMANENTE DE DESPROTECCIÓN SOCIAL Y/O FAMILIAR | H84: ATENCIÓN A GRUPOS VULNERABLES - PROMOCIÓN SOCIAL | I84: 103 | J84: IMPLEMENTAR ACCIONES PARA LA DIGNIFICACIÓN LAS PERSONAS MAYORES | K84: 4104008 | L84: SERVICIO DE ATENCIÓN Y PROTECCIÓN INTEGRAL AL ADULTO MAYOR | M84: NÚMERO DE ADULTOS MAYORES BENEFICIADOS | N84: NÚMERO | O84: 1200 | P84: 2023 | Q84: Informe Secretaria de la Mujer Para la Equidad de Género y la Gestión Social 2023 | R84: 100 | S84: 1600 | U84: =+T84/S84 -> 0 | W84: =+V84/S84 -> 0 | X84: {=IFERROR(INDEX(ejecuciones[Column1.ejecutado],MATCH(1,(ejecuciones[Column1.codigoIndicador]=A84)*(ejecuciones[periodo avance]="Marzo"),0)),0)} -> 65 | Y84: {=IFERROR(INDEX(ejecuciones[Column1.ejecutado],MATCH(1,(ejecuciones[Column1.codigoIndicador]=A84)*(ejecuciones[periodo avance]="Junio"),0)),0)} -> 0 | Z84: {=IFERROR(INDEX(ejecuciones[Column1.ejecutado],MATCH(1,(ejecuciones[Column1.codigoIndicador]=A84)*(ejecuciones[periodo avance]="Septiembre"),0)),0)} -> 0 | AA84: {=IFERROR(INDEX(ejecuciones[Column1.ejecutado],MATCH(1,(ejecuciones[Column1.codigoIndicador]=A84)*(ejecuciones[periodo avance]="Diciembre"),0)),0)} -> 0 | AB84: =+X84+Y84+Z84+AA84 -> 65 | AC84: =+AB84/S84 -> 0.040625 | AD84: =V84+AB84 -> 65 | AE84: =+AB84/R84 -> 0.65 | AF84: =AD84/S84 -> 0.040625 | AG84: {=IFERROR(INDEX(ejecuciones[Column1.presupuestoProyectado],MATCH(1,(ejecuciones[Column1.codigoIndicador]=A84)*(ejecuciones[Column1.fechaDiligenciamiento]=_xlfn.MAXIFS(ejecuciones[Column1.fechaDiligenciamiento],ejecuciones[Column1.codigoIndicador],A84)),0)),0)} -> 0 | AI84: {=IFERROR(INDEX(ejecuciones[Column1.presupuestoEjecutado],MATCH(1,(ejecuciones[Column1.codigoIndicador]=A84)*(ejecuciones[Column1.fechaDiligenciamiento]=_xlfn.MAXIFS(ejecuciones[Column1.fechaDiligenciamiento],ejecuciones[Column1.codigoIndicador],A84)),0)),0)} -> 0 | AJ84: =IFERROR(AI84/AG84,0) -> 0
A85: 84 | B85: SECRETARIA DE LA MUJER | C85: BOLIVAR ME ENAMORA CON JUSTICIA SOCIAL; CIERRE DE BRECHAS Y CALIDAD DE VIDA PARA TODOS | D85: BOLÍVAR ME ENAMORA EN LA ATENCIÓN Y PARTICIPACIÓN DE ADULTO MAYOR | E85: ATENCIÓN Y PARTICIPACIÓN DE ADULTO MAYOR | F85: 4501 | G85: FORTALECIMIENTO DE LA CONVIVENCIA Y LA SEGURIDAD CIUDADANA | H85: ATENCIÓN Y APOYO A LA MUJER | I85: 105 | J85: IMPLEMENTACIÓN DE CASA REFUGIO | K85: 4501006 | L85: SERVICIO DE PROTECCIÓN INDIVIDUAL EN RIESGO EXTRAORDINARIO Y EXTREMO | M85: PERSONAS EN RIESGO EXTRAORDINARIO Y EXTREMO PROTEGIDAS | N85: NÚMERO | O85: 1 | P85: 2023 | Q85: Informe Secretaria de la Mujer Para la Equidad de Género y la Gestión Social 2023 | R85: 50 | S85: 200 | U85: =+T85/S85 -> 0 | W85: =+V85/S85 -> 0 | X85: {=IFERROR(INDEX(ejecuciones[Column1.ejecutado],MATCH(1,(ejecuciones[Column1.codigoIndicador]=A85)*(ejecuciones[periodo avance]="Marzo"),0)),0)} -> 15 | Y85: {=IFERROR(INDEX(ejecuciones[Column1.ejecutado],MATCH(1,(ejecuciones[Column1.codigoIndicador]=A85)*(ejecuciones[periodo avance]="Junio"),0)),0)} -> 0 | Z85: {=IFERROR(INDEX(ejecuciones[Column1.ejecutado],MATCH(1,(ejecuciones[Column1.codigoIndicador]=A85)*(ejecuciones[periodo avance]="Septiembre"),0)),0)} -> 0 | AA85: {=IFERROR(INDEX(ejecuciones[Column1.ejecutado],MATCH(1,(ejecuciones[Column1.codigoIndicador]=A85)*(ejecuciones[periodo avance]="Diciembre"),0)),0)} -> 0 | AB85: =+X85+Y85+Z85+AA85 -> 15 | AC85: =+AB85/S85 -> 0.075 | AD85: =V85+AB85 -> 15 | AE85: =+AB85/R85 -> 0.3 | AF85: =AD85/S85 -> 0.075 | AG85: {=IFERROR(INDEX(ejecuciones[Column1.presupuestoProyectado],MATCH(1,(ejecuciones[Column1.codigoIndicador]=A85)*(ejecuciones[Column1.fechaDiligenciamiento]=_xlfn.MAXIFS(ejecuciones[Column1.fechaDiligenciamiento],ejecuciones[Column1.codigoIndicador],A85)),0)),0)} -> 0 | AI85: {=IFERROR(INDEX(ejecuciones[Column1.presupuestoEjecutado],MATCH(1,(ejecuciones[Column1.codigoIndicador]=A85)*(ejecuciones[Column1.fechaDiligenciamiento]=_xlfn.MAXIFS(ejecuciones[Column1.fechaDiligenciamiento],ejecuciones[Column1.codigoIndicador],A85)),0)),0)} -> 0 | AJ85: =IFERROR(AI85/AG85,0) -> 0
A86: 85 | B86: SECRETARIA DE LA MUJER | C86: BOLIVAR ME ENAMORA CON JUSTICIA SOCIAL; CIERRE DE BRECHAS Y CALIDAD DE VIDA PARA TODOS | D86: BOLÍVAR ME ENAMORA EN LA ATENCIÓN Y PARTICIPACIÓN DE ADULTO MAYOR | E86: ATENCIÓN Y PARTICIPACIÓN DE ADULTO MAYOR | F86: 4502 | G86: FORTALECIMIENTO DEL BUEN GOBIERNO PARA EL RESPETO Y GARANTÍA DE LOS DERECHOS HUMANOS | H86: ATENCIÓN Y APOYO A LA MUJER | I86: 106 | J86: CREACIÓN DE ESPACIOS PARA LA ATENCIÓN ESPECIALIZADA A MUJERES | K86: 4502024 | L86: SERVICIO DE APOYO PARA LA IMPLEMENTACIÓN DE MEDIDAS EN DERECHOS HUMANOS Y DERECHO INTERNACIONAL HUMANITARIO | M86: CASAS DE IGUALDAD DE OPORTUNIDADES PARA LA MUJER Y EL JOVEN | N86: NÚMERO | O86: 0 | P86: 2023 | Q86: Plan de Desarrollo 2020-2023 Bolívar Primero | R86: 2 | S86: 2 | U86: =+T86/S86 -> 0 | W86: =+V86/S86 -> 0 | X86: {=IFERROR(INDEX(ejecuciones[Column1.ejecutado],MATCH(1,(ejecuciones[Column1.codigoIndicador]=A86)*(ejecuciones[periodo avance]="Marzo"),0)),0)} -> 2 | Y86: {=IFERROR(INDEX(ejecuciones[Column1.ejecutado],MATCH(1,(ejecuciones[Column1.codigoIndicador]=A86)*(ejecuciones[periodo avance]="Junio"),0)),0)} -> 0 | Z86: {=IFERROR(INDEX(ejecuciones[Column1.ejecutado],MATCH(1,(ejecuciones[Column1.codigoIndicador]=A86)*(ejecuciones[periodo avance]="Septiembre"),0)),0)} -> 0 | AA86: {=IFERROR(INDEX(ejecuciones[Column1.ejecutado],MATCH(1,(ejecuciones[Column1.codigoIndicador]=A86)*(ejecuciones[periodo avance]="Diciembre"),0)),0)} -> 0 | AB86: =+X86+Y86+Z86+AA86 -> 2 | AC86: =+AB86/S86 -> 1 | AD86: =V86+AB86 -> 2 | AE86: =+AB86/R86 -> 1 | AF86: =AD86/S86 -> 1 | AG86: {=IFERROR(INDEX(ejecuciones[Column1.presupuestoProyectado],MATCH(1,(ejecuciones[Column1.codigoIndicador]=A86)*(ejecuciones[Column1.fechaDiligenciamiento]=_xlfn.MAXIFS(ejecuciones[Column1.fechaDiligenciamiento],ejecuciones[Column1.codigoIndicador],A86)),0)),0)} -> 0 | AI86: {=IFERROR(INDEX(ejecuciones[Column1.presupuestoEjecutado],MATCH(1,(ejecuciones[Column1.codigoIndicador]=A86)*(ejecuciones[Column1.fechaDiligenciamiento]=_xlfn.MAXIFS(ejecuciones[Column1.fechaDiligenciamiento],ejecuciones[Column1.codigoIndicador],A86)),0)),0)} -> 0 | AJ86: =IFERROR(AI86/AG86,0) -> 0
A87: 86 | B87: SECRETARIA DE LA MUJER | C87: BOLIVAR ME ENAMORA CON JUSTICIA SOCIAL; CIERRE DE BRECHAS Y CALIDAD DE VIDA PARA TODOS | D87: BOLÍVAR ME ENAMORA EN EQUIDAD DE GÉNERO | E87: EMPODERAMIENTO Y AUTONOMÍA DE LAS MUJERES BOLIVARENSES | F87: 4502 | G87: FORTALECIMIENTO DEL BUEN GOBIERNO PARA EL RESPETO Y GARANTÍA DE LOS DERECHOS HUMANOS | H87: ATENCIÓN Y APOYO A LA MUJER | I87: 107 | J87: ATENCIÓN A LAS VIOLENCIAS CONTRA LAS MUJERES EN EL DEPARTAMENTO DE BOLÍVAR. | K87: 4502038 | L87: SERVICIO DE PROMOCIÓN DE LA GARANTÍA DE DERECHOS | M87: ESTRATEGIAS DE PROMOCIÓN DE LA GARANTÍA DE DERECHOS IMPLEMENTADAS | N87: NÚMERO DE ESTRATEGIAS | O87: 1 | P87: 2023 | Q87: Informe Secretaria de la Mujer Para la Equidad de Género y la Gestión Social 2023 | R87: 1 | S87: 4 | U87: =+T87/S87 -> 0 | W87: =+V87/S87 -> 0 | X87: {=IFERROR(INDEX(ejecuciones[Column1.ejecutado],MATCH(1,(ejecuciones[Column1.codigoIndicador]=A87)*(ejecuciones[periodo avance]="Marzo"),0)),0)} -> 0 | Y87: {=IFERROR(INDEX(ejecuciones[Column1.ejecutado],MATCH(1,(ejecuciones[Column1.codigoIndicador]=A87)*(ejecuciones[periodo avance]="Junio"),0)),0)} -> 0 | Z87: {=IFERROR(INDEX(ejecuciones[Column1.ejecutado],MATCH(1,(ejecuciones[Column1.codigoIndicador]=A87)*(ejecuciones[periodo avance]="Septiembre"),0)),0)} -> 0 | AA87: {=IFERROR(INDEX(ejecuciones[Column1.ejecutado],MATCH(1,(ejecuciones[Column1.codigoIndicador]=A87)*(ejecuciones[periodo avance]="Diciembre"),0)),0)} -> 0 | AB87: =+X87+Y87+Z87+AA87 -> 0 | AC87: =+AB87/S87 -> 0 | AD87: =V87+AB87 -> 0 | AE87: =+AB87/R87 -> 0 | AF87: =AD87/S87 -> 0 | AG87: {=IFERROR(INDEX(ejecuciones[Column1.presupuestoProyectado],MATCH(1,(ejecuciones[Column1.codigoIndicador]=A87)*(ejecuciones[Column1.fechaDiligenciamiento]=_xlfn.MAXIFS(ejecuciones[Column1.fechaDiligenciamiento],ejecuciones[Column1.codigoIndicador],A87)),0)),0)} -> 0 | AI87: {=IFERROR(INDEX(ejecuciones[Column1.presupuestoEjecutado],MATCH(1,(ejecuciones[Column1.codigoIndicador]=A87)*(ejecuciones[Column1.fechaDiligenciamiento]=_xlfn.MAXIFS(ejecuciones[Column1.fechaDiligenciamiento],ejecuciones[Column1.codigoIndicador],A87)),0)),0)} -> 0 | AJ87: =IFERROR(AI87/AG87,0) -> 0
A88: 87 | B88: SECRETARIA DE LA MUJER | C88: BOLIVAR ME ENAMORA CON JUSTICIA SOCIAL; CIERRE DE BRECHAS Y CALIDAD DE VIDA PARA TODOS | D88: BOLÍVAR ME ENAMORA EN EMPODERAMIENTO Y AUTONOMÍA DE LAS MUJERES BOLIVARENSES | E88: EMPODERAMIENTO Y AUTONOMÍA DE LAS MUJERES BOLIVARENSES | F88: 4502 | G88: FORTALECIMIENTO DEL BUEN GOBIERNO PARA EL RESPETO Y GARANTÍA DE LOS DERECHOS HUMANOS | H88: ATENCIÓN Y APOYO A LA MUJER | I88: 109 | J88: DESARROLLO DE UNA ESTRATEGIA DE PREVENCIÓN DE LA VIOLENCIAS CONTRA LAS MUJERES | K88: 4502034 | L88: SERVICIO DE EDUCACIÓN INFORMAL | M88: ESTRATEGIAS PARA LA TRANSFORMACIÓN DE IMAGINARIOS, REPRESENTACIONES Y ESTEREOTIPOS DE DISCRIMINACIÓN IMPLEMENTADAS | N88: NÚMERO DE PERSONAS | O88: 0 | P88: 2023 | Q88: Informe Secretaria de la Mujer Para la Equidad de Género y la Gestión Social 2023 | R88: 300 | S88: 1200 | U88: =+T88/S88 -> 0 | W88: =+V88/S88 -> 0 | X88: {=IFERROR(INDEX(ejecuciones[Column1.ejecutado],MATCH(1,(ejecuciones[Column1.codigoIndicador]=A88)*(ejecuciones[periodo avance]="Marzo"),0)),0)} -> 95 | Y88: {=IFERROR(INDEX(ejecuciones[Column1.ejecutado],MATCH(1,(ejecuciones[Column1.codigoIndicador]=A88)*(ejecuciones[periodo avance]="Junio"),0)),0)} -> 0 | Z88: {=IFERROR(INDEX(ejecuciones[Column1.ejecutado],MATCH(1,(ejecuciones[Column1.codigoIndicador]=A88)*(ejecuciones[periodo avance]="Septiembre"),0)),0)} -> 0 | AA88: {=IFERROR(INDEX(ejecuciones[Column1.ejecutado],MATCH(1,(ejecuciones[Column1.codigoIndicador]=A88)*(ejecuciones[periodo avance]="Diciembre"),0)),0)} -> 0 | AB88: =+X88+Y88+Z88+AA88 -> 95 | AC88: =+AB88/S88 -> 0.079166667 | AD88: =V88+AB88 -> 95 | AE88: =+AB88/R88 -> 0.31666667 | AF88: =AD88/S88 -> 0.079166667 | AG88: {=IFERROR(INDEX(ejecuciones[Column1.presupuestoProyectado],MATCH(1,(ejecuciones[Column1.codigoIndicador]=A88)*(ejecuciones[Column1.fechaDiligenciamiento]=_xlfn.MAXIFS(ejecuciones[Column1.fechaDiligenciamiento],ejecuciones[Column1.codigoIndicador],A88)),0)),0)} -> 0 | AI88: {=IFERROR(INDEX(ejecuciones[Column1.presupuestoEjecutado],MATCH(1,(ejecuciones[Column1.codigoIndicador]=A88)*(ejecuciones[Column1.fechaDiligenciamiento]=_xlfn.MAXIFS(ejecuciones[Column1.fechaDiligenciamiento],ejecuciones[Column1.codigoIndicador],A88)),0)),0)} -> 0 | AJ88: =IFERROR(AI88/AG88,0) -> 0
... A93: 92 | B93: SECRETARIA DE LA MUJER | C93: BOLIVAR ME ENAMORA CON JUSTICIA SOCIAL; CIERRE DE BRECHAS Y CALIDAD DE VIDA PARA TODOS | D93: BOLÍVAR ME ENAMORA EN EMPODERAMIENTO Y AUTONOMÍA DE LAS MUJERES BOLIVARENSES | E93: EMPODERAMIENTO Y AUTONOMÍA DE LAS MUJERES BOLIVARENSES | F93: 4502 | G93: FORTALECIMIENTO DEL BUEN GOBIERNO PARA EL RESPETO Y GARANTÍA DE LOS DERECHOS HUMANOS | H93: ATENCIÓN Y APOYO A LA MUJER | I93: 114 | J93: CREACIÓN DE UNA ESTRATEGIA PARA PROMOVER LA EQUIDAD DE GÉNERO | K93: 4502022 | L93: SERVICIO DE PROMOCIÓN DE LA GARANTÍA DE DERECHOS | M93: ESTRATEGIAS DE PROMOCIÓN DE LA GARANTÍA DE DERECHOS IMPLEMENTADAS | N93: NÚMERO DE ESTRATEGIAS | O93: 0 | P93: 2023 | Q93: Informe Secretaria de la Mujer Para la Equidad de Género y la Gestión Social 2023 | R93: 1 | S93: 1 | U93: =+T93/S93 -> 0 | W93: =+V93/S93 -> 0 | X93: {=IFERROR(INDEX(ejecuciones[Column1.ejecutado],MATCH(1,(ejecuciones[Column1.codigoIndicador]=A93)*(ejecuciones[periodo avance]="Marzo"),0)),0)} -> 0 | Y93: {=IFERROR(INDEX(ejecuciones[Column1.ejecutado],MATCH(1,(ejecuciones[Column1.codigoIndicador]=A93)*(ejecuciones[periodo avance]="Junio"),0)),0)} -> 0 | Z93: {=IFERROR(INDEX(ejecuciones[Column1.ejecutado],MATCH(1,(ejecuciones[Column1.codigoIndicador]=A93)*(ejecuciones[periodo avance]="Septiembre"),0)),0)} -> 0 | AA93: {=IFERROR(INDEX(ejecuciones[Column1.ejecutado],MATCH(1,(ejecuciones[Column1.codigoIndicador]=A93)*(ejecuciones[periodo avance]="Diciembre"),0)),0)} -> 0 | AB93: =+X93+Y93+Z93+AA93 -> 0 | AC93: =+AB93/S93 -> 0 | AD93: =V93+AB93 -> 0 | AE93: =+AB93/R93 -> 0 | AF93: =AD93/S93 -> 0 | AG93: {=IFERROR(INDEX(ejecuciones[Column1.presupuestoProyectado],MATCH(1,(ejecuciones[Column1.codigoIndicador]=A93)*(ejecuciones[Column1.fechaDiligenciamiento]=_xlfn.MAXIFS(ejecuciones[Column1.fechaDiligenciamiento],ejecuciones[Column1.codigoIndicador],A93)),0)),0)} -> 0 | AI93: {=IFERROR(INDEX(ejecuciones[Column1.presupuestoEjecutado],MATCH(1,(ejecuciones[Column1.codigoIndicador]=A93)*(ejecuciones[Column1.fechaDiligenciamiento]=_xlfn.MAXIFS(ejecuciones[Column1.fechaDiligenciamiento],ejecuciones[Column1.codigoIndicador],A93)),0)),0)} -> 0 | AJ93: =IFERROR(AI93/AG93,0) -> 0
A94: 93 | B94: SECRETARIA DE VÍCTIMAS Y RECONCILIACIÓN | C94: BOLIVAR ME ENAMORA CON PAZ Y ATENCION A VICTIMAS Y RECONCILIACION | D94: BOLÍVAR ME ENAMORA CON ATENCIÓN A VÍCTMAS | E94: ATENCIÓN, ASISTENCIA Y REPARACIÓN INTEGRAL A LAS VÍCTIMAS | F94: 4101 | G94: ATENCIÓN, ASISTENCIA Y REPARACIÓN INTEGRAL A LAS VÍCTIMAS | H94: ATENCIÓN A GRUPOS VULNERABLES - PROMOCIÓN SOCIAL | I94: 116 | J94: ATENCIÓN HUMANITARIA POR SUBSIDIARIEDAD | K94: 410102507 | L94: SERVICIO DE AYUDA Y ATENCIÓN HUMANITARIA | M94: RECURSOS DE ATENCIÓN HUMANITARIA POR SUBSIDIARIEDAD OTORGADOS | N94: PESOS | O94: 500000000 | P94: 2023 | Q94: SECT VICTIMAS | R94: 250000000 | S94: 1000000000 | U94: =+T94/S94 -> 0 | W94: =+V94/S94 -> 0 | X94: {=IFERROR(INDEX(ejecuciones[Column1.ejecutado],MATCH(1,(ejecuciones[Column1.codigoIndicador]=A94)*(ejecuciones[periodo avance]="Marzo"),0)),0)} -> 4 | Y94: {=IFERROR(INDEX(ejecuciones[Column1.ejecutado],MATCH(1,(ejecuciones[Column1.codigoIndicador]=A94)*(ejecuciones[periodo avance]="Junio"),0)),0)} -> 0 | Z94: {=IFERROR(INDEX(ejecuciones[Column1.ejecutado],MATCH(1,(ejecuciones[Column1.codigoIndicador]=A94)*(ejecuciones[periodo avance]="Septiembre"),0)),0)} -> 0 | AA94: {=IFERROR(INDEX(ejecuciones[Column1.ejecutado],MATCH(1,(ejecuciones[Column1.codigoIndicador]=A94)*(ejecuciones[periodo avance]="Diciembre"),0)),0)} -> 0 | AB94: =+X94+Y94+Z94+AA94 -> 4 | AC94: =+AB94/S94 -> 4e-09 | AD94: =V94+AB94 -> 4 | AE94: =+AB94/R94 -> 1.6e-08 | AF94: =AD94/S94 -> 4e-09 | AG94: {=IFERROR(INDEX(ejecuciones[Column1.presupuestoProyectado],MATCH(1,(ejecuciones[Column1.codigoIndicador]=A94)*(ejecuciones[Column1.fechaDiligenciamiento]=_xlfn.MAXIFS(ejecuciones[Column1.fechaDiligenciamiento],ejecuciones[Column1.codigoIndicador],A94)),0)),0)} -> 250000000 | AI94: {=IFERROR(INDEX(ejecuciones[Column1.presupuestoEjecutado],MATCH(1,(ejecuciones[Column1.codigoIndicador]=A94)*(ejecuciones[Column1.fechaDiligenciamiento]=_xlfn.MAXIFS(ejecuciones[Column1.fechaDiligenciamiento],ejecuciones[Column1.codigoIndicador],A94)),0)),0)} -> 10000000 | AJ94: =IFERROR(AI94/AG94,0) -> 0.04
A95: 94 | B95: SECRETARIA DE VÍCTIMAS Y RECONCILIACIÓN | C95: BOLIVAR ME ENAMORA CON PAZ Y ATENCION A VICTIMAS Y RECONCILIACION | D95: BOLÍVAR ME ENAMORA CON ATENCIÓN A VÍCTMAS | E95: ATENCIÓN, ASISTENCIA Y REPARACIÓN INTEGRAL A LAS VÍCTIMAS | F95: 4101 | G95: ATENCIÓN, ASISTENCIA Y REPARACIÓN INTEGRAL A LAS VÍCTIMAS | H95: EQUIPAMENTO | I95: 117 | J95: DOTACIÓN DE ALBERGUE TEMPORAL A LAS VÍCTIMAS QUE SOLICITEN | K95: 4101082 | L95: EDIFICACIONES PARA ALOJAMIENTO TEMPORAL DE VÍCTIMAS DESPLAZADAS POR EL CONFLICTO CONSTRUIDAS Y DOTADAS | M95: INFRAESTRUCTURA PARA ALOJAMIENTO TEMPORAL DE VÍCTIMAS DESPLAZADAS POR EL CONFLICTO CONSTRUIDAS Y DOTADAS | N95: NUMERO | O95: 2 | P95: 2023 | Q95: UARIV | R95: 1 | S95: 2 | U95: =+T95/S95 -> 0 | W95: =+V95/S95 -> 0 | X95: {=IFERROR(INDEX(ejecuciones[Column1.ejecutado],MATCH(1,(ejecuciones[Column1.codigoIndicador]=A95)*(ejecuciones[periodo avance]="Marzo"),0)),0)} -> 0 | Y95: {=IFERROR(INDEX(ejecuciones[Column1.ejecutado],MATCH(1,(ejecuciones[Column1.codigoIndicador]=A95)*(ejecuciones[periodo avance]="Junio"),0)),0)} -> 0 | Z95: {=IFERROR(INDEX(ejecuciones[Column1.ejecutado],MATCH(1,(ejecuciones[Column1.codigoIndicador]=A95)*(ejecuciones[periodo avance]="Septiembre"),0)),0)} -> 0 | AA95: {=IFERROR(INDEX(ejecuciones[Column1.ejecutado],MATCH(1,(ejecuciones[Column1.codigoIndicador]=A95)*(ejecuciones[periodo avance]="Diciembre"),0)),0)} -> 0 | AB95: =+X95+Y95+Z95+AA95 -> 0 | AC95: =+AB95/S95 -> 0 | AD95: =V95+AB95 -> 0 | AE95: =+AB95/R95 -> 0 | AF95: =AD95/S95 -> 0 | AG95: {=IFERROR(INDEX(ejecuciones[Column1.presupuestoProyectado],MATCH(1,(ejecuciones[Column1.codigoIndicador]=A95)*(ejecuciones[Column1.fechaDiligenciamiento]=_xlfn.MAXIFS(ejecuciones[Column1.fechaDiligenciamiento],ejecuciones[Column1.codigoIndicador],A95)),0)),0)} -> 10000000 | AI95: {=IFERROR(INDEX(ejecuciones[Column1.presupuestoEjecutado],MATCH(1,(ejecuciones[Column1.codigoIndicador]=A95)*(ejecuciones[Column1.fechaDiligenciamiento]=_xlfn.MAXIFS(ejecuciones[Column1.fechaDiligenciamiento],ejecuciones[Column1.codigoIndicador],A95)),0)),0)} -> 0 | AJ95: =IFERROR(AI95/AG95,0) -> 0
A96: 95 | B96: SECRETARÍA DEL INTERIOR Y ASUNTOS GUBERNAMENTALES | C96: BOLIVAR ME ENAMORA CON PAZ Y ATENCION A VICTIMAS Y RECONCILIACION | D96: BOLÍVAR ME ENAMORA CON ATENCIÓN A VÍCTMAS | E96: ATENCIÓN, ASISTENCIA Y REPARACIÓN INTEGRAL A LAS VÍCTIMAS | F96: 4101 | G96: ATENCIÓN, ASISTENCIA Y REPARACIÓN INTEGRAL A LAS VÍCTIMAS | H96: ATENCIÓN A GRUPOS VULNERABLES - PROMOCIÓN SOCIAL | I96: 118 | J96: ASISTENCIA FUNERARIA | K96: 4101027 | L96: SERVICIO DE ASISTENCIA FUNERARIA | M96: HOGARES SUBSIDIADOS EN ASISTENCIA FUNERARIA | N96: NUMERO | O96: 0 | P96: 2023 | Q96: SECT VICTIMAS | R96: 1 | S96: 4 | U96: =+T96/S96 -> 0 | W96: =+V96/S96 -> 0 | X96: {=IFERROR(INDEX(ejecuciones[Column1.ejecutado],MATCH(1,(ejecuciones[Column1.codigoIndicador]=A96)*(ejecuciones[periodo avance]="Marzo"),0)),0)} -> 0 | Y96: {=IFERROR(INDEX(ejecuciones[Column1.ejecutado],MATCH(1,(ejecuciones[Column1.codigoIndicador]=A96)*(ejecuciones[periodo avance]="Junio"),0)),0)} -> 0 | Z96: {=IFERROR(INDEX(ejecuciones[Column1.ejecutado],MATCH(1,(ejecuciones[Column1.codigoIndicador]=A96)*(ejecuciones[periodo avance]="Septiembre"),0)),0)} -> 0 | AA96: {=IFERROR(INDEX(ejecuciones[Column1.ejecutado],MATCH(1,(ejecuciones[Column1.codigoIndicador]=A96)*(ejecuciones[periodo avance]="Diciembre"),0)),0)} -> 0 | AB96: =+X96+Y96+Z96+AA96 -> 0 | AC96: =+AB96/S96 -> 0 | AD96: =V96+AB96 -> 0 | AE96: =+AB96/R96 -> 0 | AF96: =AD96/S96 -> 0 | AG96: {=IFERROR(INDEX(ejecuciones[Column1.presupuestoProyectado],MATCH(1,(ejecuciones[Column1.codigoIndicador]=A96)*(ejecuciones[Column1.fechaDiligenciamiento]=_xlfn.MAXIFS(ejecuciones[Column1.fechaDiligenciamiento],ejecuciones[Column1.codigoIndicador],A96)),0)),0)} -> 0 | AI96: {=IFERROR(INDEX(ejecuciones[Column1.presupuestoEjecutado],MATCH(1,(ejecuciones[Column1.codigoIndicador]=A96)*(ejecuciones[Column1.fechaDiligenciamiento]=_xlfn.MAXIFS(ejecuciones[Column1.fechaDiligenciamiento],ejecuciones[Column1.codigoIndicador],A96)),0)),0)} -> 0 | AJ96: =IFERROR(AI96/AG96,0) -> 0
A97: 96 | B97: SECRETARIA DE VÍCTIMAS Y RECONCILIACIÓN | C97: BOLIVAR ME ENAMORA CON PAZ Y ATENCION A VICTIMAS Y RECONCILIACION | D97: BOLÍVAR ME ENAMORA CON ATENCIÓN A VÍCTMAS | E97: JUSTICIA TRANSICIONAL | F97: 1204 | G97: JUSTICIA TRANSICIONAL | H97: ATENCIÓN A GRUPOS VULNERABLES - PROMOCIÓN SOCIAL | I97: 119 | J97: JORNADAS DE ATENCIÓN Y ASISTENCIA ITINERANTE TRANSFORMADORAS DEL TERRITORIO | K97: 1204016 | L97: SERVICIO ITINERANTE DE OFERTA INTERINSTITUCIONAL EN MATERIA DE JUSTICIA TRANSICIONAL | M97: JORNADAS MÓVILES DE ATENCIÓN, ORIENTACIÓN Y ACCESO A LA JUSTICIA A LAS VÍCTIMAS DEL CONFLICTO ARMADO REALIZADAS | N97: NUMERO | O97: 60 | P97: 2023 | Q97: SECT VICTIMAS | R97: 15 | S97: 60 | U97: =+T97/S97 -> 0 | W97: =+V97/S97 -> 0 | X97: {=IFERROR(INDEX(ejecuciones[Column1.ejecutado],MATCH(1,(ejecuciones[Column1.codigoIndicador]=A97)*(ejecuciones[periodo avance]="Marzo"),0)),0)} -> 2 | Y97: {=IFERROR(INDEX(ejecuciones[Column1.ejecutado],MATCH(1,(ejecuciones[Column1.codigoIndicador]=A97)*(ejecuciones[periodo avance]="Junio"),0)),0)} -> 7 | Z97: {=IFERROR(INDEX(ejecuciones[Column1.ejecutado],MATCH(1,(ejecuciones[Column1.codigoIndicador]=A97)*(ejecuciones[periodo avance]="Septiembre"),0)),0)} -> 0 | AA97: {=IFERROR(INDEX(ejecuciones[Column1.ejecutado],MATCH(1,(ejecuciones[Column1.codigoIndicador]=A97)*(ejecuciones[periodo avance]="Diciembre"),0)),0)} -> 0 | AB97: =+X97+Y97+Z97+AA97 -> 9 | AC97: =+AB97/S97 -> 0.15 | AD97: =V97+AB97 -> 9 | AE97: =+AB97/R97 -> 0.6 | AF97: =AD97/S97 -> 0.15 | AG97: {=IFERROR(INDEX(ejecuciones[Column1.presupuestoProyectado],MATCH(1,(ejecuciones[Column1.codigoIndicador]=A97)*(ejecuciones[Column1.fechaDiligenciamiento]=_xlfn.MAXIFS(ejecuciones[Column1.fechaDiligenciamiento],ejecuciones[Column1.codigoIndicador],A97)),0)),0)} -> 200000000 | AI97: {=IFERROR(INDEX(ejecuciones[Column1.presupuestoEjecutado],MATCH(1,(ejecuciones[Column1.codigoIndicador]=A97)*(ejecuciones[Column1.fechaDiligenciamiento]=_xlfn.MAXIFS(ejecuciones[Column1.fechaDiligenciamiento],ejecuciones[Column1.codigoIndicador],A97)),0)),0)} -> 80000000 | AJ97: =IFERROR(AI97/AG97,0) -> 0.4
A98: 97 | B98: SECRETARÍA DE INFRAESTRUCTURA | C98: BOLIVAR ME ENAMORA CON PAZ Y ATENCION A VICTIMAS Y RECONCILIACION | D98: BOLÍVAR ME ENAMORA CON ATENCIÓN A VÍCTMAS | E98: ATENCIÓN, ASISTENCIA Y REPARACIÓN INTEGRAL A LAS VÍCTIMAS | F98: 4101 | G98: ATENCIÓN, ASISTENCIA Y REPARACIÓN INTEGRAL A LAS VÍCTIMAS | H98: ATENCIÓN A GRUPOS VULNERABLES - PROMOCIÓN SOCIAL | I98: 122 | J98: MEJORAMIENTO Y/O COSTRUCCIÓN DE PUNTOS DE ATENCIÓN A VÍCTIMAS Y/O CENTRO REGIONAL DE ATENCIÓN A VÍCTIMAS | K98: 4101018 | L98: CENTROS REGIONALES O PUNTOS DE ATENCIÓN A VÍCTIMAS DOTADOS | M98: PUNTOS DE ATENCIÓN A VÍCTIMAS DOTADOS | N98: NUMERO | O98: 0 | P98: 2023 | Q98: SECT VICTIMAS | R98: 1 | S98: 4 | U98: =+T98/S98 -> 0 | W98: =+V98/S98 -> 0 | X98: {=IFERROR(INDEX(ejecuciones[Column1.ejecutado],MATCH(1,(ejecuciones[Column1.codigoIndicador]=A98)*(ejecuciones[periodo avance]="Marzo"),0)),0)} -> 0 | Y98: {=IFERROR(INDEX(ejecuciones[Column1.ejecutado],MATCH(1,(ejecuciones[Column1.codigoIndicador]=A98)*(ejecuciones[periodo avance]="Junio"),0)),0)} -> 1 | Z98: {=IFERROR(INDEX(ejecuciones[Column1.ejecutado],MATCH(1,(ejecuciones[Column1.codigoIndicador]=A98)*(ejecuciones[periodo avance]="Septiembre"),0)),0)} -> 0 | AA98: {=IFERROR(INDEX(ejecuciones[Column1.ejecutado],MATCH(1,(ejecuciones[Column1.codigoIndicador]=A98)*(ejecuciones[periodo avance]="Diciembre"),0)),0)} -> 0 | AB98: =+X98+Y98+Z98+AA98 -> 1 | AC98: =+AB98/S98 -> 0.25 | AD98: =V98+AB98 -> 1 | AE98: =+AB98/R98 -> 1 | AF98: =AD98/S98 -> 0.25 | AG98: {=IFERROR(INDEX(ejecuciones[Column1.presupuestoProyectado],MATCH(1,(ejecuciones[Column1.codigoIndicador]=A98)*(ejecuciones[Column1.fechaDiligenciamiento]=_xlfn.MAXIFS(ejecuciones[Column1.fechaDiligenciamiento],ejecuciones[Column1.codigoIndicador],A98)),0)),0)} -> 0 | AI98: {=IFERROR(INDEX(ejecuciones[Column1.presupuestoEjecutado],MATCH(1,(ejecuciones[Column1.codigoIndicador]=A98)*(ejecuciones[Column1.fechaDiligenciamiento]=_xlfn.MAXIFS(ejecuciones[Column1.fechaDiligenciamiento],ejecuciones[Column1.codigoIndicador],A98)),0)),0)} -> 704887797 | AJ98: =IFERROR(AI98/AG98,0) -> 0
